Workbook
Name afadrei: Investitionsplan!$H$44
Name afaeins: Investitionsplan!$D$44
Name afavier: Investitionsplan!$J$44
Name afazwei: Investitionsplan!$F$44
Name gj: 'Notwendige Angaben'!$A$13
Name gwg: Parameter!$A$19
Name gwgeins: Investitionsplan!$D$26
Name kapges: 'Notwendige Angaben'!$A$19
Name Monat: 'Notwendige Angaben'!$A$11
Name rechnung: 'Notwendige Angaben'!$A$15
Name USt: Parameter!$B$9
Name USt1neu: Parameter!$A$9
Name USteins: Parameter!$A$9
Name USterm: Parameter!$B$10
Name UStermeins: Parameter!$A$10
Name VSt: Parameter!$B$11
Name VSteins: Parameter!$A$11
Name VSterm: Parameter!$B$12
Name VStermeins: Parameter!$A$12
Name VStWE: Parameter!$B$13
Name VStWEeins: Parameter!$A$13

Sheet Notwendige Angaben
A1: Sehr geehrte Gründerin, sehr geehrter Gründer,
A3: vielen Dank, dass Sie das Finanztool der IHK Köln benutzen! Es folgen Informationen sowie Zellen, bei denen Sie notwendige Angaben einfügen müssen, damit das Finanztool richtig rechnen kann:
A4: Hinweis: Keine Sorge, das Finanztool sieht auf den ersten Blick komplexer aus, als es ist. Gehen Sie einfach Schritt für Schritt und Reiter für Reiter durch – dann wird alles schnell klar. Und falls unterwegs Fragen auftauchen, melden Sie sich gerne per E-Mail oder rufen Sie uns an. Wir helfen gern weiter! Wenn Sie nicht im Januar gründen, beginnen Sie bitte mit Ihren Eintragungen im ersten Jahr mit dem Monat, in dem Sie starten möchten. Insgesamt stehen vier Jahre als Planungshorizont zur Verfügung, davon sollten mindestens zwei Jahre monatsgenau geplant werden. Tragen Sie Ihren Startmonat zudem in das Eingabefeld (Zeile 11) ein.
B6: Zellen, in die Sie Werte eintragen können, sind grün gekennzeichnet. Alle anderen Zellen sind schreibgeschützt.
B8: Einige Zellen haben wir mit Erläuterungen versehen - diese erkennen Sie an dem roten Dreieck rechts oben. Sie können sie lesen, wenn Sie mit dem Mauszeiger auf die entsprechende Zelle gehen.
A10: Außerdem bitten wir Sie um einige Angaben, damit das Finanztool und die Formeln richtig funktionieren:
B11: Ihr erster Gründungsmonat: Bitte geben Sie "1" ein für Januar, "2" für Februar usw. Beginnen Sie Ihre Einträge in der Tabelle bitte auch im entsprechenden Monat. Bitte lassen Sie dieses Feld nicht leer!
A13: 2026 | B13: Ihr Gründungsjahr: bitte ändern, falls abweichend.
B15: Wenn Sie gegen Rechnung liefern oder leisten, tragen Sie hier bitte ein "x" ein - der Zahlungseingang wird dann im nächsten Monat berücksichtigt. Bei Zug-um-Zug-Geschäften (Barzahlung, Vorkasse, Lastschrift o.ä.) lassen Sie das Feld bitte leer. Beispiel (Leer lassen): Sie sind Eisverkäufer. Der Kunde erhält das Eis zur gleichen Zeit, wie Sie das Geld. Beispiel (X eintragen): Sie sind Unternehmensberater. Sie beraten Kunden, diese erhalten Rechungen und zahlen nächsten Monat.
B17: Wenn Sie Umsatzsteuer in Rechnung stellen werden, tragen Sie hier bitte ein "x" ein, sonst lassen Sie das Feld bitte leer. Die Zeilen 3 und 4 in den Reitern "Rentabilitätsplan" und "Liquiditätsplan" passen sich entsprechenden Umständen automatisch an.
B19: Wenn Sie eine Kapitalgesellschaft (AG, GmbH, UG (haftungsbeschränkt) gründen, tragen Sie hier bitte ein "x" ein, sonst lassen Sie das Feld bitte leer. Hinweis: Denken Sie daran, dass bei der UG 25% des Gewinns bis zur Summe von 25.000€ angespart werden muss und das Stammkapital bei der GmbH nicht für private Zwecke ausgeschüttet werden darf.
A21: Wir stellen Ihnen hiermit unentgeltlich eine passwortgeschützte Datei in Excel zum Download zur Verfügung. Alle Änderungen daran,
A22: inbesondere Passwortaufhebung, Seiteneinrichtung und Konvertierungen in andere Formate erfolgen auf eigenes Risiko.
A23: Wenn Sie Fragen, Wünsche oder andere Anliegen haben oder uns einfach mitteilen möchten, was Ihnen noch fehlt, schreiben Sie uns unter:
A24: finanztool@koeln.ihk.de
A25: Bei Ihrem Vorhaben wünschen wir Ihnen viel Erfolg!
A27: Industrie- und Handelskammer zu Köln
A28: Ihr Team Beratung und Service

Sheet Privater Finanzbedarf
A1: Hinweis: Falls Sie den Gründungszuschuss beantragen und alleine gründen, wird der Beitrag im Reiter „Liquiditätsplan“ in Zeile 59 eingetragen. | C1: Gründungsperson 1 | H1: Gründungsperson 2 | M1: Gründungsperson 3
C2: =+gj -> 2026 | D2: =+gj+1 -> 2027 | E2: =+gj+2 -> 2028 | F2: =+gj+3 -> 2029 | H2: =+gj -> 2026 | I2: =+gj+1 -> 2027 | J2: =+gj+2 -> 2028 | K2: =+gj+3 -> 2029 | M2: =+gj -> 2026 | N2: =+gj+1 -> 2027 | O2: =+gj+2 -> 2028 | P2: =+gj+3 -> 2029
C3: monatlich | D3: monatlich | E3: monatlich | F3: monatlich | H3: monatlich | I3: monatlich | J3: monatlich | K3: monatlich | M3: monatlich | N3: monatlich | O3: monatlich | P3: monatlich
A4: Private Einnahmen (außerhalb der Selbstständigkeit)
A5: Kindergeld
A6: Erziehungsgeld
A7: Unterhaltsanspruch
A8: Einkommen aus Vermietung und Verpachtung
A9: Einkommen aus Kapitalvermögen
A10: Sonstige Einkünfte
A15: Summe der privaten Einnahmen | C15: =SUM(C5:C14) -> 0 | D15: =SUM(D5:D14) -> 0 | E15: =SUM(E5:E14) -> 0 | F15: =SUM(F5:F14) -> 0 | H15: =SUM(H5:H14) -> 0 | I15: =SUM(I5:I14) -> 0 | J15: =SUM(J5:J14) -> 0 | K15: =SUM(K5:K14) -> 0 | M15: =SUM(M5:M14) -> 0 | N15: =SUM(N5:N14) -> 0 | O15: =SUM(O5:O14) -> 0 | P15: =SUM(P5:P14) -> 0
A17: Hinweis: Falls Sie mit einem Partner zusammen leben, können Sie entweder in den Zeilen 11 bis 14 das Gehalt vom Partner angeben oder Ihre Miet- und Haushaltskosten in den Zeilen 18 bis 26 mit 50% angeben.
A18: Private Ausgaben
A19: Private Miete (einschließlich Nebenkosten)
A20: Krankenversicherung
A21: Rentenversicherung/Altersvorsorge
A22: Sonstige Versicherungen
A23: Zinsen und Tilgung privater Darlehen
A24: Rücklagen für Einkommensteuer
A25: Rücklagen für Neuanschaffungen
A26: Unterhaltsverpflichtung
A27: Lebensunterhalt 1)
A28: Summe der privaten Ausgaben | C28: =SUM(C19:C27) -> 0 | D28: =SUM(D19:D27) -> 0 | E28: =SUM(E19:E27) -> 0 | F28: =SUM(F19:F27) -> 0 | H28: =SUM(H19:H27) -> 0 | I28: =SUM(I19:I27) -> 0 | J28: =SUM(J19:J27) -> 0 | K28: =SUM(K19:K27) -> 0 | M28: =SUM(M19:M27) -> 0 | N28: =SUM(N19:N27) -> 0 | O28: =SUM(O19:O27) -> 0 | P28: =SUM(P19:P27) -> 0
A30: Privater Finanzbedarf = erforderlicher Unternehmerlohn | C30: =-C15+C28 -> 0 | D30: =-D15+D28 -> 0 | E30: =-E15+E28 -> 0 | F30: =-F15+F28 -> 0 | H30: =-H15+H28 -> 0 | I30: =-I15+I28 -> 0 | J30: =-J15+J28 -> 0 | K30: =-K15+K28 -> 0 | M30: =-M15+M28 -> 0 | N30: =-N15+N28 -> 0 | O30: =-O15+O28 -> 0 | P30: =-P15+P28 -> 0
A32: Summe aller privaten Finanzbedarfe für den Liquiditätsplan | C32: =SUM(C30+H30+M30) -> 0 | D32: =SUM(D30+I30+N30) -> 0 | E32: =SUM(E30+J30+O30) -> 0 | F32: =SUM(F30+K30+P30) -> 0
A33: 1) Richtwerte - ohne Miete, Versicherungen, Kosten privater Darlehen, Steuern, Rücklagen und Unterhaltsverpflichtungen (s.o.)
A34: 900 EUR | B34: 1 Erwachsener
A35: 1.025 EUR | B35: 2 Erwachsene
A36: 235 EUR | B36: je Kind
A38: Hier finden Sie einen Link zu durchschnittlichen Lebenshaltungskosten:
A39: Konsumausgaben - Lebenshaltungskosten

Sheet Investitionsplan
A1: Anschaffungen im Gründungsjahr | B1: betriebs-gewöhnliche Nutzungsdauer | C1: =+gj -> 2026 | E1: =+gj+1 -> 2027 | G1: =+gj+2 -> 2028 | I1: =+gj+3 -> 2029
C2: =IF('Notwendige Angaben'!A17="x","Anschaffungs-kosten (netto)","Anschaffungs-kosten (brutto)") -> Anschaffungs-kosten (brutto) | D2: AfA (Absetzung für Abnutzung, Abschreibung) | E2: =+C2 -> Anschaffungs-kosten (brutto) | F2: AfA (Absetzung für Abnutzung, Abschreibung) | G2: =+C2 -> Anschaffungs-kosten (brutto) | H2: AfA (Absetzung für Abnutzung, Abschreibung) | I2: =+C2 -> Anschaffungs-kosten (brutto) | J2: AfA (Absetzung für Abnutzung, Abschreibung)
A3: Investitionen (Anschaffungskosten höher als 800 EUR netto)
D4: =ROUND(IF($B4=0,0,C4/$B4/12*(12+1-Monat)),0) -> 0 | F4: =ROUND(IF(B4=0,0,IF(AND(C4=0,E4=0),0,(C4+E4)/B4)),0) -> 0 | H4: =IF(B4=0,0,ROUND(IF(AND($C4=0,$E4=0,$G4=0),0,($C4+$E4+$G4)/$B4),0)) -> 0 | J4: =IF(B4=0,0,ROUND(IF(AND($C4=0,$E4=0,$G4=0,$I4=0),0,IF(AND(B4=3,Monat>=1),+$C4/$B4-$D4,($C4+$E4+$G4+$I4)/$B4)),0)) -> 0
D5: =ROUND(IF($B5=0,0,C5/$B5/12*(12+1-Monat)),0) -> 0 | F5: =ROUND(IF(B5=0,0,IF(AND(C5=0,E5=0),0,(C5+E5)/B5)),0) -> 0 | H5: =IF(B5=0,0,ROUND(IF(AND($C5=0,$E5=0,$G5=0),0,($C5+$E5+$G5)/$B5),0)) -> 0 | J5: =IF(B5=0,0,ROUND(IF(AND($C5=0,$E5=0,$G5=0,$I5=0),0,IF(AND(B5=3,Monat>=1),+$C5/$B5-$D5,($C5+$E5+$G5+$I5)/$B5)),0)) -> 0
D6: =ROUND(IF($B6=0,0,C6/$B6/12*(12+1-Monat)),0) -> 0 | F6: =ROUND(IF(B6=0,0,IF(AND(C6=0,E6=0),0,(C6+E6)/B6)),0) -> 0 | H6: =IF(B6=0,0,ROUND(IF(AND($C6=0,$E6=0,$G6=0),0,($C6+$E6+$G6)/$B6),0)) -> 0 | J6: =IF(B6=0,0,ROUND(IF(AND($C6=0,$E6=0,$G6=0,$I6=0),0,IF(AND(B6=3,Monat>=1),+$C6/$B6-$D6,($C6+$E6+$G6+$I6)/$B6)),0)) -> 0
D7: =ROUND(IF($B7=0,0,C7/$B7/12*(12+1-Monat)),0) -> 0 | F7: =ROUND(IF(B7=0,0,IF(AND(C7=0,E7=0),0,(C7+E7)/B7)),0) -> 0 | H7: =IF(B7=0,0,ROUND(IF(AND($C7=0,$E7=0,$G7=0),0,($C7+$E7+$G7)/$B7),0)) -> 0 | J7: =IF(B7=0,0,ROUND(IF(AND($C7=0,$E7=0,$G7=0,$I7=0),0,IF(AND(B7=3,Monat>=1),+$C7/$B7-$D7,($C7+$E7+$G7+$I7)/$B7)),0)) -> 0
D8: =ROUND(IF($B8=0,0,C8/$B8/12*(12+1-Monat)),0) -> 0 | F8: =ROUND(IF(B8=0,0,IF(AND(C8=0,E8=0),0,(C8+E8)/B8)),0) -> 0 | H8: =IF(B8=0,0,ROUND(IF(AND($C8=0,$E8=0,$G8=0),0,($C8+$E8+$G8)/$B8),0)) -> 0 | J8: =IF(B8=0,0,ROUND(IF(AND($C8=0,$E8=0,$G8=0,$I8=0),0,IF(AND(B8=3,Monat>=1),+$C8/$B8-$D8,($C8+$E8+$G8+$I8)/$B8)),0)) -> 0
D9: =ROUND(IF($B9=0,0,C9/$B9/12*(12+1-Monat)),0) -> 0 | F9: =ROUND(IF(B9=0,0,IF(AND(C9=0,E9=0),0,(C9+E9)/B9)),0) -> 0 | H9: =IF(B9=0,0,ROUND(IF(AND($C9=0,$E9=0,$G9=0),0,($C9+$E9+$G9)/$B9),0)) -> 0 | J9: =IF(B9=0,0,ROUND(IF(AND($C9=0,$E9=0,$G9=0,$I9=0),0,IF(AND(B9=3,Monat>=1),+$C9/$B9-$D9,($C9+$E9+$G9+$I9)/$B9)),0)) -> 0
D10: =ROUND(IF($B10=0,0,C10/$B10/12*(12+1-Monat)),0) -> 0 | F10: =ROUND(IF(B10=0,0,IF(AND(C10=0,E10=0),0,(C10+E10)/B10)),0) -> 0 | H10: =IF(B10=0,0,ROUND(IF(AND($C10=0,$E10=0,$G10=0),0,($C10+$E10+$G10)/$B10),0)) -> 0 | J10: =IF(B10=0,0,ROUND(IF(AND($C10=0,$E10=0,$G10=0,$I10=0),0,IF(AND(B10=3,Monat>=1),+$C10/$B10-$D10,($C10+$E10+$G10+$I10)/$B10)),0)) -> 0
D11: =ROUND(IF($B11=0,0,C11/$B11/12*(12+1-Monat)),0) -> 0 | F11: =ROUND(IF(B11=0,0,IF(AND(C11=0,E11=0),0,(C11+E11)/B11)),0) -> 0 | H11: =IF(B11=0,0,ROUND(IF(AND($C11=0,$E11=0,$G11=0),0,($C11+$E11+$G11)/$B11),0)) -> 0 | J11: =IF(B11=0,0,ROUND(IF(AND($C11=0,$E11=0,$G11=0,$I11=0),0,IF(AND(B11=3,Monat>=1),+$C11/$B11-$D11,($C11+$E11+$G11+$I11)/$B11)),0)) -> 0
D12: =ROUND(IF($B12=0,0,C12/$B12/12*(12+1-Monat)),0) -> 0 | F12: =ROUND(IF(B12=0,0,IF(AND(C12=0,E12=0),0,(C12+E12)/B12)),0) -> 0 | H12: =IF(B12=0,0,ROUND(IF(AND($C12=0,$E12=0,$G12=0),0,($C12+$E12+$G12)/$B12),0)) -> 0 | J12: =IF(B12=0,0,ROUND(IF(AND($C12=0,$E12=0,$G12=0,$I12=0),0,IF(AND(B12=3,Monat>=1),+$C12/$B12-$D12,($C12+$E12+$G12+$I12)/$B12)),0)) -> 0
C13: =SUM(C4:C12) -> 0 | D13: =SUM(D4:D12) -> 0 | E13: =SUM(E4:E12) -> 0 | F13: =SUM(F4:F12) -> 0 | G13: =SUM(G4:G12) -> 0 | H13: =SUM(H4:H12) -> 0 | I13: =SUM(I4:I12) -> 0 | J13: =SUM(J4:J12) -> 0
A14: Geringwertige Wirtschaftsgüter (Anschaffungskosten bis 800 EUR netto)
D15: =IF(C15=0,0,IF(+C15>gwg,"Anschaffungskosten zu hoch für ein Geringwertiges Wirtschaftsgut - Ansatz unter Investitionen",C15)) -> 0 | F15: =IF(E15=0,0,IF(+E15>gwg,"Anschaffungskosten zu hoch für ein Geringwertiges Wirtschaftsgut - Ansatz unter Investitionen",E15)) -> 0 | H15: =IF(G15=0,0,IF(+G15>gwg,"Anschaffungskosten zu hoch für ein Geringwertiges Wirtschaftsgut - Ansatz unter Investitionen",G15)) -> 0 | J15: =IF(I15=0,0,IF(+I15>gwg,"Anschaffungskosten zu hoch für ein Geringwertiges Wirtschaftsgut - Ansatz unter Investitionen",I15)) -> 0
D16: =IF(C16=0,0,IF(+C16>gwg,"Anschaffungskosten zu hoch für ein Geringwertiges Wirtschaftsgut - Ansatz unter Investitionen",C16)) -> 0 | F16: =IF(E16=0,0,IF(+E16>gwg,"Anschaffungskosten zu hoch für ein Geringwertiges Wirtschaftsgut - Ansatz unter Investitionen",E16)) -> 0 | H16: =IF(G16=0,0,IF(+G16>gwg,"Anschaffungskosten zu hoch für ein Geringwertiges Wirtschaftsgut - Ansatz unter Investitionen",G16)) -> 0 | J16: =IF(I16=0,0,IF(+I16>gwg,"Anschaffungskosten zu hoch für ein Geringwertiges Wirtschaftsgut - Ansatz unter Investitionen",I16)) -> 0
D17: =IF(C17=0,0,IF(+C17>gwg,"Anschaffungskosten zu hoch für ein Geringwertiges Wirtschaftsgut - Ansatz unter Investitionen",C17)) -> 0 | F17: =IF(E17=0,0,IF(+E17>gwg,"Anschaffungskosten zu hoch für ein Geringwertiges Wirtschaftsgut - Ansatz unter Investitionen",E17)) -> 0 | H17: =IF(G17=0,0,IF(+G17>gwg,"Anschaffungskosten zu hoch für ein Geringwertiges Wirtschaftsgut - Ansatz unter Investitionen",G17)) -> 0 | J17: =IF(I17=0,0,IF(+I17>gwg,"Anschaffungskosten zu hoch für ein Geringwertiges Wirtschaftsgut - Ansatz unter Investitionen",I17)) -> 0
D18: =IF(C18=0,0,IF(+C18>gwg,"Anschaffungskosten zu hoch für ein Geringwertiges Wirtschaftsgut - Ansatz unter Investitionen",C18)) -> 0 | F18: =IF(E18=0,0,IF(+E18>gwg,"Anschaffungskosten zu hoch für ein Geringwertiges Wirtschaftsgut - Ansatz unter Investitionen",E18)) -> 0 | H18: =IF(G18=0,0,IF(+G18>gwg,"Anschaffungskosten zu hoch für ein Geringwertiges Wirtschaftsgut - Ansatz unter Investitionen",G18)) -> 0 | J18: =IF(I18=0,0,IF(+I18>gwg,"Anschaffungskosten zu hoch für ein Geringwertiges Wirtschaftsgut - Ansatz unter Investitionen",I18)) -> 0
D19: =IF(C19=0,0,IF(+C19>gwg,"Anschaffungskosten zu hoch für ein Geringwertiges Wirtschaftsgut - Ansatz unter Investitionen",C19)) -> 0 | F19: =IF(E19=0,0,IF(+E19>gwg,"Anschaffungskosten zu hoch für ein Geringwertiges Wirtschaftsgut - Ansatz unter Investitionen",E19)) -> 0 | H19: =IF(G19=0,0,IF(+G19>gwg,"Anschaffungskosten zu hoch für ein Geringwertiges Wirtschaftsgut - Ansatz unter Investitionen",G19)) -> 0 | J19: =IF(I19=0,0,IF(+I19>gwg,"Anschaffungskosten zu hoch für ein Geringwertiges Wirtschaftsgut - Ansatz unter Investitionen",I19)) -> 0
D20: =IF(C20=0,0,IF(+C20>gwg,"Anschaffungskosten zu hoch für ein Geringwertiges Wirtschaftsgut - Ansatz unter Investitionen",C20)) -> 0 | F20: =IF(E20=0,0,IF(+E20>gwg,"Anschaffungskosten zu hoch für ein Geringwertiges Wirtschaftsgut - Ansatz unter Investitionen",E20)) -> 0 | H20: =IF(G20=0,0,IF(+G20>gwg,"Anschaffungskosten zu hoch für ein Geringwertiges Wirtschaftsgut - Ansatz unter Investitionen",G20)) -> 0 | J20: =IF(I20=0,0,IF(+I20>gwg,"Anschaffungskosten zu hoch für ein Geringwertiges Wirtschaftsgut - Ansatz unter Investitionen",I20)) -> 0
D21: =IF(C21=0,0,IF(+C21>gwg,"Anschaffungskosten zu hoch für ein Geringwertiges Wirtschaftsgut - Ansatz unter Investitionen",C21)) -> 0 | F21: =IF(E21=0,0,IF(+E21>gwg,"Anschaffungskosten zu hoch für ein Geringwertiges Wirtschaftsgut - Ansatz unter Investitionen",E21)) -> 0 | H21: =IF(G21=0,0,IF(+G21>gwg,"Anschaffungskosten zu hoch für ein Geringwertiges Wirtschaftsgut - Ansatz unter Investitionen",G21)) -> 0 | J21: =IF(I21=0,0,IF(+I21>gwg,"Anschaffungskosten zu hoch für ein Geringwertiges Wirtschaftsgut - Ansatz unter Investitionen",I21)) -> 0
D22: =IF(C22=0,0,IF(+C22>gwg,"Anschaffungskosten zu hoch für ein Geringwertiges Wirtschaftsgut - Ansatz unter Investitionen",C22)) -> 0 | F22: =IF(E22=0,0,IF(+E22>gwg,"Anschaffungskosten zu hoch für ein Geringwertiges Wirtschaftsgut - Ansatz unter Investitionen",E22)) -> 0 | H22: =IF(G22=0,0,IF(+G22>gwg,"Anschaffungskosten zu hoch für ein Geringwertiges Wirtschaftsgut - Ansatz unter Investitionen",G22)) -> 0 | J22: =IF(I22=0,0,IF(+I22>gwg,"Anschaffungskosten zu hoch für ein Geringwertiges Wirtschaftsgut - Ansatz unter Investitionen",I22)) -> 0
D23: =IF(C23=0,0,IF(+C23>gwg,"Anschaffungskosten zu hoch für ein Geringwertiges Wirtschaftsgut - Ansatz unter Investitionen",C23)) -> 0 | F23: =IF(E23=0,0,IF(+E23>gwg,"Anschaffungskosten zu hoch für ein Geringwertiges Wirtschaftsgut - Ansatz unter Investitionen",E23)) -> 0 | H23: =IF(G23=0,0,IF(+G23>gwg,"Anschaffungskosten zu hoch für ein Geringwertiges Wirtschaftsgut - Ansatz unter Investitionen",G23)) -> 0 | J23: =IF(I23=0,0,IF(+I23>gwg,"Anschaffungskosten zu hoch für ein Geringwertiges Wirtschaftsgut - Ansatz unter Investitionen",I23)) -> 0
D24: =IF(C24=0,0,IF(+C24>gwg,"Anschaffungskosten zu hoch für ein Geringwertiges Wirtschaftsgut - Ansatz unter Investitionen",C24)) -> 0 | F24: =IF(E24=0,0,IF(+E24>gwg,"Anschaffungskosten zu hoch für ein Geringwertiges Wirtschaftsgut - Ansatz unter Investitionen",E24)) -> 0 | H24: =IF(G24=0,0,IF(+G24>gwg,"Anschaffungskosten zu hoch für ein Geringwertiges Wirtschaftsgut - Ansatz unter Investitionen",G24)) -> 0 | J24: =IF(I24=0,0,IF(+I24>gwg,"Anschaffungskosten zu hoch für ein Geringwertiges Wirtschaftsgut - Ansatz unter Investitionen",I24)) -> 0
D25: =IF(C25=0,0,IF(+C25>gwg,"Anschaffungskosten zu hoch für ein Geringwertiges Wirtschaftsgut - Ansatz unter Investitionen",C25)) -> 0 | F25: =IF(E25=0,0,IF(+E25>gwg,"Anschaffungskosten zu hoch für ein Geringwertiges Wirtschaftsgut - Ansatz unter Investitionen",E25)) -> 0 | H25: =IF(G25=0,0,IF(+G25>gwg,"Anschaffungskosten zu hoch für ein Geringwertiges Wirtschaftsgut - Ansatz unter Investitionen",G25)) -> 0 | J25: =IF(I25=0,0,IF(+I25>gwg,"Anschaffungskosten zu hoch für ein Geringwertiges Wirtschaftsgut - Ansatz unter Investitionen",I25)) -> 0
C26: =SUM(C15:C25) -> 0 | D26: =SUM(D15:D25) -> 0 | E26: =SUM(E15:E25) -> 0 | F26: =SUM(F15:F25) -> 0 | G26: =SUM(G15:G25) -> 0 | H26: =SUM(H15:H25) -> 0 | I26: =SUM(I15:I25) -> 0 | J26: =SUM(J15:J25) -> 0
A27: Warenlager-Erstausstattung und -aufstockung (Betriebsausgaben)
C33: =SUM(C28:C32) -> 0 | E33: =SUM(E28:E32) -> 0 | G33: =SUM(G28:G32) -> 0 | I33: =SUM(I28:I32) -> 0
A34: Sacheinlagen (Gegenstände, die Sie aus Ihrem Privatbesitz einbringen)
D35: =ROUND(IF($B35=0,0,C35/$B35/12*(12+1-Monat)),0) -> 0 | F35: =IF(B35=1,C35-D35,IF(D35>=C35,0,ROUND(IF(B35=0,0,IF(AND(C35=0,E35=0),0,(C35+E35)/B35)),0))) -> 0 | H35: =IF(B35=2,C35-D35-F35,IF(D35+F35>=C35,0,IF(B35=0,0,ROUND(IF(AND($C35=0,$E35=0,$G35=0),0,($C35+$E35+$G35)/$B35),0)))) -> 0 | J35: =IF(D35+F35+H35>=C35,0,IF(B35=0,0,ROUND(IF(AND($C35=0,$E35=0,$G35=0,$I35=0),0,IF(AND(B35=3,Monat>=1),+$C35/$B35-$D35,($C35+$E35+$G35+$I35)/$B35)),0))) -> 0
D36: =ROUND(IF($B36=0,0,C36/$B36/12*(12+1-Monat)),0) -> 0 | F36: =IF(B36=1,C36-D36,IF(D36>=C36,0,ROUND(IF(B36=0,0,IF(AND(C36=0,E36=0),0,(C36+E36)/B36)),0))) -> 0 | H36: =IF(D36+F36>=C36,0,IF(B36=0,0,ROUND(IF(AND($C36=0,$E36=0,$G36=0),0,($C36+$E36+$G36)/$B36),0))) -> 0 | J36: =IF(D36+F36+H36>=C36,0,IF(B36=0,0,ROUND(IF(AND($C36=0,$E36=0,$G36=0,$I36=0),0,IF(AND(B36=3,Monat>=1),+$C36/$B36-$D36,($C36+$E36+$G36+$I36)/$B36)),0))) -> 0
D37: =ROUND(IF($B37=0,0,C37/$B37/12*(12+1-Monat)),0) -> 0 | F37: =IF(B37=1,C37-D37,IF(D37>=C37,0,ROUND(IF(B37=0,0,IF(AND(C37=0,E37=0),0,(C37+E37)/B37)),0))) -> 0 | H37: =IF(D37+F37>=C37,0,IF(B37=0,0,ROUND(IF(AND($C37=0,$E37=0,$G37=0),0,($C37+$E37+$G37)/$B37),0))) -> 0 | J37: =IF(D37+F37+H37>=C37,0,IF(B37=0,0,ROUND(IF(AND($C37=0,$E37=0,$G37=0,$I37=0),0,IF(AND(B37=3,Monat>=1),+$C37/$B37-$D37,($C37+$E37+$G37+$I37)/$B37)),0))) -> 0
D38: =ROUND(IF($B38=0,0,C38/$B38/12*(12+1-Monat)),0) -> 0 | F38: =IF(B38=1,C38-D38,IF(D38>=C38,0,ROUND(IF(B38=0,0,IF(AND(C38=0,E38=0),0,(C38+E38)/B38)),0))) -> 0 | H38: =IF(D38+F38>=C38,0,IF(B38=0,0,ROUND(IF(AND($C38=0,$E38=0,$G38=0),0,($C38+$E38+$G38)/$B38),0))) -> 0 | J38: =IF(D38+F38+H38>=C38,0,IF(B38=0,0,ROUND(IF(AND($C38=0,$E38=0,$G38=0,$I38=0),0,IF(AND(B38=3,Monat>=1),+$C38/$B38-$D38,($C38+$E38+$G38+$I38)/$B38)),0))) -> 0
D39: =ROUND(IF($B39=0,0,C39/$B39/12*(12+1-Monat)),0) -> 0 | F39: =IF(B39=1,C39-D39,IF(D39>=C39,0,ROUND(IF(B39=0,0,IF(AND(C39=0,E39=0),0,(C39+E39)/B39)),0))) -> 0 | H39: =IF(D39+F39>=C39,0,IF(B39=0,0,ROUND(IF(AND($C39=0,$E39=0,$G39=0),0,($C39+$E39+$G39)/$B39),0))) -> 0 | J39: =IF(D39+F39+H39>=C39,0,IF(B39=0,0,ROUND(IF(AND($C39=0,$E39=0,$G39=0,$I39=0),0,IF(AND(B39=3,Monat>=1),+$C39/$B39-$D39,($C39+$E39+$G39+$I39)/$B39)),0))) -> 0
D40: =ROUND(IF($B40=0,0,C40/$B40/12*(12+1-Monat)),0) -> 0 | F40: =IF(B40=1,C40-D40,IF(D40>=C40,0,ROUND(IF(B40=0,0,IF(AND(C40=0,E40=0),0,(C40+E40)/B40)),0))) -> 0 | H40: =IF(D40+F40>=C40,0,IF(B40=0,0,ROUND(IF(AND($C40=0,$E40=0,$G40=0),0,($C40+$E40+$G40)/$B40),0))) -> 0 | J40: =IF(D40+F40+H40>=C40,0,IF(B40=0,0,ROUND(IF(AND($C40=0,$E40=0,$G40=0,$I40=0),0,IF(AND(B40=3,Monat>=1),+$C40/$B40-$D40,($C40+$E40+$G40+$I40)/$B40)),0))) -> 0
D41: =ROUND(IF($B41=0,0,C41/$B41/12*(12+1-Monat)),0) -> 0 | F41: =IF(B41=1,C41-D41,IF(D41>=C41,0,ROUND(IF(B41=0,0,IF(AND(C41=0,E41=0),0,(C41+E41)/B41)),0))) -> 0 | H41: =IF(D41+F41>=C41,0,IF(B41=0,0,ROUND(IF(AND($C41=0,$E41=0,$G41=0),0,($C41+$E41+$G41)/$B41),0))) -> 0 | J41: =IF(D41+F41+H41>=C41,0,IF(B41=0,0,ROUND(IF(AND($C41=0,$E41=0,$G41=0,$I41=0),0,IF(AND(B41=3,Monat>=1),+$C41/$B41-$D41,($C41+$E41+$G41+$I41)/$B41)),0))) -> 0
C42: =SUM(C35:C41) -> 0 | D42: =SUM(D35:D41) -> 0 | E42: =SUM(E35:E41) -> 0 | F42: =SUM(F35:F41) -> 0 | G42: =SUM(G35:G41) -> 0 | H42: =SUM(H35:H41) -> 0 | I42: =SUM(I35:I41) -> 0 | J42: =SUM(J35:J41) -> 0
A43: Summe | C43: =+C13+C42+C26 -> 0 | D43: =+D13+D42+D26 -> 0 | E43: =+E13+E42+E26 -> 0 | F43: =+F13+F42+F26 -> 0 | G43: =+G13+G42+G26 -> 0 | H43: =+H13+H42+H26 -> 0 | I43: =+I13+I42+I26 -> 0 | J43: =+J13+J42+J26 -> 0
A44: Monatlich im Anschaffungsjahr (einschl. GWG) | D44: =ROUND((+D13+D42+gwgeins)/(12+1-Monat),0) -> 0 | F44: =ROUND((F13+F42+F26)/12,0) -> 0 | H44: =ROUND((H13+H42+H26)/12,0) -> 0 | J44: =ROUND((J13+J42+J26)/12,0) -> 0

Sheet Umsatzplan
A1: Geplante Umsatzleistungen | B1: =IF('Notwendige Angaben'!A17="x","EUR pro Leistungseinheit (netto)","EUR pro Leistungseinheit (brutto)") -> EUR pro Leistungseinheit (brutto) | F1: Januar | G1: Februar | H1: März | I1: April | J1: Mai | K1: Juni | L1: Juli | M1: August | N1: September | O1: Oktober | P1: November | Q1: Dezember | R1: =+gj -> 2026 | S1: =+F1 -> Januar | T1: =+G1 -> Februar | U1: =+H1 -> März | V1: =+I1 -> April | W1: =+J1 -> Mai | X1: =+K1 -> Juni | Y1: =+L1 -> Juli | Z1: =+M1 -> August | ... AD1: =+Q1 -> Dezember | AE1: =+gj+1 -> 2027 | AF1: =+S1 -> Januar | AG1: =+T1 -> Februar | AH1: =+U1 -> März | AI1: =+V1 -> April | AJ1: =+W1 -> Mai | AK1: =+X1 -> Juni | AL1: =+Y1 -> Juli | AM1: =+Z1 -> August | ... AQ1: =+AD1 -> Dezember | AR1: =+gj+2 -> 2028 | AS1: =+AF1 -> Januar | AT1: =+AG1 -> Februar | AU1: =+AH1 -> März | AV1: =+AI1 -> April | AW1: =+AJ1 -> Mai | AX1: =+AK1 -> Juni | AY1: =+AL1 -> Juli | AZ1: =+AM1 -> August | ... BD1: =+AQ1 -> Dezember | BE1: =+gj+3 -> 2029
A2: Hier finden Sie ein Beispiel für die Bearbeitung des Reiters. Spalte A = Name der umsatzgenerierenden Leistung Spalte B - E = Preis der Leistung in diesem Jahr Spalte F - Q = Anzahl der angefallenen Leistungen im Monat | B2: =+gj -> 2026 | C2: =+B2+1 -> 2027 | D2: =+C2+1 -> 2028 | E2: =+D2+1 -> 2029 | F2: Menge (Stk.) | S2: Menge (Stk.) | AF2: Menge (Stk.) | AS2: Menge (Stk.)
A3: Beispiel: Sportstudio-Monatsabo | B3: 25 | C3: 25 | D3: 30 | E3: 35 | F3: 2 | G3: 5 | H3: 8 | I3: 12 | J3: 15 | K3: 20 | L3: 23 | M3: 25 | N3: 27 | O3: 24 | P3: 19 | Q3: 13
R4: =SUM(F4:Q4) -> 0 | AE4: =SUM(S4:AD4) -> 0 | AR4: =SUM(AF4:AQ4) -> 0 | BE4: =SUM(AS4:BD4) -> 0
R5: =SUM(F5:Q5) -> 0 | AE5: =SUM(S5:AD5) -> 0 | AR5: =SUM(AF5:AQ5) -> 0 | BE5: =SUM(AS5:BD5) -> 0
R6: =SUM(F6:Q6) -> 0 | AE6: =SUM(S6:AD6) -> 0 | AR6: =SUM(AF6:AQ6) -> 0 | BE6: =SUM(AS6:BD6) -> 0
R7: =SUM(F7:Q7) -> 0 | AE7: =SUM(S7:AD7) -> 0 | AR7: =SUM(AF7:AQ7) -> 0 | BE7: =SUM(AS7:BD7) -> 0
R8: =SUM(F8:Q8) -> 0 | AE8: =SUM(S8:AD8) -> 0 | AR8: =SUM(AF8:AQ8) -> 0 | BE8: =SUM(AS8:BD8) -> 0
R9: =SUM(F9:Q9) -> 0 | AE9: =SUM(S9:AD9) -> 0 | AR9: =SUM(AF9:AQ9) -> 0 | BE9: =SUM(AS9:BD9) -> 0
R10: =SUM(F10:Q10) -> 0 | AE10: =SUM(S10:AD10) -> 0 | AR10: =SUM(AF10:AQ10) -> 0 | BE10: =SUM(AS10:BD10) -> 0
R11: =SUM(F11:Q11) -> 0 | AE11: =SUM(S11:AD11) -> 0 | AR11: =SUM(AF11:AQ11) -> 0 | BE11: =SUM(AS11:BD11) -> 0
R12: =SUM(F12:Q12) -> 0 | AE12: =SUM(S12:AD12) -> 0 | AR12: =SUM(AF12:AQ12) -> 0 | BE12: =SUM(AS12:BD12) -> 0
R13: =SUM(F13:Q13) -> 0 | AE13: =SUM(S13:AD13) -> 0 | AR13: =SUM(AF13:AQ13) -> 0 | BE13: =SUM(AS13:BD13) -> 0
R14: =SUM(F14:Q14) -> 0 | AE14: =SUM(S14:AD14) -> 0 | AR14: =SUM(AF14:AQ14) -> 0 | BE14: =SUM(AS14:BD14) -> 0
R15: =SUM(F15:Q15) -> 0 | AE15: =SUM(S15:AD15) -> 0 | AR15: =SUM(AF15:AQ15) -> 0 | BE15: =SUM(AS15:BD15) -> 0
... R23: =SUM(F23:Q23) -> 0 | AE23: =SUM(S23:AD23) -> 0 | AR23: =SUM(AF23:AQ23) -> 0 | BE23: =SUM(AS23:BD23) -> 0
F24: =SUM(F4:F23) -> 0 | G24: =SUM(G4:G23) -> 0 | H24: =SUM(H4:H23) -> 0 | I24: =SUM(I4:I23) -> 0 | J24: =SUM(J4:J23) -> 0 | K24: =SUM(K4:K23) -> 0 | L24: =SUM(L4:L23) -> 0 | M24: =SUM(M4:M23) -> 0 | ... BE24: =SUM(BE4:BE23) -> 0
A25: =A4 -> 0 | F25: =+F4*$B4 -> 0 | G25: =+G4*$B4 -> 0 | H25: =+H4*$B4 -> 0 | I25: =+I4*$B4 -> 0 | J25: =+J4*$B4 -> 0 | K25: =+K4*$B4 -> 0 | L25: =+L4*$B4 -> 0 | M25: =+M4*$B4 -> 0 | ... Q25: =+Q4*$B4 -> 0 | R25: =SUM(F25:Q25) -> 0 | S25: =+S4*$C4 -> 0 | T25: =+T4*$C4 -> 0 | U25: =+U4*$C4 -> 0 | V25: =+V4*$C4 -> 0 | W25: =+W4*$C4 -> 0 | X25: =+X4*$C4 -> 0 | Y25: =+Y4*$C4 -> 0 | Z25: =+Z4*$C4 -> 0 | ... AD25: =+AD4*$C4 -> 0 | AE25: =SUM(S25:AD25) -> 0 | AF25: =+AF4*$D4 -> 0 | AG25: =+AG4*$D4 -> 0 | AH25: =+AH4*$D4 -> 0 | AI25: =+AI4*$D4 -> 0 | AJ25: =+AJ4*$D4 -> 0 | AK25: =+AK4*$D4 -> 0 | AL25: =+AL4*$D4 -> 0 | AM25: =+AM4*$D4 -> 0 | ... AQ25: =+AQ4*$D4 -> 0 | AR25: =SUM(AF25:AQ25) -> 0 | AS25: =+AS4*$E4 -> 0 | AT25: =+AT4*$E4 -> 0 | AU25: =+AU4*$E4 -> 0 | AV25: =+AV4*$E4 -> 0 | AW25: =+AW4*$E4 -> 0 | AX25: =+AX4*$E4 -> 0 | AY25: =+AY4*$E4 -> 0 | AZ25: =+AZ4*$E4 -> 0 | ... BD25: =+BD4*$E4 -> 0 | BE25: =SUM(AS25:BD25) -> 0
A26: =A5 -> 0 | F26: =+F5*$B5 -> 0 | G26: =+G5*$B5 -> 0 | H26: =+H5*$B5 -> 0 | I26: =+I5*$B5 -> 0 | J26: =+J5*$B5 -> 0 | K26: =+K5*$B5 -> 0 | L26: =+L5*$B5 -> 0 | M26: =+M5*$B5 -> 0 | ... Q26: =+Q5*$B5 -> 0 | R26: =SUM(F26:Q26) -> 0 | S26: =+S5*$C5 -> 0 | T26: =+T5*$C5 -> 0 | U26: =+U5*$C5 -> 0 | V26: =+V5*$C5 -> 0 | W26: =+W5*$C5 -> 0 | X26: =+X5*$C5 -> 0 | Y26: =+Y5*$C5 -> 0 | Z26: =+Z5*$C5 -> 0 | ... AD26: =+AD5*$C5 -> 0 | AE26: =SUM(S26:AD26) -> 0 | AF26: =+AF5*$D5 -> 0 | AG26: =+AG5*$D5 -> 0 | AH26: =+AH5*$D5 -> 0 | AI26: =+AI5*$D5 -> 0 | AJ26: =+AJ5*$D5 -> 0 | AK26: =+AK5*$D5 -> 0 | AL26: =+AL5*$D5 -> 0 | AM26: =+AM5*$D5 -> 0 | ... AQ26: =+AQ5*$D5 -> 0 | AR26: =SUM(AF26:AQ26) -> 0 | AS26: =+AS5*$E5 -> 0 | AT26: =+AT5*$E5 -> 0 | AU26: =+AU5*$E5 -> 0 | AV26: =+AV5*$E5 -> 0 | AW26: =+AW5*$E5 -> 0 | AX26: =+AX5*$E5 -> 0 | AY26: =+AY5*$E5 -> 0 | AZ26: =+AZ5*$E5 -> 0 | ... BD26: =+BD5*$E5 -> 0 | BE26: =SUM(AS26:BD26) -> 0
A27: =A6 -> 0 | F27: =+F6*$B6 -> 0 | G27: =+G6*$B6 -> 0 | H27: =+H6*$B6 -> 0 | I27: =+I6*$B6 -> 0 | J27: =+J6*$B6 -> 0 | K27: =+K6*$B6 -> 0 | L27: =+L6*$B6 -> 0 | M27: =+M6*$B6 -> 0 | ... Q27: =+Q6*$B6 -> 0 | R27: =SUM(F27:Q27) -> 0 | S27: =+S6*$C6 -> 0 | T27: =+T6*$C6 -> 0 | U27: =+U6*$C6 -> 0 | V27: =+V6*$C6 -> 0 | W27: =+W6*$C6 -> 0 | X27: =+X6*$C6 -> 0 | Y27: =+Y6*$C6 -> 0 | Z27: =+Z6*$C6 -> 0 | ... AD27: =+AD6*$C6 -> 0 | AE27: =SUM(S27:AD27) -> 0 | AF27: =+AF6*$D6 -> 0 | AG27: =+AG6*$D6 -> 0 | AH27: =+AH6*$D6 -> 0 | AI27: =+AI6*$D6 -> 0 | AJ27: =+AJ6*$D6 -> 0 | AK27: =+AK6*$D6 -> 0 | AL27: =+AL6*$D6 -> 0 | AM27: =+AM6*$D6 -> 0 | ... AQ27: =+AQ6*$D6 -> 0 | AR27: =SUM(AF27:AQ27) -> 0 | AS27: =+AS6*$E6 -> 0 | AT27: =+AT6*$E6 -> 0 | AU27: =+AU6*$E6 -> 0 | AV27: =+AV6*$E6 -> 0 | AW27: =+AW6*$E6 -> 0 | AX27: =+AX6*$E6 -> 0 | AY27: =+AY6*$E6 -> 0 | AZ27: =+AZ6*$E6 -> 0 | ... BD27: =+BD6*$E6 -> 0 | BE27: =SUM(AS27:BD27) -> 0
A28: =A7 -> 0 | F28: =+F7*$B7 -> 0 | G28: =+G7*$B7 -> 0 | H28: =+H7*$B7 -> 0 | I28: =+I7*$B7 -> 0 | J28: =+J7*$B7 -> 0 | K28: =+K7*$B7 -> 0 | L28: =+L7*$B7 -> 0 | M28: =+M7*$B7 -> 0 | ... Q28: =+Q7*$B7 -> 0 | R28: =SUM(F28:Q28) -> 0 | S28: =+S7*$C7 -> 0 | T28: =+T7*$C7 -> 0 | U28: =+U7*$C7 -> 0 | V28: =+V7*$C7 -> 0 | W28: =+W7*$C7 -> 0 | X28: =+X7*$C7 -> 0 | Y28: =+Y7*$C7 -> 0 | Z28: =+Z7*$C7 -> 0 | ... AD28: =+AD7*$C7 -> 0 | AE28: =SUM(S28:AD28) -> 0 | AF28: =+AF7*$D7 -> 0 | AG28: =+AG7*$D7 -> 0 | AH28: =+AH7*$D7 -> 0 | AI28: =+AI7*$D7 -> 0 | AJ28: =+AJ7*$D7 -> 0 | AK28: =+AK7*$D7 -> 0 | AL28: =+AL7*$D7 -> 0 | AM28: =+AM7*$D7 -> 0 | ... AQ28: =+AQ7*$D7 -> 0 | AR28: =SUM(AF28:AQ28) -> 0 | AS28: =+AS7*$E7 -> 0 | AT28: =+AT7*$E7 -> 0 | AU28: =+AU7*$E7 -> 0 | AV28: =+AV7*$E7 -> 0 | AW28: =+AW7*$E7 -> 0 | AX28: =+AX7*$E7 -> 0 | AY28: =+AY7*$E7 -> 0 | AZ28: =+AZ7*$E7 -> 0 | ... BD28: =+BD7*$E7 -> 0 | BE28: =SUM(AS28:BD28) -> 0
A29: =A8 -> 0 | F29: =+F8*$B8 -> 0 | G29: =+G8*$B8 -> 0 | H29: =+H8*$B8 -> 0 | I29: =+I8*$B8 -> 0 | J29: =+J8*$B8 -> 0 | K29: =+K8*$B8 -> 0 | L29: =+L8*$B8 -> 0 | M29: =+M8*$B8 -> 0 | ... Q29: =+Q8*$B8 -> 0 | R29: =SUM(F29:Q29) -> 0 | S29: =+S8*$C8 -> 0 | T29: =+T8*$C8 -> 0 | U29: =+U8*$C8 -> 0 | V29: =+V8*$C8 -> 0 | W29: =+W8*$C8 -> 0 | X29: =+X8*$C8 -> 0 | Y29: =+Y8*$C8 -> 0 | Z29: =+Z8*$C8 -> 0 | ... AD29: =+AD8*$C8 -> 0 | AE29: =SUM(S29:AD29) -> 0 | AF29: =+AF8*$D8 -> 0 | AG29: =+AG8*$D8 -> 0 | AH29: =+AH8*$D8 -> 0 | AI29: =+AI8*$D8 -> 0 | AJ29: =+AJ8*$D8 -> 0 | AK29: =+AK8*$D8 -> 0 | AL29: =+AL8*$D8 -> 0 | AM29: =+AM8*$D8 -> 0 | ... AQ29: =+AQ8*$D8 -> 0 | AR29: =SUM(AF29:AQ29) -> 0 | AS29: =+AS8*$E8 -> 0 | AT29: =+AT8*$E8 -> 0 | AU29: =+AU8*$E8 -> 0 | AV29: =+AV8*$E8 -> 0 | AW29: =+AW8*$E8 -> 0 | AX29: =+AX8*$E8 -> 0 | AY29: =+AY8*$E8 -> 0 | AZ29: =+AZ8*$E8 -> 0 | ... BD29: =+BD8*$E8 -> 0 | BE29: =SUM(AS29:BD29) -> 0
A30: =A9 -> 0 | F30: =+F9*$B9 -> 0 | G30: =+G9*$B9 -> 0 | H30: =+H9*$B9 -> 0 | I30: =+I9*$B9 -> 0 | J30: =+J9*$B9 -> 0 | K30: =+K9*$B9 -> 0 | L30: =+L9*$B9 -> 0 | M30: =+M9*$B9 -> 0 | ... Q30: =+Q9*$B9 -> 0 | R30: =SUM(F30:Q30) -> 0 | S30: =+S9*$C9 -> 0 | T30: =+T9*$C9 -> 0 | U30: =+U9*$C9 -> 0 | V30: =+V9*$C9 -> 0 | W30: =+W9*$C9 -> 0 | X30: =+X9*$C9 -> 0 | Y30: =+Y9*$C9 -> 0 | Z30: =+Z9*$C9 -> 0 | ... AD30: =+AD9*$C9 -> 0 | AE30: =SUM(S30:AD30) -> 0 | AF30: =+AF9*$D9 -> 0 | AG30: =+AG9*$D9 -> 0 | AH30: =+AH9*$D9 -> 0 | AI30: =+AI9*$D9 -> 0 | AJ30: =+AJ9*$D9 -> 0 | AK30: =+AK9*$D9 -> 0 | AL30: =+AL9*$D9 -> 0 | AM30: =+AM9*$D9 -> 0 | ... AQ30: =+AQ9*$D9 -> 0 | AR30: =SUM(AF30:AQ30) -> 0 | AS30: =+AS9*$E9 -> 0 | AT30: =+AT9*$E9 -> 0 | AU30: =+AU9*$E9 -> 0 | AV30: =+AV9*$E9 -> 0 | AW30: =+AW9*$E9 -> 0 | AX30: =+AX9*$E9 -> 0 | AY30: =+AY9*$E9 -> 0 | AZ30: =+AZ9*$E9 -> 0 | ... BD30: =+BD9*$E9 -> 0 | BE30: =SUM(AS30:BD30) -> 0
A31: =A10 -> 0 | F31: =+F10*$B10 -> 0 | G31: =+G10*$B10 -> 0 | H31: =+H10*$B10 -> 0 | I31: =+I10*$B10 -> 0 | J31: =+J10*$B10 -> 0 | K31: =+K10*$B10 -> 0 | L31: =+L10*$B10 -> 0 | M31: =+M10*$B10 -> 0 | ... Q31: =+Q10*$B10 -> 0 | R31: =SUM(F31:Q31) -> 0 | S31: =+S10*$C10 -> 0 | T31: =+T10*$C10 -> 0 | U31: =+U10*$C10 -> 0 | V31: =+V10*$C10 -> 0 | W31: =+W10*$C10 -> 0 | X31: =+X10*$C10 -> 0 | Y31: =+Y10*$C10 -> 0 | Z31: =+Z10*$C10 -> 0 | ... AD31: =+AD10*$C10 -> 0 | AE31: =SUM(S31:AD31) -> 0 | AF31: =+AF10*$D10 -> 0 | AG31: =+AG10*$D10 -> 0 | AH31: =+AH10*$D10 -> 0 | AI31: =+AI10*$D10 -> 0 | AJ31: =+AJ10*$D10 -> 0 | AK31: =+AK10*$D10 -> 0 | AL31: =+AL10*$D10 -> 0 | AM31: =+AM10*$D10 -> 0 | ... AQ31: =+AQ10*$D10 -> 0 | AR31: =SUM(AF31:AQ31) -> 0 | AS31: =+AS10*$E10 -> 0 | AT31: =+AT10*$E10 -> 0 | AU31: =+AU10*$E10 -> 0 | AV31: =+AV10*$E10 -> 0 | AW31: =+AW10*$E10 -> 0 | AX31: =+AX10*$E10 -> 0 | AY31: =+AY10*$E10 -> 0 | AZ31: =+AZ10*$E10 -> 0 | ... BD31: =+BD10*$E10 -> 0 | BE31: =SUM(AS31:BD31) -> 0
A32: =A11 -> 0 | F32: =+F11*$B11 -> 0 | G32: =+G11*$B11 -> 0 | H32: =+H11*$B11 -> 0 | I32: =+I11*$B11 -> 0 | J32: =+J11*$B11 -> 0 | K32: =+K11*$B11 -> 0 | L32: =+L11*$B11 -> 0 | M32: =+M11*$B11 -> 0 | ... Q32: =+Q11*$B11 -> 0 | R32: =SUM(F32:Q32) -> 0 | S32: =+S11*$C11 -> 0 | T32: =+T11*$C11 -> 0 | U32: =+U11*$C11 -> 0 | V32: =+V11*$C11 -> 0 | W32: =+W11*$C11 -> 0 | X32: =+X11*$C11 -> 0 | Y32: =+Y11*$C11 -> 0 | Z32: =+Z11*$C11 -> 0 | ... AD32: =+AD11*$C11 -> 0 | AE32: =SUM(S32:AD32) -> 0 | AF32: =+AF11*$D11 -> 0 | AG32: =+AG11*$D11 -> 0 | AH32: =+AH11*$D11 -> 0 | AI32: =+AI11*$D11 -> 0 | AJ32: =+AJ11*$D11 -> 0 | AK32: =+AK11*$D11 -> 0 | AL32: =+AL11*$D11 -> 0 | AM32: =+AM11*$D11 -> 0 | ... AQ32: =+AQ11*$D11 -> 0 | AR32: =SUM(AF32:AQ32) -> 0 | AS32: =+AS11*$E11 -> 0 | AT32: =+AT11*$E11 -> 0 | AU32: =+AU11*$E11 -> 0 | AV32: =+AV11*$E11 -> 0 | AW32: =+AW11*$E11 -> 0 | AX32: =+AX11*$E11 -> 0 | AY32: =+AY11*$E11 -> 0 | AZ32: =+AZ11*$E11 -> 0 | ... BD32: =+BD11*$E11 -> 0 | BE32: =SUM(AS32:BD32) -> 0
A33: =A12 -> 0 | F33: =+F12*$B12 -> 0 | G33: =+G12*$B12 -> 0 | H33: =+H12*$B12 -> 0 | I33: =+I12*$B12 -> 0 | J33: =+J12*$B12 -> 0 | K33: =+K12*$B12 -> 0 | L33: =+L12*$B12 -> 0 | M33: =+M12*$B12 -> 0 | ... Q33: =+Q12*$B12 -> 0 | R33: =SUM(F33:Q33) -> 0 | S33: =+S12*$C12 -> 0 | T33: =+T12*$C12 -> 0 | U33: =+U12*$C12 -> 0 | V33: =+V12*$C12 -> 0 | W33: =+W12*$C12 -> 0 | X33: =+X12*$C12 -> 0 | Y33: =+Y12*$C12 -> 0 | Z33: =+Z12*$C12 -> 0 | ... AD33: =+AD12*$C12 -> 0 | AE33: =SUM(S33:AD33) -> 0 | AF33: =+AF12*$D12 -> 0 | AG33: =+AG12*$D12 -> 0 | AH33: =+AH12*$D12 -> 0 | AI33: =+AI12*$D12 -> 0 | AJ33: =+AJ12*$D12 -> 0 | AK33: =+AK12*$D12 -> 0 | AL33: =+AL12*$D12 -> 0 | AM33: =+AM12*$D12 -> 0 | ... AQ33: =+AQ12*$D12 -> 0 | AR33: =SUM(AF33:AQ33) -> 0 | AS33: =+AS12*$E12 -> 0 | AT33: =+AT12*$E12 -> 0 | AU33: =+AU12*$E12 -> 0 | AV33: =+AV12*$E12 -> 0 | AW33: =+AW12*$E12 -> 0 | AX33: =+AX12*$E12 -> 0 | AY33: =+AY12*$E12 -> 0 | AZ33: =+AZ12*$E12 -> 0 | ... BD33: =+BD12*$E12 -> 0 | BE33: =SUM(AS33:BD33) -> 0
A34: =A13 -> 0 | F34: =+F13*$B13 -> 0 | G34: =+G13*$B13 -> 0 | H34: =+H13*$B13 -> 0 | I34: =+I13*$B13 -> 0 | J34: =+J13*$B13 -> 0 | K34: =+K13*$B13 -> 0 | L34: =+L13*$B13 -> 0 | M34: =+M13*$B13 -> 0 | ... Q34: =+Q13*$B13 -> 0 | R34: =SUM(F34:Q34) -> 0 | S34: =+S13*$C13 -> 0 | T34: =+T13*$C13 -> 0 | U34: =+U13*$C13 -> 0 | V34: =+V13*$C13 -> 0 | W34: =+W13*$C13 -> 0 | X34: =+X13*$C13 -> 0 | Y34: =+Y13*$C13 -> 0 | Z34: =+Z13*$C13 -> 0 | ... AD34: =+AD13*$C13 -> 0 | AE34: =SUM(S34:AD34) -> 0 | AF34: =+AF13*$D13 -> 0 | AG34: =+AG13*$D13 -> 0 | AH34: =+AH13*$D13 -> 0 | AI34: =+AI13*$D13 -> 0 | AJ34: =+AJ13*$D13 -> 0 | AK34: =+AK13*$D13 -> 0 | AL34: =+AL13*$D13 -> 0 | AM34: =+AM13*$D13 -> 0 | ... AQ34: =+AQ13*$D13 -> 0 | AR34: =SUM(AF34:AQ34) -> 0 | AS34: =+AS13*$E13 -> 0 | AT34: =+AT13*$E13 -> 0 | AU34: =+AU13*$E13 -> 0 | AV34: =+AV13*$E13 -> 0 | AW34: =+AW13*$E13 -> 0 | AX34: =+AX13*$E13 -> 0 | AY34: =+AY13*$E13 -> 0 | AZ34: =+AZ13*$E13 -> 0 | ... BD34: =+BD13*$E13 -> 0 | BE34: =SUM(AS34:BD34) -> 0
A35: =A14 -> 0 | F35: =+F14*$B14 -> 0 | G35: =+G14*$B14 -> 0 | H35: =+H14*$B14 -> 0 | I35: =+I14*$B14 -> 0 | J35: =+J14*$B14 -> 0 | K35: =+K14*$B14 -> 0 | L35: =+L14*$B14 -> 0 | M35: =+M14*$B14 -> 0 | ... Q35: =+Q14*$B14 -> 0 | R35: =SUM(F35:Q35) -> 0 | S35: =+S14*$C14 -> 0 | T35: =+T14*$C14 -> 0 | U35: =+U14*$C14 -> 0 | V35: =+V14*$C14 -> 0 | W35: =+W14*$C14 -> 0 | X35: =+X14*$C14 -> 0 | Y35: =+Y14*$C14 -> 0 | Z35: =+Z14*$C14 -> 0 | ... AD35: =+AD14*$C14 -> 0 | AE35: =SUM(S35:AD35) -> 0 | AF35: =+AF14*$D14 -> 0 | AG35: =+AG14*$D14 -> 0 | AH35: =+AH14*$D14 -> 0 | AI35: =+AI14*$D14 -> 0 | AJ35: =+AJ14*$D14 -> 0 | AK35: =+AK14*$D14 -> 0 | AL35: =+AL14*$D14 -> 0 | AM35: =+AM14*$D14 -> 0 | ... AQ35: =+AQ14*$D14 -> 0 | AR35: =SUM(AF35:AQ35) -> 0 | AS35: =+AS14*$E14 -> 0 | AT35: =+AT14*$E14 -> 0 | AU35: =+AU14*$E14 -> 0 | AV35: =+AV14*$E14 -> 0 | AW35: =+AW14*$E14 -> 0 | AX35: =+AX14*$E14 -> 0 | AY35: =+AY14*$E14 -> 0 | AZ35: =+AZ14*$E14 -> 0 | ... BD35: =+BD14*$E14 -> 0 | BE35: =SUM(AS35:BD35) -> 0
A36: =A15 -> 0 | F36: =+F15*$B15 -> 0 | G36: =+G15*$B15 -> 0 | H36: =+H15*$B15 -> 0 | I36: =+I15*$B15 -> 0 | J36: =+J15*$B15 -> 0 | K36: =+K15*$B15 -> 0 | L36: =+L15*$B15 -> 0 | M36: =+M15*$B15 -> 0 | ... Q36: =+Q15*$B15 -> 0 | R36: =SUM(F36:Q36) -> 0 | S36: =+S15*$C15 -> 0 | T36: =+T15*$C15 -> 0 | U36: =+U15*$C15 -> 0 | V36: =+V15*$C15 -> 0 | W36: =+W15*$C15 -> 0 | X36: =+X15*$C15 -> 0 | Y36: =+Y15*$C15 -> 0 | Z36: =+Z15*$C15 -> 0 | ... AD36: =+AD15*$C15 -> 0 | AE36: =SUM(S36:AD36) -> 0 | AF36: =+AF15*$D15 -> 0 | AG36: =+AG15*$D15 -> 0 | AH36: =+AH15*$D15 -> 0 | AI36: =+AI15*$D15 -> 0 | AJ36: =+AJ15*$D15 -> 0 | AK36: =+AK15*$D15 -> 0 | AL36: =+AL15*$D15 -> 0 | AM36: =+AM15*$D15 -> 0 | ... AQ36: =+AQ15*$D15 -> 0 | AR36: =SUM(AF36:AQ36) -> 0 | AS36: =+AS15*$E15 -> 0 | AT36: =+AT15*$E15 -> 0 | AU36: =+AU15*$E15 -> 0 | AV36: =+AV15*$E15 -> 0 | AW36: =+AW15*$E15 -> 0 | AX36: =+AX15*$E15 -> 0 | AY36: =+AY15*$E15 -> 0 | AZ36: =+AZ15*$E15 -> 0 | ... BD36: =+BD15*$E15 -> 0 | BE36: =SUM(AS36:BD36) -> 0
... A44: =A23 -> 0 | F44: =+F23*$B23 -> 0 | G44: =+G23*$B23 -> 0 | H44: =+H23*$B23 -> 0 | I44: =+I23*$B23 -> 0 | J44: =+J23*$B23 -> 0 | K44: =+K23*$B23 -> 0 | L44: =+L23*$B23 -> 0 | M44: =+M23*$B23 -> 0 | ... Q44: =+Q23*$B23 -> 0 | R44: =SUM(F44:Q44) -> 0 | S44: =+S23*$C23 -> 0 | T44: =+T23*$C23 -> 0 | U44: =+U23*$C23 -> 0 | V44: =+V23*$C23 -> 0 | W44: =+W23*$C23 -> 0 | X44: =+X23*$C23 -> 0 | Y44: =+Y23*$C23 -> 0 | Z44: =+Z23*$C23 -> 0 | ... AD44: =+AD23*$C23 -> 0 | AE44: =SUM(S44:AD44) -> 0 | AF44: =+AF23*$D23 -> 0 | AG44: =+AG23*$D23 -> 0 | AH44: =+AH23*$D23 -> 0 | AI44: =+AI23*$D23 -> 0 | AJ44: =+AJ23*$D23 -> 0 | AK44: =+AK23*$D23 -> 0 | AL44: =+AL23*$D23 -> 0 | AM44: =+AM23*$D23 -> 0 | ... AQ44: =+AQ23*$D23 -> 0 | AR44: =SUM(AF44:AQ44) -> 0 | AS44: =+AS23*$E23 -> 0 | AT44: =+AT23*$E23 -> 0 | AU44: =+AU23*$E23 -> 0 | AV44: =+AV23*$E23 -> 0 | AW44: =+AW23*$E23 -> 0 | AX44: =+AX23*$E23 -> 0 | AY44: =+AY23*$E23 -> 0 | AZ44: =+AZ23*$E23 -> 0 | ... BD44: =+BD23*$E23 -> 0 | BE44: =SUM(AS44:BD44) -> 0
A45: Hinweis: Wie lassen sich Preise und Mengen fundiert herleiten? | F45: =ROUND(SUM(F25:F44),0) -> 0 | G45: =ROUND(SUM(G25:G44),0) -> 0 | H45: =ROUND(SUM(H25:H44),0) -> 0 | I45: =ROUND(SUM(I25:I44),0) -> 0 | J45: =ROUND(SUM(J25:J44),0) -> 0 | K45: =ROUND(SUM(K25:K44),0) -> 0 | L45: =ROUND(SUM(L25:L44),0) -> 0 | M45: =ROUND(SUM(M25:M44),0) -> 0 | ... BE45: =ROUND(SUM(BE25:BE44),0) -> 0
A46: 1) Greifen Sie auf eigene Erfahrungswerte zurück. Wurde die Leistung bereits verkauft? Liefern erzielte Preise, tatsächliche Verkaufszahlen und bisherige Auslastung eine belastbare Grundlage? Prüfen Sie dabei kritisch, ob die bisherigen Preise wirtschaftlich tragfähig waren oder Anpassungsbedarf besteht.
A49: 2) Analysieren Sie Ihre Zielgruppe. Führen Sie Gespräche mit potenziellen Kundinnen und Kunden, um deren Zahlungsbereitschaft und voraussichtliche Nutzungshäufigkeit zu ermitteln. Entscheidend ist nicht Ihre Preisvorstellung, sondern der realistische Marktpreis in Verbindung mit konkretem Bedarf.
A52: 3) Untersuchen Sie Ihren direkten Wettbewerb. Vergleichen Sie Preise, Leistungsumfang und Marktauftritt. Leiten Sie daraus ab, wie Sie sich differenzieren möchten und welcher Preis im Wettbewerbsumfeld durchsetzbar ist.
A55: 4) Nutzen Sie Branchenbriefe, Marktstudien und Veröffentlichungen von Fachverbänden. Diese liefern Orientierungswerte zu Preisniveaus, Marktvolumen und Nachfrageentwicklung.
A57: 5) Berücksichtigen Sie Ihre tatsächliche Kapazität. Gerade im Dienstleistungsbereich begrenzt die fakturierbare Arbeitszeit den realisierbaren Umsatz. Planen Sie realistisch und berücksichtigen Sie Anlaufphasen sowie mögliche Auslastungsschwankungen.
A60: 6) Prüfen Sie abschließend die wirtschaftliche Tragfähigkeit. Preise und Absatzmenge müssen Fixkosten decken, einen angemessenen Unternehmerlohn ermöglichen und auch in einem konservativen Szenario belastbar sein. Jede Annahme sollte nachvollziehbar begründet werden können.

Sheet Rentabilitätsplan
A1: =IF('Notwendige Angaben'!A17="x","Bitte Netto-Werte (ohne Umsatz- bzw. Vorsteuer) eintragen!","Bitte bei den Kosten Brutto-Werte (einschließlich Umsatzsteuer) eintragen!") -> Bitte bei den Kosten Brutto-Werte (einschließlich Umsatzsteuer) eintragen! | D1: =+Umsatzplan!F1 -> Januar | E1: =+Umsatzplan!G1 -> Februar | F1: =+Umsatzplan!H1 -> März | G1: =+Umsatzplan!I1 -> April | H1: =+Umsatzplan!J1 -> Mai | I1: =+Umsatzplan!K1 -> Juni | J1: =+Umsatzplan!L1 -> Juli | K1: =+Umsatzplan!M1 -> August | ... O1: =+Umsatzplan!Q1 -> Dezember | P1: =+gj -> 2026 | Q1: =+Umsatzplan!S1 -> Januar | R1: =+Umsatzplan!T1 -> Februar | S1: =+Umsatzplan!U1 -> März | T1: =+Umsatzplan!V1 -> April | U1: =+Umsatzplan!W1 -> Mai | V1: =+Umsatzplan!X1 -> Juni | W1: =+Umsatzplan!Y1 -> Juli | X1: =+Umsatzplan!Z1 -> August | ... AB1: =+Umsatzplan!AD1 -> Dezember | AC1: =+gj+1 -> 2027 | AD1: =+Umsatzplan!AF1 -> Januar | AE1: =+Umsatzplan!AG1 -> Februar | AF1: =+Umsatzplan!AH1 -> März | AG1: =+Umsatzplan!AI1 -> April | AH1: =+Umsatzplan!AJ1 -> Mai | AI1: =+Umsatzplan!AK1 -> Juni | AJ1: =+Umsatzplan!AL1 -> Juli | AK1: =+Umsatzplan!AM1 -> August | ... AO1: =+Umsatzplan!AQ1 -> Dezember | AP1: =+gj+2 -> 2028 | AQ1: =+Umsatzplan!AS1 -> Januar | AR1: =+Umsatzplan!AT1 -> Februar | AS1: =+Umsatzplan!AU1 -> März | AT1: =+Umsatzplan!AV1 -> April | AU1: =+Umsatzplan!AW1 -> Mai | AV1: =+Umsatzplan!AX1 -> Juni | AW1: =+Umsatzplan!AY1 -> Juli | AX1: =+Umsatzplan!AZ1 -> August | ... BB1: =+Umsatzplan!BD1 -> Dezember | BC1: =+gj+3 -> 2029
A2: Umsatz Handel/Produktion
B3: =IF('Notwendige Angaben'!A17="x","Umsatz 19%","Umsatz ohne Umsatzsteuer") -> Umsatz ohne Umsatzsteuer | P3: =SUM(D3:O3) -> 0 | AC3: =SUM(Q3:AB3) -> 0 | AP3: =SUM(AD3:AO3) -> 0 | BC3: =SUM(AQ3:BB3) -> 0
B4: =IF('Notwendige Angaben'!A17="x","Umsatz 7%","--") -> -- | P4: =SUM(D4:O4) -> 0 | AC4: =SUM(Q4:AB4) -> 0 | AP4: =SUM(AD4:AO4) -> 0 | BC4: =SUM(AQ4:BB4) -> 0
A5: =IF(+'Notwendige Angaben'!A17="x","Umsatzplan Dienstleistungen 19%","Umsatzplan Dienstleistungen") -> Umsatzplan Dienstleistungen | D5: =+Umsatzplan!F45 -> 0 | E5: =+Umsatzplan!G45 -> 0 | F5: =+Umsatzplan!H45 -> 0 | G5: =+Umsatzplan!I45 -> 0 | H5: =+Umsatzplan!J45 -> 0 | I5: =+Umsatzplan!K45 -> 0 | J5: =+Umsatzplan!L45 -> 0 | K5: =+Umsatzplan!M45 -> 0 | ... O5: =+Umsatzplan!Q45 -> 0 | P5: =SUM(D5:O5) -> 0 | Q5: =+Umsatzplan!S45 -> 0 | R5: =+Umsatzplan!T45 -> 0 | S5: =+Umsatzplan!U45 -> 0 | T5: =+Umsatzplan!V45 -> 0 | U5: =+Umsatzplan!W45 -> 0 | V5: =+Umsatzplan!X45 -> 0 | W5: =+Umsatzplan!Y45 -> 0 | X5: =+Umsatzplan!Z45 -> 0 | ... AB5: =+Umsatzplan!AD45 -> 0 | AC5: =SUM(Q5:AB5) -> 0 | AD5: =+Umsatzplan!AF45 -> 0 | AE5: =+Umsatzplan!AG45 -> 0 | AF5: =+Umsatzplan!AH45 -> 0 | AG5: =+Umsatzplan!AI45 -> 0 | AH5: =+Umsatzplan!AJ45 -> 0 | AI5: =+Umsatzplan!AK45 -> 0 | AJ5: =+Umsatzplan!AL45 -> 0 | AK5: =+Umsatzplan!AM45 -> 0 | ... AO5: =+Umsatzplan!AQ45 -> 0 | AP5: =SUM(AD5:AO5) -> 0 | AQ5: =+Umsatzplan!AS45 -> 0 | AR5: =+Umsatzplan!AT45 -> 0 | AS5: =+Umsatzplan!AU45 -> 0 | AT5: =+Umsatzplan!AV45 -> 0 | AU5: =+Umsatzplan!AW45 -> 0 | AV5: =+Umsatzplan!AX45 -> 0 | AW5: =+Umsatzplan!AY45 -> 0 | AX5: =+Umsatzplan!AZ45 -> 0 | ... BB5: =+Umsatzplan!BD45 -> 0 | BC5: =SUM(AQ5:BB5) -> 0
C6: Erlösschmälerungen (Skonto) | D6: =(+D3+D4+D5)*$B6 -> 0 | E6: =(+E3+E4+E5)*$B6 -> 0 | F6: =(+F3+F4+F5)*$B6 -> 0 | G6: =(+G3+G4+G5)*$B6 -> 0 | H6: =(+H3+H4+H5)*$B6 -> 0 | I6: =(+I3+I4+I5)*$B6 -> 0 | J6: =(+J3+J4+J5)*$B6 -> 0 | K6: =(+K3+K4+K5)*$B6 -> 0 | ... O6: =(+O3+O4+O5)*$B6 -> 0 | P6: =SUM(D6:O6) -> 0 | Q6: =(+Q3+Q4+Q5)*$B6 -> 0 | R6: =(+R3+R4+R5)*$B6 -> 0 | S6: =(+S3+S4+S5)*$B6 -> 0 | T6: =(+T3+T4+T5)*$B6 -> 0 | U6: =(+U3+U4+U5)*$B6 -> 0 | V6: =(+V3+V4+V5)*$B6 -> 0 | W6: =(+W3+W4+W5)*$B6 -> 0 | X6: =(+X3+X4+X5)*$B6 -> 0 | ... AB6: =(+AB3+AB4+AB5)*$B6 -> 0 | AC6: =SUM(Q6:AB6) -> 0 | AD6: =(+AD3+AD4+AD5)*$B6 -> 0 | AE6: =(+AE3+AE4+AE5)*$B6 -> 0 | AF6: =(+AF3+AF4+AF5)*$B6 -> 0 | AG6: =(+AG3+AG4+AG5)*$B6 -> 0 | AH6: =(+AH3+AH4+AH5)*$B6 -> 0 | AI6: =(+AI3+AI4+AI5)*$B6 -> 0 | AJ6: =(+AJ3+AJ4+AJ5)*$B6 -> 0 | AK6: =(+AK3+AK4+AK5)*$B6 -> 0 | ... AO6: =(+AO3+AO4+AO5)*$B6 -> 0 | AP6: =SUM(AD6:AO6) -> 0 | AQ6: =(+AQ3+AQ4+AQ5)*$B6 -> 0 | AR6: =(+AR3+AR4+AR5)*$B6 -> 0 | AS6: =(+AS3+AS4+AS5)*$B6 -> 0 | AT6: =(+AT3+AT4+AT5)*$B6 -> 0 | AU6: =(+AU3+AU4+AU5)*$B6 -> 0 | AV6: =(+AV3+AV4+AV5)*$B6 -> 0 | AW6: =(+AW3+AW4+AW5)*$B6 -> 0 | AX6: =(+AX3+AX4+AX5)*$B6 -> 0 | ... BB6: =(+BB3+BB4+BB5)*$B6 -> 0 | BC6: =SUM(AQ6:BB6) -> 0
A7: sonstige betriebliche Erträge | P7: =SUM(D7:O7) -> 0 | AC7: =SUM(Q7:AB7) -> 0 | AP7: =SUM(AD7:AO7) -> 0 | BC7: =SUM(AQ7:BB7) -> 0
A8: Wareneinkauf/Materialaufwand
C9: pauschaler Wareneinsatz | E9: =(+D3+D4)*$B9 -> 0 | F9: =(+E3+E4)*$B9 -> 0 | G9: =(+F3+F4)*$B9 -> 0 | H9: =(+G3+G4)*$B9 -> 0 | I9: =(+H3+H4)*$B9 -> 0 | J9: =(+I3+I4)*$B9 -> 0 | K9: =(+J3+J4)*$B9 -> 0 | L9: =(+K3+K4)*$B9 -> 0 | ... O9: =(+N3+N4)*$B9 -> 0 | P9: =SUM(D9:O9) -> 0 | Q9: =(+O3+O4)*$B9 -> 0 | R9: =(+Q3+Q4)*$B9 -> 0 | S9: =(+R3+R4)*$B9 -> 0 | T9: =(+S3+S4)*$B9 -> 0 | U9: =(+T3+T4)*$B9 -> 0 | V9: =(+U3+U4)*$B9 -> 0 | W9: =(+V3+V4)*$B9 -> 0 | X9: =(+W3+W4)*$B9 -> 0 | Y9: =(+X3+X4)*$B9 -> 0 | ... AB9: =(+AA3+AA4)*$B9 -> 0 | AC9: =SUM(Q9:AB9) -> 0 | AD9: =(+AB3+AB4)*$B9 -> 0 | AE9: =(+AD3+AD4)*$B9 -> 0 | AF9: =(+AE3+AE4)*$B9 -> 0 | AG9: =(+AF3+AF4)*$B9 -> 0 | AH9: =(+AG3+AG4)*$B9 -> 0 | AI9: =(+AH3+AH4)*$B9 -> 0 | AJ9: =(+AI3+AI4)*$B9 -> 0 | AK9: =(+AJ3+AJ4)*$B9 -> 0 | AL9: =(+AK3+AK4)*$B9 -> 0 | ... AO9: =(+AN3+AN4)*$B9 -> 0 | AP9: =SUM(AD9:AO9) -> 0 | AQ9: =(+AO3+AO4)*$B9 -> 0 | AR9: =(+AQ3+AQ4)*$B9 -> 0 | AS9: =(+AR3+AR4)*$B9 -> 0 | AT9: =(+AS3+AS4)*$B9 -> 0 | AU9: =(+AT3+AT4)*$B9 -> 0 | AV9: =(+AU3+AU4)*$B9 -> 0 | AW9: =(+AV3+AV4)*$B9 -> 0 | AX9: =(+AW3+AW4)*$B9 -> 0 | AY9: =(+AX3+AX4)*$B9 -> 0 | ... BB9: =(+BA3+BA4)*$B9 -> 0 | BC9: =SUM(AQ9:BB9) -> 0
B10: Wareneinkauf Saisongeschäft | P10: =SUM(D10:O10) -> 0 | AC10: =SUM(Q10:AB10) -> 0 | AP10: =SUM(AD10:AO10) -> 0 | BC10: =SUM(AQ10:BB10) -> 0
B11: Warenlager-Erstausstattung und -aufstockung | D11: =IF(Monat=1,Investitionsplan!$C33,0) -> 0 | E11: =IF(Monat=2,Investitionsplan!$C33,0) -> 0 | F11: =IF(Monat=3,Investitionsplan!$C33,0) -> 0 | G11: =IF(Monat=4,Investitionsplan!$C33,0) -> 0 | H11: =IF(Monat=5,Investitionsplan!$C33,0) -> 0 | I11: =IF(Monat=6,Investitionsplan!$C33,0) -> 0 | J11: =IF(Monat=7,Investitionsplan!$C33,0) -> 0 | K11: =IF(Monat=8,Investitionsplan!$C33,0) -> 0 | L11: =IF(Monat=9,Investitionsplan!$C33,0) -> 0 | M11: =IF(Monat=10,Investitionsplan!$C33,0) -> 0 | N11: =IF(Monat=11,Investitionsplan!$C33,0) -> 0 | O11: =IF(Monat=12,Investitionsplan!$C33,0) -> 0 | P11: =SUM(D11:O11) -> 0 | Q11: =+Investitionsplan!E33 -> 0 | AC11: =SUM(Q11:AB11) -> 0 | AD11: =+Investitionsplan!G33 -> 0 | AP11: =SUM(AD11:AO11) -> 0 | AQ11: =+Investitionsplan!I33 -> 0 | BC11: =SUM(AQ11:BB11) -> 0
B12: Fremdleistungen | P12: =SUM(D12:O12) -> 0 | AC12: =SUM(Q12:AB12) -> 0 | AP12: =SUM(AD12:AO12) -> 0 | BC12: =SUM(AQ12:BB12) -> 0
A13: Rohergebnis | D13: =+D3+D4+D5-D6+D7-D9-D10-D11-D12 -> 0 | E13: =+E3+E4+E5-E6+E7-E9-E10-E11-E12 -> 0 | F13: =+F3+F4+F5-F6+F7-F9-F10-F11-F12 -> 0 | G13: =+G3+G4+G5-G6+G7-G9-G10-G11-G12 -> 0 | H13: =+H3+H4+H5-H6+H7-H9-H10-H11-H12 -> 0 | I13: =+I3+I4+I5-I6+I7-I9-I10-I11-I12 -> 0 | J13: =+J3+J4+J5-J6+J7-J9-J10-J11-J12 -> 0 | K13: =+K3+K4+K5-K6+K7-K9-K10-K11-K12 -> 0 | ... BC13: =+BC3+BC4+BC5-BC6+BC7-BC9-BC10-BC11-BC12 -> 0
A14: Personalaufwand incl. Sozialabgaben (ca. 22%) | P14: =SUM(D14:O14) -> 0 | AC14: =SUM(Q14:AB14) -> 0 | AP14: =SUM(AD14:AO14) -> 0 | BC14: =SUM(AQ14:BB14) -> 0
A15: Abschreibungen | D15: =IF(Monat<=0,0,IF(Monat=1,ROUND(afaeins,0),)) -> 0 | E15: =IF(Monat=0,0,IF(Monat=2,ROUND(afaeins,0),IF(Monat<2,afaeins,0))) -> 0 | F15: =IF(Monat=0,0,IF(Monat=3,ROUND(afaeins,0),IF(Monat<3,afaeins,0))) -> 0 | G15: =IF(Monat=0,0,IF(Monat=4,ROUND(afaeins,0),IF(Monat<4,afaeins,0))) -> 0 | H15: =IF(Monat=0,0,IF(Monat=5,ROUND(afaeins,0),IF(Monat<5,afaeins,0))) -> 0 | I15: =IF(Monat=0,0,IF(Monat=6,ROUND(afaeins,0),IF(Monat<6,afaeins,0))) -> 0 | J15: =IF(Monat=0,0,IF(Monat=7,ROUND(afaeins,0),IF(Monat<7,afaeins,0))) -> 0 | K15: =IF(Monat=0,0,IF(Monat=8,ROUND(afaeins,0),IF(Monat<8,afaeins,0))) -> 0 | L15: =IF(Monat=0,0,IF(Monat=9,ROUND(afaeins,0),IF(Monat<9,afaeins,0))) -> 0 | M15: =IF(Monat=0,0,IF(Monat=10,ROUND(afaeins,0),IF(Monat<10,afaeins,0))) -> 0 | N15: =IF(Monat=0,0,IF(Monat=11,ROUND(afaeins,0),IF(Monat<11,afaeins,0))) -> 0 | O15: =IF(Monat=0,0,IF(Monat=11,ROUND(afaeins,0),IF(Monat<11,afaeins,0))) -> 0 | P15: =SUM(D15:O15) -> 0 | Q15: =+afazwei -> 0 | R15: =+afazwei -> 0 | S15: =+afazwei -> 0 | T15: =+afazwei -> 0 | U15: =+afazwei -> 0 | V15: =+afazwei -> 0 | W15: =+afazwei -> 0 | X15: =+afazwei -> 0 | ... AB15: =+afazwei -> 0 | AC15: =SUM(Q15:AB15) -> 0 | AD15: =+afadrei -> 0 | AE15: =+afadrei -> 0 | AF15: =+afadrei -> 0 | AG15: =+afadrei -> 0 | AH15: =+afadrei -> 0 | AI15: =+afadrei -> 0 | AJ15: =+afadrei -> 0 | AK15: =+afadrei -> 0 | ... AO15: =+afadrei -> 0 | AP15: =SUM(AD15:AO15) -> 0 | AQ15: =+afavier -> 0 | AR15: =+afavier -> 0 | AS15: =+afavier -> 0 | AT15: =+afavier -> 0 | AU15: =+afavier -> 0 | AV15: =+afavier -> 0 | AW15: =+afavier -> 0 | AX15: =+afavier -> 0 | ... BB15: =+afavier -> 0 | BC15: =SUM(AQ15:BB15) -> 0
A16: Sonstige betriebliche Aufwendungen
B17: Raumkosten (Miete, Nebenkosten, Reinigung etc.)
C18: Miete und Nebenkosten | P18: =SUM(D18:O18) -> 0 | AC18: =SUM(Q18:AB18) -> 0 | AP18: =SUM(AD18:AO18) -> 0 | BC18: =SUM(AQ18:BB18) -> 0
C19: Instandhaltung | P19: =SUM(D19:O19) -> 0 | AC19: =SUM(Q19:AB19) -> 0 | AP19: =SUM(AD19:AO19) -> 0 | BC19: =SUM(AQ19:BB19) -> 0
B20: Telefon, Fax | P20: =SUM(D20:O20) -> 0 | AC20: =SUM(Q20:AB20) -> 0 | AP20: =SUM(AD20:AO20) -> 0 | BC20: =SUM(AQ20:BB20) -> 0
B21: Kfz-Kosten
C22: Kfz-Versicherungen | P22: =SUM(D22:O22) -> 0 | AC22: =SUM(Q22:AB22) -> 0 | AP22: =SUM(AD22:AO22) -> 0 | BC22: =SUM(AQ22:BB22) -> 0
C23: Wartung und Reparatur | P23: =SUM(D23:O23) -> 0 | AC23: =SUM(Q23:AB23) -> 0 | AP23: =SUM(AD23:AO23) -> 0 | BC23: =SUM(AQ23:BB23) -> 0
C24: Leasing (nur Kfz) | P24: =SUM(D24:O24) -> 0 | AC24: =SUM(Q24:AB24) -> 0 | AP24: =SUM(AD24:AO24) -> 0 | BC24: =SUM(AQ24:BB24) -> 0
C25: Betriebskosten | P25: =SUM(D25:O25) -> 0 | AC25: =SUM(Q25:AB25) -> 0 | AP25: =SUM(AD25:AO25) -> 0 | BC25: =SUM(AQ25:BB25) -> 0
B26: Reise- und Bewirtungskosten | P26: =SUM(D26:O26) -> 0 | AC26: =SUM(Q26:AB26) -> 0 | AP26: =SUM(AD26:AO26) -> 0 | BC26: =SUM(AQ26:BB26) -> 0
B27: Anzeigen- und sonst. Werbung | P27: =SUM(D27:O27) -> 0 | AC27: =SUM(Q27:AB27) -> 0 | AP27: =SUM(AD27:AO27) -> 0 | BC27: =SUM(AQ27:BB27) -> 0
B28: Kosten der Warenabgabe
C29: Verpackung/Ausgangsfrachten | P29: =SUM(D29:O29) -> 0 | AC29: =SUM(Q29:AB29) -> 0 | AP29: =SUM(AD29:AO29) -> 0 | BC29: =SUM(AQ29:BB29) -> 0
C30: Provisionen | P30: =SUM(D30:O30) -> 0 | AC30: =SUM(Q30:AB30) -> 0 | AP30: =SUM(AD30:AO30) -> 0 | BC30: =SUM(AQ30:BB30) -> 0
B31: Instandhaltung Betriebs- und Geschäftsausstattung | P31: =SUM(D31:O31) -> 0 | AC31: =SUM(Q31:AB31) -> 0 | AP31: =SUM(AD31:AO31) -> 0 | BC31: =SUM(AQ31:BB31) -> 0
B32: Leasing (außer Kfz) | P32: =SUM(D32:O32) -> 0 | AC32: =SUM(Q32:AB32) -> 0 | AP32: =SUM(AD32:AO32) -> 0 | BC32: =SUM(AQ32:BB32) -> 0
B33: Kosten von Software | P33: =SUM(D33:O33) -> 0 | AC33: =SUM(Q33:AB33) -> 0 | AP33: =SUM(AD33:AO33) -> 0 | BC33: =SUM(AQ33:BB33) -> 0
B34: Versicherungen (ohne Kfz) | P34: =SUM(D34:O34) -> 0 | AC34: =SUM(Q34:AB34) -> 0 | AP34: =SUM(AD34:AO34) -> 0 | BC34: =SUM(AQ34:BB34) -> 0
B35: Beiträge, Gebühren | P35: =SUM(D35:O35) -> 0 | AC35: =SUM(Q35:AB35) -> 0 | AP35: =SUM(AD35:AO35) -> 0 | BC35: =SUM(AQ35:BB35) -> 0
B36: Bürobedarf | P36: =SUM(D36:O36) -> 0 | AC36: =SUM(Q36:AB36) -> 0 | AP36: =SUM(AD36:AO36) -> 0 | BC36: =SUM(AQ36:BB36) -> 0
B37: Postwertzeichen | P37: =SUM(D37:O37) -> 0 | AC37: =SUM(Q37:AB37) -> 0 | AP37: =SUM(AD37:AO37) -> 0 | BC37: =SUM(AQ37:BB37) -> 0
B38: Fachliteratur | P38: =SUM(D38:O38) -> 0 | AC38: =SUM(Q38:AB38) -> 0 | AP38: =SUM(AD38:AO38) -> 0 | BC38: =SUM(AQ38:BB38) -> 0
B39: Fortbildung | P39: =SUM(D39:O39) -> 0 | AC39: =SUM(Q39:AB39) -> 0 | AP39: =SUM(AD39:AO39) -> 0 | BC39: =SUM(AQ39:BB39) -> 0
B40: Messen und Ausstellungen | P40: =SUM(D40:O40) -> 0 | AC40: =SUM(Q40:AB40) -> 0 | AP40: =SUM(AD40:AO40) -> 0 | BC40: =SUM(AQ40:BB40) -> 0
B41: Beratungskosten
C42: Steuerberatung | P42: =SUM(D42:O42) -> 0 | AC42: =SUM(Q42:AB42) -> 0 | AP42: =SUM(AD42:AO42) -> 0 | BC42: =SUM(AQ42:BB42) -> 0
C43: Unternehmensberatung | P43: =SUM(D43:O43) -> 0 | AC43: =SUM(Q43:AB43) -> 0 | AP43: =SUM(AD43:AO43) -> 0 | BC43: =SUM(AQ43:BB43) -> 0
C44: Rechtsberatung | P44: =SUM(D44:O44) -> 0 | AC44: =SUM(Q44:AB44) -> 0 | AP44: =SUM(AD44:AO44) -> 0 | BC44: =SUM(AQ44:BB44) -> 0
B45: Kosten des Geldverkehrs | P45: =SUM(D45:O45) -> 0 | AC45: =SUM(Q45:AB45) -> 0 | AP45: =SUM(AD45:AO45) -> 0 | BC45: =SUM(AQ45:BB45) -> 0
B46: Andere betriebliche Aufwendungen | P46: =SUM(D46:O46) -> 0 | AC46: =SUM(Q46:AB46) -> 0 | AP46: =SUM(AD46:AO46) -> 0 | BC46: =SUM(AQ46:BB46) -> 0
B47: In diesen 6 Feldern können Sie selbst Posten hinzufügen. | P47: =SUM(D47:O47) -> 0 | AC47: =SUM(Q47:AB47) -> 0 | AP47: =SUM(AD47:AO47) -> 0 | BC47: =SUM(AQ47:BB47) -> 0
B48: - | P48: =SUM(D48:O48) -> 0 | AC48: =SUM(Q48:AB48) -> 0 | AP48: =SUM(AD48:AO48) -> 0 | BC48: =SUM(AQ48:BB48) -> 0
B49: -
B50: -
B51: -
B52: - | P52: =SUM(D52:O52) -> 0 | AC52: =SUM(Q52:AB52) -> 0 | AP52: =SUM(AD52:AO52) -> 0 | BC52: =SUM(AQ52:BB52) -> 0
A53: Summe betrieblicher Aufwendungen | D53: =SUM(D14:D52) -> 0 | E53: =SUM(E14:E52) -> 0 | F53: =SUM(F14:F52) -> 0 | G53: =SUM(G14:G52) -> 0 | H53: =SUM(H14:H52) -> 0 | I53: =SUM(I14:I52) -> 0 | J53: =SUM(J14:J52) -> 0 | K53: =SUM(K14:K52) -> 0 | ... BC53: =SUM(BC14:BC52) -> 0
A54: Betriebsergebnis | D54: =+D13-D53 -> 0 | E54: =+E13-E53 -> 0 | F54: =+F13-F53 -> 0 | G54: =+G13-G53 -> 0 | H54: =+H13-H53 -> 0 | I54: =+I13-I53 -> 0 | J54: =+J13-J53 -> 0 | K54: =+K13-K53 -> 0 | ... BC54: =+BC13-BC53 -> 0
A55: Zinsen für betriebliche Darlehen | P55: =SUM(D55:O55) -> 0 | AC55: =SUM(Q55:AB55) -> 0 | AP55: =SUM(AD55:AO55) -> 0 | BC55: =SUM(AQ55:BB55) -> 0
A56: Gewinn/Verlust vor Steuern | D56: =+D54-D55 -> 0 | E56: =+E54-E55 -> 0 | F56: =+F54-F55 -> 0 | G56: =+G54-G55 -> 0 | H56: =+H54-H55 -> 0 | I56: =+I54-I55 -> 0 | J56: =+J54-J55 -> 0 | K56: =+K54-K55 -> 0 | ... BC56: =+BC54-BC55 -> 0

Sheet Liquiditätsplan
A1: Der Liquiditätsplan nimmt automatisch die Werte aus dem Rentabilitätsplan | D1: =+Umsatzplan!F1 -> Januar | E1: =+Umsatzplan!G1 -> Februar | F1: =+Umsatzplan!H1 -> März | G1: =+Umsatzplan!I1 -> April | H1: =+Umsatzplan!J1 -> Mai | I1: =+Umsatzplan!K1 -> Juni | J1: =+Umsatzplan!L1 -> Juli | K1: =+Umsatzplan!M1 -> August | ... O1: =+Umsatzplan!Q1 -> Dezember | P1: =+gj -> 2026 | Q1: =+Umsatzplan!S1 -> Januar | R1: =+Umsatzplan!T1 -> Februar | S1: =+Umsatzplan!U1 -> März | T1: =+Umsatzplan!V1 -> April | U1: =+Umsatzplan!W1 -> Mai | V1: =+Umsatzplan!X1 -> Juni | W1: =+Umsatzplan!Y1 -> Juli | X1: =+Umsatzplan!Z1 -> August | ... AB1: =+Umsatzplan!AD1 -> Dezember | AC1: =+gj+1 -> 2027 | AD1: =+Umsatzplan!AF1 -> Januar | AE1: =+Umsatzplan!AG1 -> Februar | AF1: =+Umsatzplan!AH1 -> März | AG1: =+Umsatzplan!AI1 -> April | AH1: =+Umsatzplan!AJ1 -> Mai | AI1: =+Umsatzplan!AK1 -> Juni | AJ1: =+Umsatzplan!AL1 -> Juli | AK1: =+Umsatzplan!AM1 -> August | ... AO1: =+Umsatzplan!AQ1 -> Dezember | AP1: =+gj+2 -> 2028 | AQ1: =+Umsatzplan!AS1 -> Januar | AR1: =+Umsatzplan!AT1 -> Februar | AS1: =+Umsatzplan!AU1 -> März | AT1: =+Umsatzplan!AV1 -> April | AU1: =+Umsatzplan!AW1 -> Mai | AV1: =+Umsatzplan!AX1 -> Juni | AW1: =+Umsatzplan!AY1 -> Juli | AX1: =+Umsatzplan!AZ1 -> August | ... BB1: =+Umsatzplan!BD1 -> Dezember | BC1: =+gj+3 -> 2029
B2: =IF('Notwendige Angaben'!$A$17="x","Bruttoumsatz Handel/Produktion","Umsatz Handel/Produktion") -> Umsatz Handel/Produktion
C3: =IF('Notwendige Angaben'!$A$17="x","Bruttoumsatz 19%","Umsatz ohne Umsatzsteuer") -> Umsatz ohne Umsatzsteuer | D3: =IF(rechnung="x",0,+Rentabilitätsplan!D3*(1+USteins)) -> 0 | E3: =IF(rechnung="x",+Rentabilitätsplan!D3*(1+USteins),+Rentabilitätsplan!E3*(1+USteins)) -> 0 | F3: =IF(rechnung="x",+Rentabilitätsplan!E3*(1+USteins),+Rentabilitätsplan!F3*(1+USteins)) -> 0 | G3: =IF(rechnung="x",+Rentabilitätsplan!F3*(1+USteins),+Rentabilitätsplan!G3*(1+USteins)) -> 0 | H3: =IF(rechnung="x",+Rentabilitätsplan!G3*(1+USteins),+Rentabilitätsplan!H3*(1+USteins)) -> 0 | I3: =IF(rechnung="x",+Rentabilitätsplan!H3*(1+USteins),+Rentabilitätsplan!I3*(1+USteins)) -> 0 | J3: =IF(rechnung="x",+Rentabilitätsplan!I3*(1+USteins),+Rentabilitätsplan!J3*(1+USteins)) -> 0 | K3: =IF(rechnung="x",+Rentabilitätsplan!J3*(1+USteins),+Rentabilitätsplan!K3*(1+USteins)) -> 0 | L3: =IF(rechnung="x",+Rentabilitätsplan!K3*(1+USteins),+Rentabilitätsplan!L3*(1+USteins)) -> 0 | ... O3: =IF(rechnung="x",+Rentabilitätsplan!N3*(1+USteins),+Rentabilitätsplan!O3*(1+USteins)) -> 0 | P3: =SUM(D3:O3) -> 0 | Q3: =IF(rechnung="x",+Rentabilitätsplan!O3*(1+USteins),+Rentabilitätsplan!Q3*(1+USt)) -> 0 | R3: =IF(rechnung="x",+Rentabilitätsplan!Q3*(1+USt),+Rentabilitätsplan!R3*(1+USt)) -> 0 | S3: =IF(rechnung="x",+Rentabilitätsplan!R3*(1+USt),+Rentabilitätsplan!S3*(1+USt)) -> 0 | T3: =IF(rechnung="x",+Rentabilitätsplan!S3*(1+USt),+Rentabilitätsplan!T3*(1+USt)) -> 0 | U3: =IF(rechnung="x",+Rentabilitätsplan!T3*(1+USt),+Rentabilitätsplan!U3*(1+USt)) -> 0 | V3: =IF(rechnung="x",+Rentabilitätsplan!U3*(1+USt),+Rentabilitätsplan!V3*(1+USt)) -> 0 | W3: =IF(rechnung="x",+Rentabilitätsplan!V3*(1+USt),+Rentabilitätsplan!W3*(1+USt)) -> 0 | X3: =IF(rechnung="x",+Rentabilitätsplan!W3*(1+USt),+Rentabilitätsplan!X3*(1+USt)) -> 0 | Y3: =IF(rechnung="x",+Rentabilitätsplan!X3*(1+USt),+Rentabilitätsplan!Y3*(1+USt)) -> 0 | ... AB3: =IF(rechnung="x",+Rentabilitätsplan!AA3*(1+USt),+Rentabilitätsplan!AB3*(1+USt)) -> 0 | AC3: =SUM(Q3:AB3) -> 0 | AD3: =IF(rechnung="x",+Rentabilitätsplan!AB3*(1+USt),+Rentabilitätsplan!AD3*(1+USt)) -> 0 | AE3: =IF(rechnung="x",+Rentabilitätsplan!AD3*(1+USt),+Rentabilitätsplan!AE3*(1+USt)) -> 0 | AF3: =IF(rechnung="x",+Rentabilitätsplan!AE3*(1+USt),+Rentabilitätsplan!AF3*(1+USt)) -> 0 | AG3: =IF(rechnung="x",+Rentabilitätsplan!AF3*(1+USt),+Rentabilitätsplan!AG3*(1+USt)) -> 0 | AH3: =IF(rechnung="x",+Rentabilitätsplan!AG3*(1+USt),+Rentabilitätsplan!AH3*(1+USt)) -> 0 | AI3: =IF(rechnung="x",+Rentabilitätsplan!AH3*(1+USt),+Rentabilitätsplan!AI3*(1+USt)) -> 0 | AJ3: =IF(rechnung="x",+Rentabilitätsplan!AI3*(1+USt),+Rentabilitätsplan!AJ3*(1+USt)) -> 0 | AK3: =IF(rechnung="x",+Rentabilitätsplan!AJ3*(1+USt),+Rentabilitätsplan!AK3*(1+USt)) -> 0 | AL3: =IF(rechnung="x",+Rentabilitätsplan!AK3*(1+USt),+Rentabilitätsplan!AL3*(1+USt)) -> 0 | ... AO3: =IF(rechnung="x",+Rentabilitätsplan!AN3*(1+USt),+Rentabilitätsplan!AO3*(1+USt)) -> 0 | AP3: =SUM(AD3:AO3) -> 0 | AQ3: =IF(rechnung="x",+Rentabilitätsplan!AO3*(1+USt),+Rentabilitätsplan!AQ3*(1+USt)) -> 0 | AR3: =IF(rechnung="x",+Rentabilitätsplan!AQ3*(1+USt),+Rentabilitätsplan!AR3*(1+USt)) -> 0 | AS3: =IF(rechnung="x",+Rentabilitätsplan!AR3*(1+USt),+Rentabilitätsplan!AS3*(1+USt)) -> 0 | AT3: =IF(rechnung="x",+Rentabilitätsplan!AS3*(1+USt),+Rentabilitätsplan!AT3*(1+USt)) -> 0 | AU3: =IF(rechnung="x",+Rentabilitätsplan!AT3*(1+USt),+Rentabilitätsplan!AU3*(1+USt)) -> 0 | AV3: =IF(rechnung="x",+Rentabilitätsplan!AU3*(1+USt),+Rentabilitätsplan!AV3*(1+USt)) -> 0 | AW3: =IF(rechnung="x",+Rentabilitätsplan!AV3*(1+USt),+Rentabilitätsplan!AW3*(1+USt)) -> 0 | AX3: =IF(rechnung="x",+Rentabilitätsplan!AW3*(1+USt),+Rentabilitätsplan!AX3*(1+USt)) -> 0 | AY3: =IF(rechnung="x",+Rentabilitätsplan!AX3*(1+USt),+Rentabilitätsplan!AY3*(1+USt)) -> 0 | ... BB3: =IF(rechnung="x",+Rentabilitätsplan!BA3*(1+USt),+Rentabilitätsplan!BB3*(1+USt)) -> 0 | BC3: =SUM(AQ3:BB3) -> 0
C4: =IF('Notwendige Angaben'!$A$17="x","Bruttoumsatz 7%","--") -> -- | D4: =IF(rechnung="x",0,+Rentabilitätsplan!D4*(1+UStermeins)) -> 0 | E4: =IF(rechnung="x",+Rentabilitätsplan!D4*(1+UStermeins),+Rentabilitätsplan!E4*(1+UStermeins)) -> 0 | F4: =IF(rechnung="x",+Rentabilitätsplan!E4*(1+UStermeins),+Rentabilitätsplan!F4*(1+UStermeins)) -> 0 | G4: =IF(rechnung="x",+Rentabilitätsplan!F4*(1+UStermeins),+Rentabilitätsplan!G4*(1+UStermeins)) -> 0 | H4: =IF(rechnung="x",+Rentabilitätsplan!G4*(1+UStermeins),+Rentabilitätsplan!H4*(1+UStermeins)) -> 0 | I4: =IF(rechnung="x",+Rentabilitätsplan!H4*(1+UStermeins),+Rentabilitätsplan!I4*(1+UStermeins)) -> 0 | J4: =IF(rechnung="x",+Rentabilitätsplan!I4*(1+UStermeins),+Rentabilitätsplan!J4*(1+UStermeins)) -> 0 | K4: =IF(rechnung="x",+Rentabilitätsplan!J4*(1+UStermeins),+Rentabilitätsplan!K4*(1+UStermeins)) -> 0 | L4: =IF(rechnung="x",+Rentabilitätsplan!K4*(1+UStermeins),+Rentabilitätsplan!L4*(1+UStermeins)) -> 0 | ... O4: =IF(rechnung="x",+Rentabilitätsplan!N4*(1+UStermeins),+Rentabilitätsplan!O4*(1+UStermeins)) -> 0 | P4: =SUM(D4:O4) -> 0 | Q4: =IF(rechnung="x",+Rentabilitätsplan!O4*(1+UStermeins),+Rentabilitätsplan!Q4*(1+USterm)) -> 0 | R4: =IF(rechnung="x",+Rentabilitätsplan!Q4*(1+USterm),+Rentabilitätsplan!R4*(1+USterm)) -> 0 | S4: =IF(rechnung="x",+Rentabilitätsplan!R4*(1+USterm),+Rentabilitätsplan!S4*(1+USterm)) -> 0 | T4: =IF(rechnung="x",+Rentabilitätsplan!S4*(1+USterm),+Rentabilitätsplan!T4*(1+USterm)) -> 0 | U4: =IF(rechnung="x",+Rentabilitätsplan!T4*(1+USterm),+Rentabilitätsplan!U4*(1+USterm)) -> 0 | V4: =IF(rechnung="x",+Rentabilitätsplan!U4*(1+USterm),+Rentabilitätsplan!V4*(1+USterm)) -> 0 | W4: =IF(rechnung="x",+Rentabilitätsplan!V4*(1+USterm),+Rentabilitätsplan!W4*(1+USterm)) -> 0 | X4: =IF(rechnung="x",+Rentabilitätsplan!W4*(1+USterm),+Rentabilitätsplan!X4*(1+USterm)) -> 0 | Y4: =IF(rechnung="x",+Rentabilitätsplan!X4*(1+USterm),+Rentabilitätsplan!Y4*(1+USterm)) -> 0 | ... AB4: =IF(rechnung="x",+Rentabilitätsplan!AA4*(1+USterm),+Rentabilitätsplan!AB4*(1+USterm)) -> 0 | AC4: =SUM(Q4:AB4) -> 0 | AD4: =IF(rechnung="x",+Rentabilitätsplan!AB4*(1+USterm),+Rentabilitätsplan!AD4*(1+USterm)) -> 0 | AE4: =IF(rechnung="x",+Rentabilitätsplan!AD4*(1+USterm),+Rentabilitätsplan!AE4*(1+USterm)) -> 0 | AF4: =IF(rechnung="x",+Rentabilitätsplan!AE4*(1+USterm),+Rentabilitätsplan!AF4*(1+USterm)) -> 0 | AG4: =IF(rechnung="x",+Rentabilitätsplan!AF4*(1+USterm),+Rentabilitätsplan!AG4*(1+USterm)) -> 0 | AH4: =IF(rechnung="x",+Rentabilitätsplan!AG4*(1+USterm),+Rentabilitätsplan!AH4*(1+USterm)) -> 0 | AI4: =IF(rechnung="x",+Rentabilitätsplan!AH4*(1+USterm),+Rentabilitätsplan!AI4*(1+USterm)) -> 0 | AJ4: =IF(rechnung="x",+Rentabilitätsplan!AI4*(1+USterm),+Rentabilitätsplan!AJ4*(1+USterm)) -> 0 | AK4: =IF(rechnung="x",+Rentabilitätsplan!AJ4*(1+USterm),+Rentabilitätsplan!AK4*(1+USterm)) -> 0 | AL4: =IF(rechnung="x",+Rentabilitätsplan!AK4*(1+USterm),+Rentabilitätsplan!AL4*(1+USterm)) -> 0 | ... AO4: =IF(rechnung="x",+Rentabilitätsplan!AN4*(1+USterm),+Rentabilitätsplan!AO4*(1+USterm)) -> 0 | AP4: =SUM(AD4:AO4) -> 0 | AQ4: =IF(rechnung="x",+Rentabilitätsplan!AO4*(1+USterm),+Rentabilitätsplan!AQ4*(1+USterm)) -> 0 | AR4: =IF(rechnung="x",+Rentabilitätsplan!AQ4*(1+USterm),+Rentabilitätsplan!AR4*(1+USterm)) -> 0 | AS4: =IF(rechnung="x",+Rentabilitätsplan!AR4*(1+USterm),+Rentabilitätsplan!AS4*(1+USterm)) -> 0 | AT4: =IF(rechnung="x",+Rentabilitätsplan!AS4*(1+USterm),+Rentabilitätsplan!AT4*(1+USterm)) -> 0 | AU4: =IF(rechnung="x",+Rentabilitätsplan!AT4*(1+USterm),+Rentabilitätsplan!AU4*(1+USterm)) -> 0 | AV4: =IF(rechnung="x",+Rentabilitätsplan!AU4*(1+USterm),+Rentabilitätsplan!AV4*(1+USterm)) -> 0 | AW4: =IF(rechnung="x",+Rentabilitätsplan!AV4*(1+USterm),+Rentabilitätsplan!AW4*(1+USterm)) -> 0 | AX4: =IF(rechnung="x",+Rentabilitätsplan!AW4*(1+USterm),+Rentabilitätsplan!AX4*(1+USterm)) -> 0 | AY4: =IF(rechnung="x",+Rentabilitätsplan!AX4*(1+USterm),+Rentabilitätsplan!AY4*(1+USterm)) -> 0 | ... BB4: =IF(rechnung="x",+Rentabilitätsplan!BA4*(1+USterm),+Rentabilitätsplan!BB4*(1+USterm)) -> 0 | BC4: =SUM(AQ4:BB4) -> 0
B5: =IF('Notwendige Angaben'!$A$17="x","Umsatzplan Dienstleistungen 19%","Umsatzplan Dienstleistungen") -> Umsatzplan Dienstleistungen | D5: =IF(rechnung="x",0,+Rentabilitätsplan!D5*(1+USteins)) -> 0 | E5: =IF(rechnung="x",+Rentabilitätsplan!D5*(1+USteins),+Rentabilitätsplan!E5*(1+USteins)) -> 0 | F5: =IF(rechnung="x",+Rentabilitätsplan!E5*(1+USteins),+Rentabilitätsplan!F5*(1+USteins)) -> 0 | G5: =IF(rechnung="x",+Rentabilitätsplan!F5*(1+USteins),+Rentabilitätsplan!G5*(1+USteins)) -> 0 | H5: =IF(rechnung="x",+Rentabilitätsplan!G5*(1+USteins),+Rentabilitätsplan!H5*(1+USteins)) -> 0 | I5: =IF(rechnung="x",+Rentabilitätsplan!H5*(1+USteins),+Rentabilitätsplan!I5*(1+USteins)) -> 0 | J5: =IF(rechnung="x",+Rentabilitätsplan!I5*(1+USteins),+Rentabilitätsplan!J5*(1+USteins)) -> 0 | K5: =IF(rechnung="x",+Rentabilitätsplan!J5*(1+USteins),+Rentabilitätsplan!K5*(1+USteins)) -> 0 | L5: =IF(rechnung="x",+Rentabilitätsplan!K5*(1+USteins),+Rentabilitätsplan!L5*(1+USteins)) -> 0 | ... O5: =IF(rechnung="x",+Rentabilitätsplan!N5*(1+USteins),+Rentabilitätsplan!O5*(1+USteins)) -> 0 | P5: =SUM(D5:O5) -> 0 | Q5: =IF(rechnung="x",+Rentabilitätsplan!O5*(1+USteins),+Rentabilitätsplan!Q5*(1+USt)) -> 0 | R5: =IF(rechnung="x",+Rentabilitätsplan!Q5*(1+USt),+Rentabilitätsplan!R5*(1+USt)) -> 0 | S5: =IF(rechnung="x",+Rentabilitätsplan!R5*(1+USt),+Rentabilitätsplan!S5*(1+USt)) -> 0 | T5: =IF(rechnung="x",+Rentabilitätsplan!S5*(1+USt),+Rentabilitätsplan!T5*(1+USt)) -> 0 | U5: =IF(rechnung="x",+Rentabilitätsplan!T5*(1+USt),+Rentabilitätsplan!U5*(1+USt)) -> 0 | V5: =IF(rechnung="x",+Rentabilitätsplan!U5*(1+USt),+Rentabilitätsplan!V5*(1+USt)) -> 0 | W5: =IF(rechnung="x",+Rentabilitätsplan!V5*(1+USt),+Rentabilitätsplan!W5*(1+USt)) -> 0 | X5: =IF(rechnung="x",+Rentabilitätsplan!W5*(1+USt),+Rentabilitätsplan!X5*(1+USt)) -> 0 | Y5: =IF(rechnung="x",+Rentabilitätsplan!X5*(1+USt),+Rentabilitätsplan!Y5*(1+USt)) -> 0 | ... AB5: =IF(rechnung="x",+Rentabilitätsplan!AA5*(1+USt),+Rentabilitätsplan!AB5*(1+USt)) -> 0 | AC5: =SUM(Q5:AB5) -> 0 | AD5: =IF(rechnung="x",+Rentabilitätsplan!AB5*(1+USt),+Rentabilitätsplan!AD5*(1+USt)) -> 0 | AE5: =IF(rechnung="x",+Rentabilitätsplan!AD5*(1+USt),+Rentabilitätsplan!AE5*(1+USt)) -> 0 | AF5: =IF(rechnung="x",+Rentabilitätsplan!AE5*(1+USt),+Rentabilitätsplan!AF5*(1+USt)) -> 0 | AG5: =IF(rechnung="x",+Rentabilitätsplan!AF5*(1+USt),+Rentabilitätsplan!AG5*(1+USt)) -> 0 | AH5: =IF(rechnung="x",+Rentabilitätsplan!AG5*(1+USt),+Rentabilitätsplan!AH5*(1+USt)) -> 0 | AI5: =IF(rechnung="x",+Rentabilitätsplan!AH5*(1+USt),+Rentabilitätsplan!AI5*(1+USt)) -> 0 | AJ5: =IF(rechnung="x",+Rentabilitätsplan!AI5*(1+USt),+Rentabilitätsplan!AJ5*(1+USt)) -> 0 | AK5: =IF(rechnung="x",+Rentabilitätsplan!AJ5*(1+USt),+Rentabilitätsplan!AK5*(1+USt)) -> 0 | AL5: =IF(rechnung="x",+Rentabilitätsplan!AK5*(1+USt),+Rentabilitätsplan!AL5*(1+USt)) -> 0 | ... AO5: =IF(rechnung="x",+Rentabilitätsplan!AN5*(1+USt),+Rentabilitätsplan!AO5*(1+USt)) -> 0 | AP5: =SUM(AD5:AO5) -> 0 | AQ5: =IF(rechnung="x",+Rentabilitätsplan!AO5*(1+USt),+Rentabilitätsplan!AQ5*(1+USt)) -> 0 | AR5: =IF(rechnung="x",+Rentabilitätsplan!AQ5*(1+USt),+Rentabilitätsplan!AR5*(1+USt)) -> 0 | AS5: =IF(rechnung="x",+Rentabilitätsplan!AR5*(1+USt),+Rentabilitätsplan!AS5*(1+USt)) -> 0 | AT5: =IF(rechnung="x",+Rentabilitätsplan!AS5*(1+USt),+Rentabilitätsplan!AT5*(1+USt)) -> 0 | AU5: =IF(rechnung="x",+Rentabilitätsplan!AT5*(1+USt),+Rentabilitätsplan!AU5*(1+USt)) -> 0 | AV5: =IF(rechnung="x",+Rentabilitätsplan!AU5*(1+USt),+Rentabilitätsplan!AV5*(1+USt)) -> 0 | AW5: =IF(rechnung="x",+Rentabilitätsplan!AV5*(1+USt),+Rentabilitätsplan!AW5*(1+USt)) -> 0 | AX5: =IF(rechnung="x",+Rentabilitätsplan!AW5*(1+USt),+Rentabilitätsplan!AX5*(1+USt)) -> 0 | AY5: =IF(rechnung="x",+Rentabilitätsplan!AX5*(1+USt),+Rentabilitätsplan!AY5*(1+USt)) -> 0 | ... BB5: =IF(rechnung="x",+Rentabilitätsplan!BA5*(1+USt),+Rentabilitätsplan!BB5*(1+USt)) -> 0 | BC5: =SUM(AQ5:BB5) -> 0
B6: =IF('Notwendige Angaben'!$A$17="x","Erlösschmälerungen (Skonto) brutto","Erlösschmälerungen (Skonto)") -> Erlösschmälerungen (Skonto) | D6: =IF(rechnung="x",0,(((+Rentabilitätsplan!D3+Rentabilitätsplan!D5)*(1+USteins)+Rentabilitätsplan!D4*(1+UStermeins)))*Rentabilitätsplan!$B6) -> 0 | E6: =IF(rechnung="x",((Rentabilitätsplan!D3+Rentabilitätsplan!D5)*(1+USteins)+Rentabilitätsplan!D4*(1+UStermeins))*Rentabilitätsplan!$B6,((+Rentabilitätsplan!D3+Rentabilitätsplan!D5)*(1+USteins)+Rentabilitätsplan!E4*(1+UStermeins))*Rentabilitätsplan!$B6) -> 0 | F6: =IF(rechnung="x",((Rentabilitätsplan!E3+Rentabilitätsplan!E5)*(1+USteins)+Rentabilitätsplan!E4*(1+UStermeins))*Rentabilitätsplan!$B6,((+Rentabilitätsplan!E3+Rentabilitätsplan!E5)*(1+USteins)+Rentabilitätsplan!F4*(1+UStermeins))*Rentabilitätsplan!$B6) -> 0 | G6: =IF(rechnung="x",((Rentabilitätsplan!F3+Rentabilitätsplan!F5)*(1+USteins)+Rentabilitätsplan!F4*(1+UStermeins))*Rentabilitätsplan!$B6,((+Rentabilitätsplan!F3+Rentabilitätsplan!F5)*(1+USteins)+Rentabilitätsplan!G4*(1+UStermeins))*Rentabilitätsplan!$B6) -> 0 | H6: =IF(rechnung="x",((Rentabilitätsplan!G3+Rentabilitätsplan!G5)*(1+USteins)+Rentabilitätsplan!G4*(1+UStermeins))*Rentabilitätsplan!$B6,((+Rentabilitätsplan!G3+Rentabilitätsplan!G5)*(1+USteins)+Rentabilitätsplan!H4*(1+UStermeins))*Rentabilitätsplan!$B6) -> 0 | I6: =IF(rechnung="x",((Rentabilitätsplan!H3+Rentabilitätsplan!H5)*(1+USteins)+Rentabilitätsplan!H4*(1+UStermeins))*Rentabilitätsplan!$B6,((+Rentabilitätsplan!H3+Rentabilitätsplan!H5)*(1+USteins)+Rentabilitätsplan!I4*(1+UStermeins))*Rentabilitätsplan!$B6) -> 0 | J6: =IF(rechnung="x",((Rentabilitätsplan!I3+Rentabilitätsplan!I5)*(1+USteins)+Rentabilitätsplan!I4*(1+UStermeins))*Rentabilitätsplan!$B6,((+Rentabilitätsplan!I3+Rentabilitätsplan!I5)*(1+USteins)+Rentabilitätsplan!J4*(1+UStermeins))*Rentabilitätsplan!$B6) -> 0 | K6: =IF(rechnung="x",((Rentabilitätsplan!J3+Rentabilitätsplan!J5)*(1+USteins)+Rentabilitätsplan!J4*(1+UStermeins))*Rentabilitätsplan!$B6,((+Rentabilitätsplan!J3+Rentabilitätsplan!J5)*(1+USteins)+Rentabilitätsplan!K4*(1+UStermeins))*Rentabilitätsplan!$B6) -> 0 | L6: =IF(rechnung="x",((Rentabilitätsplan!K3+Rentabilitätsplan!K5)*(1+USteins)+Rentabilitätsplan!K4*(1+UStermeins))*Rentabilitätsplan!$B6,((+Rentabilitätsplan!K3+Rentabilitätsplan!K5)*(1+USteins)+Rentabilitätsplan!L4*(1+UStermeins))*Rentabilitätsplan!$B6) -> 0 | ... O6: =IF(rechnung="x",((Rentabilitätsplan!N3+Rentabilitätsplan!N5)*(1+USteins)+Rentabilitätsplan!N4*(1+UStermeins))*Rentabilitätsplan!$B6,((+Rentabilitätsplan!N3+Rentabilitätsplan!N5)*(1+USteins)+Rentabilitätsplan!O4*(1+UStermeins))*Rentabilitätsplan!$B6) -> 0 | P6: =SUM(D6:O6) -> 0 | Q6: =IF(rechnung="x",((Rentabilitätsplan!O3+Rentabilitätsplan!O5)*(1+USteins)+Rentabilitätsplan!O4*(1+UStermeins))*Rentabilitätsplan!$B6,((+Rentabilitätsplan!Q3+Rentabilitätsplan!Q5)*(1+USt)+Rentabilitätsplan!Q4*(1+USterm))*Rentabilitätsplan!$B6) -> 0 | R6: =IF(rechnung="x",((Rentabilitätsplan!Q3+Rentabilitätsplan!Q5)*(1+USt)+Rentabilitätsplan!Q4*(1+USterm))*Rentabilitätsplan!$B6,((+Rentabilitätsplan!R3+Rentabilitätsplan!R5)*(1+USt)+Rentabilitätsplan!R4*(1+USterm))*Rentabilitätsplan!$B6) -> 0 | S6: =IF(rechnung="x",((Rentabilitätsplan!R3+Rentabilitätsplan!R5)*(1+USt)+Rentabilitätsplan!R4*(1+USterm))*Rentabilitätsplan!$B6,((+Rentabilitätsplan!S3+Rentabilitätsplan!S5)*(1+USt)+Rentabilitätsplan!S4*(1+USterm))*Rentabilitätsplan!$B6) -> 0 | T6: =IF(rechnung="x",((Rentabilitätsplan!S3+Rentabilitätsplan!S5)*(1+USt)+Rentabilitätsplan!S4*(1+USterm))*Rentabilitätsplan!$B6,((+Rentabilitätsplan!T3+Rentabilitätsplan!T5)*(1+USt)+Rentabilitätsplan!T4*(1+USterm))*Rentabilitätsplan!$B6) -> 0 | U6: =IF(rechnung="x",((Rentabilitätsplan!T3+Rentabilitätsplan!T5)*(1+USt)+Rentabilitätsplan!T4*(1+USterm))*Rentabilitätsplan!$B6,((+Rentabilitätsplan!U3+Rentabilitätsplan!U5)*(1+USt)+Rentabilitätsplan!U4*(1+USterm))*Rentabilitätsplan!$B6) -> 0 | V6: =IF(rechnung="x",((Rentabilitätsplan!U3+Rentabilitätsplan!U5)*(1+USt)+Rentabilitätsplan!U4*(1+USterm))*Rentabilitätsplan!$B6,((+Rentabilitätsplan!V3+Rentabilitätsplan!V5)*(1+USt)+Rentabilitätsplan!V4*(1+USterm))*Rentabilitätsplan!$B6) -> 0 | W6: =IF(rechnung="x",((Rentabilitätsplan!V3+Rentabilitätsplan!V5)*(1+USt)+Rentabilitätsplan!V4*(1+USterm))*Rentabilitätsplan!$B6,((+Rentabilitätsplan!W3+Rentabilitätsplan!W5)*(1+USt)+Rentabilitätsplan!W4*(1+USterm))*Rentabilitätsplan!$B6) -> 0 | X6: =IF(rechnung="x",((Rentabilitätsplan!W3+Rentabilitätsplan!W5)*(1+USt)+Rentabilitätsplan!W4*(1+USterm))*Rentabilitätsplan!$B6,((+Rentabilitätsplan!X3+Rentabilitätsplan!X5)*(1+USt)+Rentabilitätsplan!X4*(1+USterm))*Rentabilitätsplan!$B6) -> 0 | Y6: =IF(rechnung="x",((Rentabilitätsplan!X3+Rentabilitätsplan!X5)*(1+USt)+Rentabilitätsplan!X4*(1+USterm))*Rentabilitätsplan!$B6,((+Rentabilitätsplan!Y3+Rentabilitätsplan!Y5)*(1+USt)+Rentabilitätsplan!Y4*(1+USterm))*Rentabilitätsplan!$B6) -> 0 | ... AB6: =IF(rechnung="x",((Rentabilitätsplan!AA3+Rentabilitätsplan!AA5)*(1+USt)+Rentabilitätsplan!AA4*(1+USterm))*Rentabilitätsplan!$B6,((+Rentabilitätsplan!AB3+Rentabilitätsplan!AB5)*(1+USt)+Rentabilitätsplan!AB4*(1+USterm))*Rentabilitätsplan!$B6) -> 0 | AC6: =SUM(Q6:AB6) -> 0 | AD6: =IF(rechnung="x",((Rentabilitätsplan!AB3+Rentabilitätsplan!AB5)*(1+USt)+Rentabilitätsplan!AB4*(1+USterm))*Rentabilitätsplan!$B6,((+Rentabilitätsplan!AD3+Rentabilitätsplan!AD5)*(1+USt)+Rentabilitätsplan!AD4*(1+USterm))*Rentabilitätsplan!$B6) -> 0 | AE6: =IF(rechnung="x",((Rentabilitätsplan!AD3+Rentabilitätsplan!AD5)*(1+USt)+Rentabilitätsplan!AD4*(1+USterm))*Rentabilitätsplan!$B6,((+Rentabilitätsplan!AE3+Rentabilitätsplan!AE5)*(1+USt)+Rentabilitätsplan!AE4*(1+USterm))*Rentabilitätsplan!$B6) -> 0 | AF6: =IF(rechnung="x",((Rentabilitätsplan!AE3+Rentabilitätsplan!AE5)*(1+USt)+Rentabilitätsplan!AE4*(1+USterm))*Rentabilitätsplan!$B6,((+Rentabilitätsplan!AF3+Rentabilitätsplan!AF5)*(1+USt)+Rentabilitätsplan!AF4*(1+USterm))*Rentabilitätsplan!$B6) -> 0 | AG6: =IF(rechnung="x",((Rentabilitätsplan!AF3+Rentabilitätsplan!AF5)*(1+USt)+Rentabilitätsplan!AF4*(1+USterm))*Rentabilitätsplan!$B6,((+Rentabilitätsplan!AG3+Rentabilitätsplan!AG5)*(1+USt)+Rentabilitätsplan!AG4*(1+USterm))*Rentabilitätsplan!$B6) -> 0 | AH6: =IF(rechnung="x",((Rentabilitätsplan!AG3+Rentabilitätsplan!AG5)*(1+USt)+Rentabilitätsplan!AG4*(1+USterm))*Rentabilitätsplan!$B6,((+Rentabilitätsplan!AH3+Rentabilitätsplan!AH5)*(1+USt)+Rentabilitätsplan!AH4*(1+USterm))*Rentabilitätsplan!$B6) -> 0 | AI6: =IF(rechnung="x",((Rentabilitätsplan!AH3+Rentabilitätsplan!AH5)*(1+USt)+Rentabilitätsplan!AH4*(1+USterm))*Rentabilitätsplan!$B6,((+Rentabilitätsplan!AI3+Rentabilitätsplan!AI5)*(1+USt)+Rentabilitätsplan!AI4*(1+USterm))*Rentabilitätsplan!$B6) -> 0 | AJ6: =IF(rechnung="x",((Rentabilitätsplan!AI3+Rentabilitätsplan!AI5)*(1+USt)+Rentabilitätsplan!AI4*(1+USterm))*Rentabilitätsplan!$B6,((+Rentabilitätsplan!AJ3+Rentabilitätsplan!AJ5)*(1+USt)+Rentabilitätsplan!AJ4*(1+USterm))*Rentabilitätsplan!$B6) -> 0 | AK6: =IF(rechnung="x",((Rentabilitätsplan!AJ3+Rentabilitätsplan!AJ5)*(1+USt)+Rentabilitätsplan!AJ4*(1+USterm))*Rentabilitätsplan!$B6,((+Rentabilitätsplan!AK3+Rentabilitätsplan!AK5)*(1+USt)+Rentabilitätsplan!AK4*(1+USterm))*Rentabilitätsplan!$B6) -> 0 | AL6: =IF(rechnung="x",((Rentabilitätsplan!AK3+Rentabilitätsplan!AK5)*(1+USt)+Rentabilitätsplan!AK4*(1+USterm))*Rentabilitätsplan!$B6,((+Rentabilitätsplan!AL3+Rentabilitätsplan!AL5)*(1+USt)+Rentabilitätsplan!AL4*(1+USterm))*Rentabilitätsplan!$B6) -> 0 | ... AO6: =IF(rechnung="x",((Rentabilitätsplan!AN3+Rentabilitätsplan!AN5)*(1+USt)+Rentabilitätsplan!AN4*(1+USterm))*Rentabilitätsplan!$B6,((+Rentabilitätsplan!AO3+Rentabilitätsplan!AO5)*(1+USt)+Rentabilitätsplan!AO4*(1+USterm))*Rentabilitätsplan!$B6) -> 0 | AP6: =SUM(AD6:AO6) -> 0 | AQ6: =IF(rechnung="x",((Rentabilitätsplan!AO3+Rentabilitätsplan!AO5)*(1+USt)+Rentabilitätsplan!AO4*(1+USterm))*Rentabilitätsplan!$B6,((+Rentabilitätsplan!AQ3+Rentabilitätsplan!AQ5)*(1+USt)+Rentabilitätsplan!AQ4*(1+USterm))*Rentabilitätsplan!$B6) -> 0 | AR6: =IF(rechnung="x",((Rentabilitätsplan!AQ3+Rentabilitätsplan!AQ5)*(1+USt)+Rentabilitätsplan!AQ4*(1+USterm))*Rentabilitätsplan!$B6,((+Rentabilitätsplan!AR3+Rentabilitätsplan!AR5)*(1+USt)+Rentabilitätsplan!AR4*(1+USterm))*Rentabilitätsplan!$B6) -> 0 | AS6: =IF(rechnung="x",((Rentabilitätsplan!AR3+Rentabilitätsplan!AR5)*(1+USt)+Rentabilitätsplan!AR4*(1+USterm))*Rentabilitätsplan!$B6,((+Rentabilitätsplan!AS3+Rentabilitätsplan!AS5)*(1+USt)+Rentabilitätsplan!AS4*(1+USterm))*Rentabilitätsplan!$B6) -> 0 | AT6: =IF(rechnung="x",((Rentabilitätsplan!AS3+Rentabilitätsplan!AS5)*(1+USt)+Rentabilitätsplan!AS4*(1+USterm))*Rentabilitätsplan!$B6,((+Rentabilitätsplan!AT3+Rentabilitätsplan!AT5)*(1+USt)+Rentabilitätsplan!AT4*(1+USterm))*Rentabilitätsplan!$B6) -> 0 | AU6: =IF(rechnung="x",((Rentabilitätsplan!AT3+Rentabilitätsplan!AT5)*(1+USt)+Rentabilitätsplan!AT4*(1+USterm))*Rentabilitätsplan!$B6,((+Rentabilitätsplan!AU3+Rentabilitätsplan!AU5)*(1+USt)+Rentabilitätsplan!AU4*(1+USterm))*Rentabilitätsplan!$B6) -> 0 | AV6: =IF(rechnung="x",((Rentabilitätsplan!AU3+Rentabilitätsplan!AU5)*(1+USt)+Rentabilitätsplan!AU4*(1+USterm))*Rentabilitätsplan!$B6,((+Rentabilitätsplan!AV3+Rentabilitätsplan!AV5)*(1+USt)+Rentabilitätsplan!AV4*(1+USterm))*Rentabilitätsplan!$B6) -> 0 | AW6: =IF(rechnung="x",((Rentabilitätsplan!AV3+Rentabilitätsplan!AV5)*(1+USt)+Rentabilitätsplan!AV4*(1+USterm))*Rentabilitätsplan!$B6,((+Rentabilitätsplan!AW3+Rentabilitätsplan!AW5)*(1+USt)+Rentabilitätsplan!AW4*(1+USterm))*Rentabilitätsplan!$B6) -> 0 | AX6: =IF(rechnung="x",((Rentabilitätsplan!AW3+Rentabilitätsplan!AW5)*(1+USt)+Rentabilitätsplan!AW4*(1+USterm))*Rentabilitätsplan!$B6,((+Rentabilitätsplan!AX3+Rentabilitätsplan!AX5)*(1+USt)+Rentabilitätsplan!AX4*(1+USterm))*Rentabilitätsplan!$B6) -> 0 | AY6: =IF(rechnung="x",((Rentabilitätsplan!AX3+Rentabilitätsplan!AX5)*(1+USt)+Rentabilitätsplan!AX4*(1+USterm))*Rentabilitätsplan!$B6,((+Rentabilitätsplan!AY3+Rentabilitätsplan!AY5)*(1+USt)+Rentabilitätsplan!AY4*(1+USterm))*Rentabilitätsplan!$B6) -> 0 | ... BB6: =IF(rechnung="x",((Rentabilitätsplan!BA3+Rentabilitätsplan!BA5)*(1+USt)+Rentabilitätsplan!BA4*(1+USterm))*Rentabilitätsplan!$B6,((+Rentabilitätsplan!BB3+Rentabilitätsplan!BB5)*(1+USt)+Rentabilitätsplan!BB4*(1+USterm))*Rentabilitätsplan!$B6) -> 0 | BC6: =SUM(AQ6:BB6) -> 0
A7: =+Rentabilitätsplan!A7 -> sonstige betriebliche Erträge | D7: =+Rentabilitätsplan!D7*(1+USteins) -> 0 | E7: =+Rentabilitätsplan!E7*(1+USteins) -> 0 | F7: =+Rentabilitätsplan!F7*(1+USteins) -> 0 | G7: =+Rentabilitätsplan!G7*(1+USteins) -> 0 | H7: =+Rentabilitätsplan!H7*(1+USteins) -> 0 | I7: =+Rentabilitätsplan!I7*(1+USteins) -> 0 | J7: =+Rentabilitätsplan!J7*(1+USteins) -> 0 | K7: =+Rentabilitätsplan!K7*(1+USteins) -> 0 | ... O7: =+Rentabilitätsplan!O7*(1+USteins) -> 0 | P7: =SUM(D7:O7) -> 0 | Q7: =+Rentabilitätsplan!Q7*(1+USt) -> 0 | R7: =+Rentabilitätsplan!R7*(1+USt) -> 0 | S7: =+Rentabilitätsplan!S7*(1+USt) -> 0 | T7: =+Rentabilitätsplan!T7*(1+USt) -> 0 | U7: =+Rentabilitätsplan!U7*(1+USt) -> 0 | V7: =+Rentabilitätsplan!V7*(1+USt) -> 0 | W7: =+Rentabilitätsplan!W7*(1+USt) -> 0 | X7: =+Rentabilitätsplan!X7*(1+USt) -> 0 | ... AB7: =+Rentabilitätsplan!AB7*(1+USt) -> 0 | AC7: =SUM(Q7:AB7) -> 0 | AD7: =+Rentabilitätsplan!AD7*(1+USt) -> 0 | AE7: =+Rentabilitätsplan!AE7*(1+USt) -> 0 | AF7: =+Rentabilitätsplan!AF7*(1+USt) -> 0 | AG7: =+Rentabilitätsplan!AG7*(1+USt) -> 0 | AH7: =+Rentabilitätsplan!AH7*(1+USt) -> 0 | AI7: =+Rentabilitätsplan!AI7*(1+USt) -> 0 | AJ7: =+Rentabilitätsplan!AJ7*(1+USt) -> 0 | AK7: =+Rentabilitätsplan!AK7*(1+USt) -> 0 | ... AO7: =+Rentabilitätsplan!AO7*(1+USt) -> 0 | AP7: =SUM(AD7:AO7) -> 0 | AQ7: =+Rentabilitätsplan!AQ7*(1+USt) -> 0 | AR7: =+Rentabilitätsplan!AR7*(1+USt) -> 0 | AS7: =+Rentabilitätsplan!AS7*(1+USt) -> 0 | AT7: =+Rentabilitätsplan!AT7*(1+USt) -> 0 | AU7: =+Rentabilitätsplan!AU7*(1+USt) -> 0 | AV7: =+Rentabilitätsplan!AV7*(1+USt) -> 0 | AW7: =+Rentabilitätsplan!AW7*(1+USt) -> 0 | AX7: =+Rentabilitätsplan!AX7*(1+USt) -> 0 | ... BB7: =+Rentabilitätsplan!BB7*(1+USt) -> 0 | BC7: =SUM(AQ7:BB7) -> 0
A8: =+Rentabilitätsplan!A8 -> Wareneinkauf/Materialaufwand
B9: =+Rentabilitätsplan!C9 -> pauschaler Wareneinsatz | D9: =+Rentabilitätsplan!D9*(1+VStWEeins) -> 0 | E9: =+Rentabilitätsplan!E9*(1+VStWEeins) -> 0 | F9: =+Rentabilitätsplan!F9*(1+VStWEeins) -> 0 | G9: =+Rentabilitätsplan!G9*(1+VStWEeins) -> 0 | H9: =+Rentabilitätsplan!H9*(1+VStWEeins) -> 0 | I9: =+Rentabilitätsplan!I9*(1+VStWEeins) -> 0 | J9: =+Rentabilitätsplan!J9*(1+VStWEeins) -> 0 | K9: =+Rentabilitätsplan!K9*(1+VStWEeins) -> 0 | ... O9: =+Rentabilitätsplan!O9*(1+VStWEeins) -> 0 | P9: =SUM(D9:O9) -> 0 | Q9: =+Rentabilitätsplan!Q9*(1+VStWE) -> 0 | R9: =+Rentabilitätsplan!R9*(1+VStWE) -> 0 | S9: =+Rentabilitätsplan!S9*(1+VStWE) -> 0 | T9: =+Rentabilitätsplan!T9*(1+VStWE) -> 0 | U9: =+Rentabilitätsplan!U9*(1+VStWE) -> 0 | V9: =+Rentabilitätsplan!V9*(1+VStWE) -> 0 | W9: =+Rentabilitätsplan!W9*(1+VStWE) -> 0 | X9: =+Rentabilitätsplan!X9*(1+VStWE) -> 0 | ... AB9: =+Rentabilitätsplan!AB9*(1+VStWE) -> 0 | AC9: =SUM(Q9:AB9) -> 0 | AD9: =+Rentabilitätsplan!AD9*(1+VStWE) -> 0 | AE9: =+Rentabilitätsplan!AE9*(1+VStWE) -> 0 | AF9: =+Rentabilitätsplan!AF9*(1+VStWE) -> 0 | AG9: =+Rentabilitätsplan!AG9*(1+VStWE) -> 0 | AH9: =+Rentabilitätsplan!AH9*(1+VStWE) -> 0 | AI9: =+Rentabilitätsplan!AI9*(1+VStWE) -> 0 | AJ9: =+Rentabilitätsplan!AJ9*(1+VStWE) -> 0 | AK9: =+Rentabilitätsplan!AK9*(1+VStWE) -> 0 | ... AO9: =+Rentabilitätsplan!AO9*(1+VStWE) -> 0 | AP9: =SUM(AD9:AO9) -> 0 | AQ9: =+Rentabilitätsplan!AQ9*(1+VStWE) -> 0 | AR9: =+Rentabilitätsplan!AR9*(1+VStWE) -> 0 | AS9: =+Rentabilitätsplan!AS9*(1+VStWE) -> 0 | AT9: =+Rentabilitätsplan!AT9*(1+VStWE) -> 0 | AU9: =+Rentabilitätsplan!AU9*(1+VStWE) -> 0 | AV9: =+Rentabilitätsplan!AV9*(1+VStWE) -> 0 | AW9: =+Rentabilitätsplan!AW9*(1+VStWE) -> 0 | AX9: =+Rentabilitätsplan!AX9*(1+VStWE) -> 0 | ... BB9: =+Rentabilitätsplan!BB9*(1+VStWE) -> 0 | BC9: =SUM(AQ9:BB9) -> 0
B10: =+Rentabilitätsplan!B10 -> Wareneinkauf Saisongeschäft | D10: =+Rentabilitätsplan!D10*(1+VStWEeins) -> 0 | E10: =+Rentabilitätsplan!E10*(1+VStWEeins) -> 0 | F10: =+Rentabilitätsplan!F10*(1+VStWEeins) -> 0 | G10: =+Rentabilitätsplan!G10*(1+VStWEeins) -> 0 | H10: =+Rentabilitätsplan!H10*(1+VStWEeins) -> 0 | I10: =+Rentabilitätsplan!I10*(1+VStWEeins) -> 0 | J10: =+Rentabilitätsplan!J10*(1+VStWEeins) -> 0 | K10: =+Rentabilitätsplan!K10*(1+VStWEeins) -> 0 | ... O10: =+Rentabilitätsplan!O10*(1+VStWEeins) -> 0 | P10: =SUM(D10:O10) -> 0 | Q10: =+Rentabilitätsplan!Q10*(1+VStWE) -> 0 | R10: =+Rentabilitätsplan!R10*(1+VStWE) -> 0 | S10: =+Rentabilitätsplan!S10*(1+VStWE) -> 0 | T10: =+Rentabilitätsplan!T10*(1+VStWE) -> 0 | U10: =+Rentabilitätsplan!U10*(1+VStWE) -> 0 | V10: =+Rentabilitätsplan!V10*(1+VStWE) -> 0 | W10: =+Rentabilitätsplan!W10*(1+VStWE) -> 0 | X10: =+Rentabilitätsplan!X10*(1+VStWE) -> 0 | ... AB10: =+Rentabilitätsplan!AB10*(1+VStWE) -> 0 | AC10: =SUM(Q10:AB10) -> 0 | AD10: =+Rentabilitätsplan!AD10*(1+VStWE) -> 0 | AE10: =+Rentabilitätsplan!AE10*(1+VStWE) -> 0 | AF10: =+Rentabilitätsplan!AF10*(1+VStWE) -> 0 | AG10: =+Rentabilitätsplan!AG10*(1+VStWE) -> 0 | AH10: =+Rentabilitätsplan!AH10*(1+VStWE) -> 0 | AI10: =+Rentabilitätsplan!AI10*(1+VStWE) -> 0 | AJ10: =+Rentabilitätsplan!AJ10*(1+VStWE) -> 0 | AK10: =+Rentabilitätsplan!AK10*(1+VStWE) -> 0 | ... AO10: =+Rentabilitätsplan!AO10*(1+VStWE) -> 0 | AP10: =SUM(AD10:AO10) -> 0 | AQ10: =+Rentabilitätsplan!AQ10*(1+VStWE) -> 0 | AR10: =+Rentabilitätsplan!AR10*(1+VStWE) -> 0 | AS10: =+Rentabilitätsplan!AS10*(1+VStWE) -> 0 | AT10: =+Rentabilitätsplan!AT10*(1+VStWE) -> 0 | AU10: =+Rentabilitätsplan!AU10*(1+VStWE) -> 0 | AV10: =+Rentabilitätsplan!AV10*(1+VStWE) -> 0 | AW10: =+Rentabilitätsplan!AW10*(1+VStWE) -> 0 | AX10: =+Rentabilitätsplan!AX10*(1+VStWE) -> 0 | ... BB10: =+Rentabilitätsplan!BB10*(1+VStWE) -> 0 | BC10: =SUM(AQ10:BB10) -> 0
B11: =+Rentabilitätsplan!B11 -> Warenlager-Erstausstattung und -aufstockung | D11: =+Rentabilitätsplan!D11*(1+VSteins) -> 0 | E11: =+Rentabilitätsplan!E11*(1+VSteins) -> 0 | F11: =+Rentabilitätsplan!F11*(1+VSteins) -> 0 | G11: =+Rentabilitätsplan!G11*(1+VSteins) -> 0 | H11: =+Rentabilitätsplan!H11*(1+VSteins) -> 0 | I11: =+Rentabilitätsplan!I11*(1+VSteins) -> 0 | J11: =+Rentabilitätsplan!J11*(1+VSteins) -> 0 | K11: =+Rentabilitätsplan!K11*(1+VSteins) -> 0 | ... O11: =+Rentabilitätsplan!O11*(1+VSteins) -> 0 | P11: =SUM(D11:O11) -> 0 | Q11: =+Rentabilitätsplan!Q11*(1+VSt) -> 0 | R11: =+Rentabilitätsplan!R11*(1+VSt) -> 0 | S11: =+Rentabilitätsplan!S11*(1+VSt) -> 0 | T11: =+Rentabilitätsplan!T11*(1+VSt) -> 0 | U11: =+Rentabilitätsplan!U11*(1+VSt) -> 0 | V11: =+Rentabilitätsplan!V11*(1+VSt) -> 0 | W11: =+Rentabilitätsplan!W11*(1+VSt) -> 0 | X11: =+Rentabilitätsplan!X11*(1+VSt) -> 0 | ... AB11: =+Rentabilitätsplan!AB11*(1+VSt) -> 0 | AC11: =SUM(Q11:AB11) -> 0 | AD11: =+Rentabilitätsplan!AD11*(1+VStWE) -> 0 | AE11: =+Rentabilitätsplan!AE11*(1+VStWE) -> 0 | AF11: =+Rentabilitätsplan!AF11*(1+VStWE) -> 0 | AG11: =+Rentabilitätsplan!AG11*(1+VStWE) -> 0 | AH11: =+Rentabilitätsplan!AH11*(1+VStWE) -> 0 | AI11: =+Rentabilitätsplan!AI11*(1+VStWE) -> 0 | AJ11: =+Rentabilitätsplan!AJ11*(1+VStWE) -> 0 | AK11: =+Rentabilitätsplan!AK11*(1+VStWE) -> 0 | ... AO11: =+Rentabilitätsplan!AO11*(1+VStWE) -> 0 | AP11: =SUM(AD11:AO11) -> 0 | AQ11: =+Rentabilitätsplan!AQ11*(1+VStWE) -> 0 | AR11: =+Rentabilitätsplan!AR11*(1+VStWE) -> 0 | AS11: =+Rentabilitätsplan!AS11*(1+VStWE) -> 0 | AT11: =+Rentabilitätsplan!AT11*(1+VStWE) -> 0 | AU11: =+Rentabilitätsplan!AU11*(1+VStWE) -> 0 | AV11: =+Rentabilitätsplan!AV11*(1+VStWE) -> 0 | AW11: =+Rentabilitätsplan!AW11*(1+VStWE) -> 0 | AX11: =+Rentabilitätsplan!AX11*(1+VStWE) -> 0 | ... BB11: =+Rentabilitätsplan!BB11*(1+VStWE) -> 0 | BC11: =SUM(AQ11:BB11) -> 0
B12: =+Rentabilitätsplan!B12 -> Fremdleistungen | D12: =+Rentabilitätsplan!D12*(1+VSteins) -> 0 | E12: =+Rentabilitätsplan!E12*(1+VSteins) -> 0 | F12: =+Rentabilitätsplan!F12*(1+VSteins) -> 0 | G12: =+Rentabilitätsplan!G12*(1+VSteins) -> 0 | H12: =+Rentabilitätsplan!H12*(1+VSteins) -> 0 | I12: =+Rentabilitätsplan!I12*(1+VSteins) -> 0 | J12: =+Rentabilitätsplan!J12*(1+VSteins) -> 0 | K12: =+Rentabilitätsplan!K12*(1+VSteins) -> 0 | ... O12: =+Rentabilitätsplan!O12*(1+VSteins) -> 0 | P12: =SUM(D12:O12) -> 0 | Q12: =+Rentabilitätsplan!Q12*(1+VSt) -> 0 | R12: =+Rentabilitätsplan!R12*(1+VSt) -> 0 | S12: =+Rentabilitätsplan!S12*(1+VSt) -> 0 | T12: =+Rentabilitätsplan!T12*(1+VSt) -> 0 | U12: =+Rentabilitätsplan!U12*(1+VSt) -> 0 | V12: =+Rentabilitätsplan!V12*(1+VSt) -> 0 | W12: =+Rentabilitätsplan!W12*(1+VSt) -> 0 | X12: =+Rentabilitätsplan!X12*(1+VSt) -> 0 | ... AB12: =+Rentabilitätsplan!AB12*(1+VSt) -> 0 | AC12: =SUM(Q12:AB12) -> 0 | AD12: =+Rentabilitätsplan!AD12*(1+VStWE) -> 0 | AE12: =+Rentabilitätsplan!AE12*(1+VStWE) -> 0 | AF12: =+Rentabilitätsplan!AF12*(1+VStWE) -> 0 | AG12: =+Rentabilitätsplan!AG12*(1+VStWE) -> 0 | AH12: =+Rentabilitätsplan!AH12*(1+VStWE) -> 0 | AI12: =+Rentabilitätsplan!AI12*(1+VStWE) -> 0 | AJ12: =+Rentabilitätsplan!AJ12*(1+VStWE) -> 0 | AK12: =+Rentabilitätsplan!AK12*(1+VStWE) -> 0 | ... AO12: =+Rentabilitätsplan!AO12*(1+VStWE) -> 0 | AP12: =SUM(AD12:AO12) -> 0 | AQ12: =+Rentabilitätsplan!AQ12*(1+VStWE) -> 0 | AR12: =+Rentabilitätsplan!AR12*(1+VStWE) -> 0 | AS12: =+Rentabilitätsplan!AS12*(1+VStWE) -> 0 | AT12: =+Rentabilitätsplan!AT12*(1+VStWE) -> 0 | AU12: =+Rentabilitätsplan!AU12*(1+VStWE) -> 0 | AV12: =+Rentabilitätsplan!AV12*(1+VStWE) -> 0 | AW12: =+Rentabilitätsplan!AW12*(1+VStWE) -> 0 | AX12: =+Rentabilitätsplan!AX12*(1+VStWE) -> 0 | ... BB12: =+Rentabilitätsplan!BB12*(1+VStWE) -> 0 | BC12: =SUM(AQ12:BB12) -> 0
A13: =+Rentabilitätsplan!A13 -> Rohergebnis | D13: =+D3+D4+D5-D6+D7-D9-D10-D11-D12 -> 0 | E13: =+E3+E4+E5-E6+E7-E9-E10-E11-E12 -> 0 | F13: =+F3+F4+F5-F6+F7-F9-F10-F11-F12 -> 0 | G13: =+G3+G4+G5-G6+G7-G9-G10-G11-G12 -> 0 | H13: =+H3+H4+H5-H6+H7-H9-H10-H11-H12 -> 0 | I13: =+I3+I4+I5-I6+I7-I9-I10-I11-I12 -> 0 | J13: =+J3+J4+J5-J6+J7-J9-J10-J11-J12 -> 0 | K13: =+K3+K4+K5-K6+K7-K9-K10-K11-K12 -> 0 | ... BC13: =+BC3+BC4+BC5-BC6+BC7-BC9-BC10-BC11-BC12 -> 0
A14: =+Rentabilitätsplan!A14 -> Personalaufwand incl. Sozialabgaben (ca. 22%) | D14: =+Rentabilitätsplan!D14 -> 0 | E14: =+Rentabilitätsplan!E14 -> 0 | F14: =+Rentabilitätsplan!F14 -> 0 | G14: =+Rentabilitätsplan!G14 -> 0 | H14: =+Rentabilitätsplan!H14 -> 0 | I14: =+Rentabilitätsplan!I14 -> 0 | J14: =+Rentabilitätsplan!J14 -> 0 | K14: =+Rentabilitätsplan!K14 -> 0 | ... O14: =+Rentabilitätsplan!O14 -> 0 | P14: =SUM(D14:O14) -> 0 | Q14: =+Rentabilitätsplan!Q14 -> 0 | R14: =+Rentabilitätsplan!R14 -> 0 | S14: =+Rentabilitätsplan!S14 -> 0 | T14: =+Rentabilitätsplan!T14 -> 0 | U14: =+Rentabilitätsplan!U14 -> 0 | V14: =+Rentabilitätsplan!V14 -> 0 | W14: =+Rentabilitätsplan!W14 -> 0 | X14: =+Rentabilitätsplan!X14 -> 0 | ... AB14: =+Rentabilitätsplan!AB14 -> 0 | AC14: =SUM(Q14:AB14) -> 0 | AD14: =+Rentabilitätsplan!AD14 -> 0 | AE14: =+Rentabilitätsplan!AE14 -> 0 | AF14: =+Rentabilitätsplan!AF14 -> 0 | AG14: =+Rentabilitätsplan!AG14 -> 0 | AH14: =+Rentabilitätsplan!AH14 -> 0 | AI14: =+Rentabilitätsplan!AI14 -> 0 | AJ14: =+Rentabilitätsplan!AJ14 -> 0 | AK14: =+Rentabilitätsplan!AK14 -> 0 | ... AO14: =+Rentabilitätsplan!AO14 -> 0 | AP14: =SUM(AD14:AO14) -> 0 | AQ14: =+Rentabilitätsplan!AQ14 -> 0 | AR14: =+Rentabilitätsplan!AR14 -> 0 | AS14: =+Rentabilitätsplan!AS14 -> 0 | AT14: =+Rentabilitätsplan!AT14 -> 0 | AU14: =+Rentabilitätsplan!AU14 -> 0 | AV14: =+Rentabilitätsplan!AV14 -> 0 | AW14: =+Rentabilitätsplan!AW14 -> 0 | AX14: =+Rentabilitätsplan!AX14 -> 0 | ... BB14: =+Rentabilitätsplan!BB14 -> 0 | BC14: =SUM(AQ14:BB14) -> 0
A15: =+Rentabilitätsplan!A16 -> Sonstige betriebliche Aufwendungen
B16: =+Rentabilitätsplan!B17 -> Raumkosten (Miete, Nebenkosten, Reinigung etc.)
C17: =+Rentabilitätsplan!C18 -> Miete und Nebenkosten | D17: =+Rentabilitätsplan!D18*(1+VSteins) -> 0 | E17: =+Rentabilitätsplan!E18*(1+VSteins) -> 0 | F17: =+Rentabilitätsplan!F18*(1+VSteins) -> 0 | G17: =+Rentabilitätsplan!G18*(1+VSteins) -> 0 | H17: =+Rentabilitätsplan!H18*(1+VSteins) -> 0 | I17: =+Rentabilitätsplan!I18*(1+VSteins) -> 0 | J17: =+Rentabilitätsplan!J18*(1+VSteins) -> 0 | K17: =+Rentabilitätsplan!K18*(1+VSteins) -> 0 | ... O17: =+Rentabilitätsplan!O18*(1+VSteins) -> 0 | P17: =SUM(D17:O17) -> 0 | Q17: =+Rentabilitätsplan!Q18*(1+VSt) -> 0 | R17: =+Rentabilitätsplan!R18*(1+VSt) -> 0 | S17: =+Rentabilitätsplan!S18*(1+VSt) -> 0 | T17: =+Rentabilitätsplan!T18*(1+VSt) -> 0 | U17: =+Rentabilitätsplan!U18*(1+VSt) -> 0 | V17: =+Rentabilitätsplan!V18*(1+VSt) -> 0 | W17: =+Rentabilitätsplan!W18*(1+VSt) -> 0 | X17: =+Rentabilitätsplan!X18*(1+VSt) -> 0 | ... AB17: =+Rentabilitätsplan!AB18*(1+VSt) -> 0 | AC17: =SUM(Q17:AB17) -> 0 | AD17: =+Rentabilitätsplan!AD18*(1+VSt) -> 0 | AE17: =+Rentabilitätsplan!AE18*(1+VSt) -> 0 | AF17: =+Rentabilitätsplan!AF18*(1+VSt) -> 0 | AG17: =+Rentabilitätsplan!AG18*(1+VSt) -> 0 | AH17: =+Rentabilitätsplan!AH18*(1+VSt) -> 0 | AI17: =+Rentabilitätsplan!AI18*(1+VSt) -> 0 | AJ17: =+Rentabilitätsplan!AJ18*(1+VSt) -> 0 | AK17: =+Rentabilitätsplan!AK18*(1+VSt) -> 0 | ... AO17: =+Rentabilitätsplan!AO18*(1+VSt) -> 0 | AP17: =SUM(AD17:AO17) -> 0 | AQ17: =+Rentabilitätsplan!AQ18*(1+VSt) -> 0 | AR17: =+Rentabilitätsplan!AR18*(1+VSt) -> 0 | AS17: =+Rentabilitätsplan!AS18*(1+VSt) -> 0 | AT17: =+Rentabilitätsplan!AT18*(1+VSt) -> 0 | AU17: =+Rentabilitätsplan!AU18*(1+VSt) -> 0 | AV17: =+Rentabilitätsplan!AV18*(1+VSt) -> 0 | AW17: =+Rentabilitätsplan!AW18*(1+VSt) -> 0 | AX17: =+Rentabilitätsplan!AX18*(1+VSt) -> 0 | ... BB17: =+Rentabilitätsplan!BB18*(1+VSt) -> 0 | BC17: =SUM(AQ17:BB17) -> 0
C18: =+Rentabilitätsplan!C19 -> Instandhaltung | D18: =+Rentabilitätsplan!D19*(1+VSteins) -> 0 | E18: =+Rentabilitätsplan!E19*(1+VSteins) -> 0 | F18: =+Rentabilitätsplan!F19*(1+VSteins) -> 0 | G18: =+Rentabilitätsplan!G19*(1+VSteins) -> 0 | H18: =+Rentabilitätsplan!H19*(1+VSteins) -> 0 | I18: =+Rentabilitätsplan!I19*(1+VSteins) -> 0 | J18: =+Rentabilitätsplan!J19*(1+VSteins) -> 0 | K18: =+Rentabilitätsplan!K19*(1+VSteins) -> 0 | ... O18: =+Rentabilitätsplan!O19*(1+VSteins) -> 0 | P18: =SUM(D18:O18) -> 0 | Q18: =+Rentabilitätsplan!Q19*(1+VSt) -> 0 | R18: =+Rentabilitätsplan!R19*(1+VSt) -> 0 | S18: =+Rentabilitätsplan!S19*(1+VSt) -> 0 | T18: =+Rentabilitätsplan!T19*(1+VSt) -> 0 | U18: =+Rentabilitätsplan!U19*(1+VSt) -> 0 | V18: =+Rentabilitätsplan!V19*(1+VSt) -> 0 | W18: =+Rentabilitätsplan!W19*(1+VSt) -> 0 | X18: =+Rentabilitätsplan!X19*(1+VSt) -> 0 | ... AB18: =+Rentabilitätsplan!AB19*(1+VSt) -> 0 | AC18: =SUM(Q18:AB18) -> 0 | AD18: =+Rentabilitätsplan!AD19*(1+VSt) -> 0 | AE18: =+Rentabilitätsplan!AE19*(1+VSt) -> 0 | AF18: =+Rentabilitätsplan!AF19*(1+VSt) -> 0 | AG18: =+Rentabilitätsplan!AG19*(1+VSt) -> 0 | AH18: =+Rentabilitätsplan!AH19*(1+VSt) -> 0 | AI18: =+Rentabilitätsplan!AI19*(1+VSt) -> 0 | AJ18: =+Rentabilitätsplan!AJ19*(1+VSt) -> 0 | AK18: =+Rentabilitätsplan!AK19*(1+VSt) -> 0 | ... AO18: =+Rentabilitätsplan!AO19*(1+VSt) -> 0 | AP18: =SUM(AD18:AO18) -> 0 | AQ18: =+Rentabilitätsplan!AQ19*(1+VSt) -> 0 | AR18: =+Rentabilitätsplan!AR19*(1+VSt) -> 0 | AS18: =+Rentabilitätsplan!AS19*(1+VSt) -> 0 | AT18: =+Rentabilitätsplan!AT19*(1+VSt) -> 0 | AU18: =+Rentabilitätsplan!AU19*(1+VSt) -> 0 | AV18: =+Rentabilitätsplan!AV19*(1+VSt) -> 0 | AW18: =+Rentabilitätsplan!AW19*(1+VSt) -> 0 | AX18: =+Rentabilitätsplan!AX19*(1+VSt) -> 0 | ... BB18: =+Rentabilitätsplan!BB19*(1+VSt) -> 0 | BC18: =SUM(AQ18:BB18) -> 0
B19: =+Rentabilitätsplan!B20 -> Telefon, Fax | D19: =+Rentabilitätsplan!D20*(1+VSteins) -> 0 | E19: =+Rentabilitätsplan!E20*(1+VSteins) -> 0 | F19: =+Rentabilitätsplan!F20*(1+VSteins) -> 0 | G19: =+Rentabilitätsplan!G20*(1+VSteins) -> 0 | H19: =+Rentabilitätsplan!H20*(1+VSteins) -> 0 | I19: =+Rentabilitätsplan!I20*(1+VSteins) -> 0 | J19: =+Rentabilitätsplan!J20*(1+VSteins) -> 0 | K19: =+Rentabilitätsplan!K20*(1+VSteins) -> 0 | ... O19: =+Rentabilitätsplan!O20*(1+VSteins) -> 0 | P19: =SUM(D19:O19) -> 0 | Q19: =+Rentabilitätsplan!Q20*(1+VSt) -> 0 | R19: =+Rentabilitätsplan!R20*(1+VSt) -> 0 | S19: =+Rentabilitätsplan!S20*(1+VSt) -> 0 | T19: =+Rentabilitätsplan!T20*(1+VSt) -> 0 | U19: =+Rentabilitätsplan!U20*(1+VSt) -> 0 | V19: =+Rentabilitätsplan!V20*(1+VSt) -> 0 | W19: =+Rentabilitätsplan!W20*(1+VSt) -> 0 | X19: =+Rentabilitätsplan!X20*(1+VSt) -> 0 | ... AB19: =+Rentabilitätsplan!AB20*(1+VSt) -> 0 | AC19: =SUM(Q19:AB19) -> 0 | AD19: =+Rentabilitätsplan!AD20*(1+VSt) -> 0 | AE19: =+Rentabilitätsplan!AE20*(1+VSt) -> 0 | AF19: =+Rentabilitätsplan!AF20*(1+VSt) -> 0 | AG19: =+Rentabilitätsplan!AG20*(1+VSt) -> 0 | AH19: =+Rentabilitätsplan!AH20*(1+VSt) -> 0 | AI19: =+Rentabilitätsplan!AI20*(1+VSt) -> 0 | AJ19: =+Rentabilitätsplan!AJ20*(1+VSt) -> 0 | AK19: =+Rentabilitätsplan!AK20*(1+VSt) -> 0 | ... AO19: =+Rentabilitätsplan!AO20*(1+VSt) -> 0 | AP19: =SUM(AD19:AO19) -> 0 | AQ19: =+Rentabilitätsplan!AQ20*(1+VSt) -> 0 | AR19: =+Rentabilitätsplan!AR20*(1+VSt) -> 0 | AS19: =+Rentabilitätsplan!AS20*(1+VSt) -> 0 | AT19: =+Rentabilitätsplan!AT20*(1+VSt) -> 0 | AU19: =+Rentabilitätsplan!AU20*(1+VSt) -> 0 | AV19: =+Rentabilitätsplan!AV20*(1+VSt) -> 0 | AW19: =+Rentabilitätsplan!AW20*(1+VSt) -> 0 | AX19: =+Rentabilitätsplan!AX20*(1+VSt) -> 0 | ... BB19: =+Rentabilitätsplan!BB20*(1+VSt) -> 0 | BC19: =SUM(AQ19:BB19) -> 0
B20: =+Rentabilitätsplan!B21 -> Kfz-Kosten
C21: =+Rentabilitätsplan!C22 -> Kfz-Versicherungen | D21: =+Rentabilitätsplan!D22 -> 0 | E21: =+Rentabilitätsplan!E22 -> 0 | F21: =+Rentabilitätsplan!F22 -> 0 | G21: =+Rentabilitätsplan!G22 -> 0 | H21: =+Rentabilitätsplan!H22 -> 0 | I21: =+Rentabilitätsplan!I22 -> 0 | J21: =+Rentabilitätsplan!J22 -> 0 | ... O21: =+Rentabilitätsplan!O22 -> 0 | P21: =SUM(D21:O21) -> 0 | Q21: =+Rentabilitätsplan!Q22 -> 0 | R21: =+Rentabilitätsplan!R22 -> 0 | S21: =+Rentabilitätsplan!S22 -> 0 | T21: =+Rentabilitätsplan!T22 -> 0 | U21: =+Rentabilitätsplan!U22 -> 0 | V21: =+Rentabilitätsplan!V22 -> 0 | W21: =+Rentabilitätsplan!W22 -> 0 | X21: =+Rentabilitätsplan!X22 -> 0 | ... AB21: =+Rentabilitätsplan!AB22 -> 0 | AC21: =SUM(Q21:AB21) -> 0 | AD21: =+Rentabilitätsplan!AD22 -> 0 | AE21: =+Rentabilitätsplan!AE22 -> 0 | AF21: =+Rentabilitätsplan!AF22 -> 0 | AG21: =+Rentabilitätsplan!AG22 -> 0 | AH21: =+Rentabilitätsplan!AH22 -> 0 | AI21: =+Rentabilitätsplan!AI22 -> 0 | AJ21: =+Rentabilitätsplan!AJ22 -> 0 | AK21: =+Rentabilitätsplan!AK22 -> 0 | ... AO21: =+Rentabilitätsplan!AO22 -> 0 | AP21: =SUM(AD21:AO21) -> 0 | AQ21: =+Rentabilitätsplan!AQ22 -> 0 | AR21: =+Rentabilitätsplan!AR22 -> 0 | AS21: =+Rentabilitätsplan!AS22 -> 0 | AT21: =+Rentabilitätsplan!AT22 -> 0 | AU21: =+Rentabilitätsplan!AU22 -> 0 | AV21: =+Rentabilitätsplan!AV22 -> 0 | AW21: =+Rentabilitätsplan!AW22 -> 0 | AX21: =+Rentabilitätsplan!AX22 -> 0 | ... BB21: =+Rentabilitätsplan!BB22 -> 0 | BC21: =SUM(AQ21:BB21) -> 0
C22: =+Rentabilitätsplan!C23 -> Wartung und Reparatur | D22: =+Rentabilitätsplan!D23*(1+VSteins) -> 0 | E22: =+Rentabilitätsplan!E23*(1+VSteins) -> 0 | F22: =+Rentabilitätsplan!F23*(1+VSteins) -> 0 | G22: =+Rentabilitätsplan!G23*(1+VSteins) -> 0 | H22: =+Rentabilitätsplan!H23*(1+VSteins) -> 0 | I22: =+Rentabilitätsplan!I23*(1+VSteins) -> 0 | J22: =+Rentabilitätsplan!J23*(1+VSteins) -> 0 | K22: =+Rentabilitätsplan!K23*(1+VSteins) -> 0 | ... O22: =+Rentabilitätsplan!O23*(1+VSteins) -> 0 | P22: =SUM(D22:O22) -> 0 | Q22: =+Rentabilitätsplan!Q23*(1+VSt) -> 0 | R22: =+Rentabilitätsplan!R23*(1+VSt) -> 0 | S22: =+Rentabilitätsplan!S23*(1+VSt) -> 0 | T22: =+Rentabilitätsplan!T23*(1+VSt) -> 0 | U22: =+Rentabilitätsplan!U23*(1+VSt) -> 0 | V22: =+Rentabilitätsplan!V23*(1+VSt) -> 0 | W22: =+Rentabilitätsplan!W23*(1+VSt) -> 0 | X22: =+Rentabilitätsplan!X23*(1+VSt) -> 0 | ... AB22: =+Rentabilitätsplan!AB23*(1+VSt) -> 0 | AC22: =SUM(Q22:AB22) -> 0 | AD22: =+Rentabilitätsplan!AD23*(1+VSt) -> 0 | AE22: =+Rentabilitätsplan!AE23*(1+VSt) -> 0 | AF22: =+Rentabilitätsplan!AF23*(1+VSt) -> 0 | AG22: =+Rentabilitätsplan!AG23*(1+VSt) -> 0 | AH22: =+Rentabilitätsplan!AH23*(1+VSt) -> 0 | AI22: =+Rentabilitätsplan!AI23*(1+VSt) -> 0 | AJ22: =+Rentabilitätsplan!AJ23*(1+VSt) -> 0 | AK22: =+Rentabilitätsplan!AK23*(1+VSt) -> 0 | ... AO22: =+Rentabilitätsplan!AO23*(1+VSt) -> 0 | AP22: =SUM(AD22:AO22) -> 0 | AQ22: =+Rentabilitätsplan!AQ23*(1+VSt) -> 0 | AR22: =+Rentabilitätsplan!AR23*(1+VSt) -> 0 | AS22: =+Rentabilitätsplan!AS23*(1+VSt) -> 0 | AT22: =+Rentabilitätsplan!AT23*(1+VSt) -> 0 | AU22: =+Rentabilitätsplan!AU23*(1+VSt) -> 0 | AV22: =+Rentabilitätsplan!AV23*(1+VSt) -> 0 | AW22: =+Rentabilitätsplan!AW23*(1+VSt) -> 0 | AX22: =+Rentabilitätsplan!AX23*(1+VSt) -> 0 | ... BB22: =+Rentabilitätsplan!BB23*(1+VSt) -> 0 | BC22: =SUM(AQ22:BB22) -> 0
C23: =+Rentabilitätsplan!C24 -> Leasing (nur Kfz) | D23: =+Rentabilitätsplan!D24*(1+VSteins) -> 0 | E23: =+Rentabilitätsplan!E24*(1+VSteins) -> 0 | F23: =+Rentabilitätsplan!F24*(1+VSteins) -> 0 | G23: =+Rentabilitätsplan!G24*(1+VSteins) -> 0 | H23: =+Rentabilitätsplan!H24*(1+VSteins) -> 0 | I23: =+Rentabilitätsplan!I24*(1+VSteins) -> 0 | J23: =+Rentabilitätsplan!J24*(1+VSteins) -> 0 | K23: =+Rentabilitätsplan!K24*(1+VSteins) -> 0 | ... O23: =+Rentabilitätsplan!O24*(1+VSteins) -> 0 | P23: =SUM(D23:O23) -> 0 | Q23: =+Rentabilitätsplan!Q24*(1+VSt) -> 0 | R23: =+Rentabilitätsplan!R24*(1+VSt) -> 0 | S23: =+Rentabilitätsplan!S24*(1+VSt) -> 0 | T23: =+Rentabilitätsplan!T24*(1+VSt) -> 0 | U23: =+Rentabilitätsplan!U24*(1+VSt) -> 0 | V23: =+Rentabilitätsplan!V24*(1+VSt) -> 0 | W23: =+Rentabilitätsplan!W24*(1+VSt) -> 0 | X23: =+Rentabilitätsplan!X24*(1+VSt) -> 0 | ... AB23: =+Rentabilitätsplan!AB24*(1+VSt) -> 0 | AC23: =SUM(Q23:AB23) -> 0 | AD23: =+Rentabilitätsplan!AD24*(1+VSt) -> 0 | AE23: =+Rentabilitätsplan!AE24*(1+VSt) -> 0 | AF23: =+Rentabilitätsplan!AF24*(1+VSt) -> 0 | AG23: =+Rentabilitätsplan!AG24*(1+VSt) -> 0 | AH23: =+Rentabilitätsplan!AH24*(1+VSt) -> 0 | AI23: =+Rentabilitätsplan!AI24*(1+VSt) -> 0 | AJ23: =+Rentabilitätsplan!AJ24*(1+VSt) -> 0 | AK23: =+Rentabilitätsplan!AK24*(1+VSt) -> 0 | ... AO23: =+Rentabilitätsplan!AO24*(1+VSt) -> 0 | AP23: =SUM(AD23:AO23) -> 0 | AQ23: =+Rentabilitätsplan!AQ24*(1+VSt) -> 0 | AR23: =+Rentabilitätsplan!AR24*(1+VSt) -> 0 | AS23: =+Rentabilitätsplan!AS24*(1+VSt) -> 0 | AT23: =+Rentabilitätsplan!AT24*(1+VSt) -> 0 | AU23: =+Rentabilitätsplan!AU24*(1+VSt) -> 0 | AV23: =+Rentabilitätsplan!AV24*(1+VSt) -> 0 | AW23: =+Rentabilitätsplan!AW24*(1+VSt) -> 0 | AX23: =+Rentabilitätsplan!AX24*(1+VSt) -> 0 | ... BB23: =+Rentabilitätsplan!BB24*(1+VSt) -> 0 | BC23: =SUM(AQ23:BB23) -> 0
C24: =+Rentabilitätsplan!C25 -> Betriebskosten | D24: =+Rentabilitätsplan!D25*(1+VSteins) -> 0 | E24: =+Rentabilitätsplan!E25*(1+VSteins) -> 0 | F24: =+Rentabilitätsplan!F25*(1+VSteins) -> 0 | G24: =+Rentabilitätsplan!G25*(1+VSteins) -> 0 | H24: =+Rentabilitätsplan!H25*(1+VSteins) -> 0 | I24: =+Rentabilitätsplan!I25*(1+VSteins) -> 0 | J24: =+Rentabilitätsplan!J25*(1+VSteins) -> 0 | K24: =+Rentabilitätsplan!K25*(1+VSteins) -> 0 | ... O24: =+Rentabilitätsplan!O25*(1+VSteins) -> 0 | P24: =SUM(D24:O24) -> 0 | Q24: =+Rentabilitätsplan!Q25*(1+VSt) -> 0 | R24: =+Rentabilitätsplan!R25*(1+VSt) -> 0 | S24: =+Rentabilitätsplan!S25*(1+VSt) -> 0 | T24: =+Rentabilitätsplan!T25*(1+VSt) -> 0 | U24: =+Rentabilitätsplan!U25*(1+VSt) -> 0 | V24: =+Rentabilitätsplan!V25*(1+VSt) -> 0 | W24: =+Rentabilitätsplan!W25*(1+VSt) -> 0 | X24: =+Rentabilitätsplan!X25*(1+VSt) -> 0 | ... AB24: =+Rentabilitätsplan!AB25*(1+VSt) -> 0 | AC24: =SUM(Q24:AB24) -> 0 | AD24: =+Rentabilitätsplan!AD25*(1+VSt) -> 0 | AE24: =+Rentabilitätsplan!AE25*(1+VSt) -> 0 | AF24: =+Rentabilitätsplan!AF25*(1+VSt) -> 0 | AG24: =+Rentabilitätsplan!AG25*(1+VSt) -> 0 | AH24: =+Rentabilitätsplan!AH25*(1+VSt) -> 0 | AI24: =+Rentabilitätsplan!AI25*(1+VSt) -> 0 | AJ24: =+Rentabilitätsplan!AJ25*(1+VSt) -> 0 | AK24: =+Rentabilitätsplan!AK25*(1+VSt) -> 0 | ... AO24: =+Rentabilitätsplan!AO25*(1+VSt) -> 0 | AP24: =SUM(AD24:AO24) -> 0 | AQ24: =+Rentabilitätsplan!AQ25*(1+VSt) -> 0 | AR24: =+Rentabilitätsplan!AR25*(1+VSt) -> 0 | AS24: =+Rentabilitätsplan!AS25*(1+VSt) -> 0 | AT24: =+Rentabilitätsplan!AT25*(1+VSt) -> 0 | AU24: =+Rentabilitätsplan!AU25*(1+VSt) -> 0 | AV24: =+Rentabilitätsplan!AV25*(1+VSt) -> 0 | AW24: =+Rentabilitätsplan!AW25*(1+VSt) -> 0 | AX24: =+Rentabilitätsplan!AX25*(1+VSt) -> 0 | ... BB24: =+Rentabilitätsplan!BB25*(1+VSt) -> 0 | BC24: =SUM(AQ24:BB24) -> 0
B25: =+Rentabilitätsplan!B26 -> Reise- und Bewirtungskosten | D25: =+Rentabilitätsplan!D26*(1+VSteins) -> 0 | E25: =+Rentabilitätsplan!E26*(1+VSteins) -> 0 | F25: =+Rentabilitätsplan!F26*(1+VSteins) -> 0 | G25: =+Rentabilitätsplan!G26*(1+VSteins) -> 0 | H25: =+Rentabilitätsplan!H26*(1+VSteins) -> 0 | I25: =+Rentabilitätsplan!I26*(1+VSteins) -> 0 | J25: =+Rentabilitätsplan!J26*(1+VSteins) -> 0 | K25: =+Rentabilitätsplan!K26*(1+VSteins) -> 0 | ... O25: =+Rentabilitätsplan!O26*(1+VSteins) -> 0 | P25: =SUM(D25:O25) -> 0 | Q25: =+Rentabilitätsplan!Q26*(1+VSt) -> 0 | R25: =+Rentabilitätsplan!R26*(1+VSt) -> 0 | S25: =+Rentabilitätsplan!S26*(1+VSt) -> 0 | T25: =+Rentabilitätsplan!T26*(1+VSt) -> 0 | U25: =+Rentabilitätsplan!U26*(1+VSt) -> 0 | V25: =+Rentabilitätsplan!V26*(1+VSt) -> 0 | W25: =+Rentabilitätsplan!W26*(1+VSt) -> 0 | X25: =+Rentabilitätsplan!X26*(1+VSt) -> 0 | ... AB25: =+Rentabilitätsplan!AB26*(1+VSt) -> 0 | AC25: =SUM(Q25:AB25) -> 0 | AD25: =+Rentabilitätsplan!AD26*(1+VSt) -> 0 | AE25: =+Rentabilitätsplan!AE26*(1+VSt) -> 0 | AF25: =+Rentabilitätsplan!AF26*(1+VSt) -> 0 | AG25: =+Rentabilitätsplan!AG26*(1+VSt) -> 0 | AH25: =+Rentabilitätsplan!AH26*(1+VSt) -> 0 | AI25: =+Rentabilitätsplan!AI26*(1+VSt) -> 0 | AJ25: =+Rentabilitätsplan!AJ26*(1+VSt) -> 0 | AK25: =+Rentabilitätsplan!AK26*(1+VSt) -> 0 | ... AO25: =+Rentabilitätsplan!AO26*(1+VSt) -> 0 | AP25: =SUM(AD25:AO25) -> 0 | AQ25: =+Rentabilitätsplan!AQ26*(1+VSt) -> 0 | AR25: =+Rentabilitätsplan!AR26*(1+VSt) -> 0 | AS25: =+Rentabilitätsplan!AS26*(1+VSt) -> 0 | AT25: =+Rentabilitätsplan!AT26*(1+VSt) -> 0 | AU25: =+Rentabilitätsplan!AU26*(1+VSt) -> 0 | AV25: =+Rentabilitätsplan!AV26*(1+VSt) -> 0 | AW25: =+Rentabilitätsplan!AW26*(1+VSt) -> 0 | AX25: =+Rentabilitätsplan!AX26*(1+VSt) -> 0 | ... BB25: =+Rentabilitätsplan!BB26*(1+VSt) -> 0 | BC25: =SUM(AQ25:BB25) -> 0
B26: =+Rentabilitätsplan!B27 -> Anzeigen- und sonst. Werbung | D26: =+Rentabilitätsplan!D27*(1+VSteins) -> 0 | E26: =+Rentabilitätsplan!E27*(1+VSteins) -> 0 | F26: =+Rentabilitätsplan!F27*(1+VSteins) -> 0 | G26: =+Rentabilitätsplan!G27*(1+VSteins) -> 0 | H26: =+Rentabilitätsplan!H27*(1+VSteins) -> 0 | I26: =+Rentabilitätsplan!I27*(1+VSteins) -> 0 | J26: =+Rentabilitätsplan!J27*(1+VSteins) -> 0 | K26: =+Rentabilitätsplan!K27*(1+VSteins) -> 0 | ... O26: =+Rentabilitätsplan!O27*(1+VSteins) -> 0 | P26: =SUM(D26:O26) -> 0 | Q26: =+Rentabilitätsplan!Q27*(1+VSt) -> 0 | R26: =+Rentabilitätsplan!R27*(1+VSt) -> 0 | S26: =+Rentabilitätsplan!S27*(1+VSt) -> 0 | T26: =+Rentabilitätsplan!T27*(1+VSt) -> 0 | U26: =+Rentabilitätsplan!U27*(1+VSt) -> 0 | V26: =+Rentabilitätsplan!V27*(1+VSt) -> 0 | W26: =+Rentabilitätsplan!W27*(1+VSt) -> 0 | X26: =+Rentabilitätsplan!X27*(1+VSt) -> 0 | ... AB26: =+Rentabilitätsplan!AB27*(1+VSt) -> 0 | AC26: =SUM(Q26:AB26) -> 0 | AD26: =+Rentabilitätsplan!AD27*(1+VSt) -> 0 | AE26: =+Rentabilitätsplan!AE27*(1+VSt) -> 0 | AF26: =+Rentabilitätsplan!AF27*(1+VSt) -> 0 | AG26: =+Rentabilitätsplan!AG27*(1+VSt) -> 0 | AH26: =+Rentabilitätsplan!AH27*(1+VSt) -> 0 | AI26: =+Rentabilitätsplan!AI27*(1+VSt) -> 0 | AJ26: =+Rentabilitätsplan!AJ27*(1+VSt) -> 0 | AK26: =+Rentabilitätsplan!AK27*(1+VSt) -> 0 | ... AO26: =+Rentabilitätsplan!AO27*(1+VSt) -> 0 | AP26: =SUM(AD26:AO26) -> 0 | AQ26: =+Rentabilitätsplan!AQ27*(1+VSt) -> 0 | AR26: =+Rentabilitätsplan!AR27*(1+VSt) -> 0 | AS26: =+Rentabilitätsplan!AS27*(1+VSt) -> 0 | AT26: =+Rentabilitätsplan!AT27*(1+VSt) -> 0 | AU26: =+Rentabilitätsplan!AU27*(1+VSt) -> 0 | AV26: =+Rentabilitätsplan!AV27*(1+VSt) -> 0 | AW26: =+Rentabilitätsplan!AW27*(1+VSt) -> 0 | AX26: =+Rentabilitätsplan!AX27*(1+VSt) -> 0 | ... BB26: =+Rentabilitätsplan!BB27*(1+VSt) -> 0 | BC26: =SUM(AQ26:BB26) -> 0
B27: =+Rentabilitätsplan!B28 -> Kosten der Warenabgabe
C28: =+Rentabilitätsplan!C29 -> Verpackung/Ausgangsfrachten | D28: =+Rentabilitätsplan!D29*(1+VSteins) -> 0 | E28: =+Rentabilitätsplan!E29*(1+VSteins) -> 0 | F28: =+Rentabilitätsplan!F29*(1+VSteins) -> 0 | G28: =+Rentabilitätsplan!G29*(1+VSteins) -> 0 | H28: =+Rentabilitätsplan!H29*(1+VSteins) -> 0 | I28: =+Rentabilitätsplan!I29*(1+VSteins) -> 0 | J28: =+Rentabilitätsplan!J29*(1+VSteins) -> 0 | K28: =+Rentabilitätsplan!K29*(1+VSteins) -> 0 | ... O28: =+Rentabilitätsplan!O29*(1+VSteins) -> 0 | P28: =SUM(D28:O28) -> 0 | Q28: =+Rentabilitätsplan!Q29*(1+VSt) -> 0 | R28: =+Rentabilitätsplan!R29*(1+VSt) -> 0 | S28: =+Rentabilitätsplan!S29*(1+VSt) -> 0 | T28: =+Rentabilitätsplan!T29*(1+VSt) -> 0 | U28: =+Rentabilitätsplan!U29*(1+VSt) -> 0 | V28: =+Rentabilitätsplan!V29*(1+VSt) -> 0 | W28: =+Rentabilitätsplan!W29*(1+VSt) -> 0 | X28: =+Rentabilitätsplan!X29*(1+VSt) -> 0 | ... AB28: =+Rentabilitätsplan!AB29*(1+VSt) -> 0 | AC28: =SUM(Q28:AB28) -> 0 | AD28: =+Rentabilitätsplan!AD29*(1+VSt) -> 0 | AE28: =+Rentabilitätsplan!AE29*(1+VSt) -> 0 | AF28: =+Rentabilitätsplan!AF29*(1+VSt) -> 0 | AG28: =+Rentabilitätsplan!AG29*(1+VSt) -> 0 | AH28: =+Rentabilitätsplan!AH29*(1+VSt) -> 0 | AI28: =+Rentabilitätsplan!AI29*(1+VSt) -> 0 | AJ28: =+Rentabilitätsplan!AJ29*(1+VSt) -> 0 | AK28: =+Rentabilitätsplan!AK29*(1+VSt) -> 0 | ... AO28: =+Rentabilitätsplan!AO29*(1+VSt) -> 0 | AP28: =SUM(AD28:AO28) -> 0 | AQ28: =+Rentabilitätsplan!AQ29*(1+VSt) -> 0 | AR28: =+Rentabilitätsplan!AR29*(1+VSt) -> 0 | AS28: =+Rentabilitätsplan!AS29*(1+VSt) -> 0 | AT28: =+Rentabilitätsplan!AT29*(1+VSt) -> 0 | AU28: =+Rentabilitätsplan!AU29*(1+VSt) -> 0 | AV28: =+Rentabilitätsplan!AV29*(1+VSt) -> 0 | AW28: =+Rentabilitätsplan!AW29*(1+VSt) -> 0 | AX28: =+Rentabilitätsplan!AX29*(1+VSt) -> 0 | ... BB28: =+Rentabilitätsplan!BB29*(1+VSt) -> 0 | BC28: =SUM(AQ28:BB28) -> 0
C29: =+Rentabilitätsplan!C30 -> Provisionen | D29: =+Rentabilitätsplan!D30*(1+VSteins) -> 0 | E29: =+Rentabilitätsplan!E30*(1+VSteins) -> 0 | F29: =+Rentabilitätsplan!F30*(1+VSteins) -> 0 | G29: =+Rentabilitätsplan!G30*(1+VSteins) -> 0 | H29: =+Rentabilitätsplan!H30*(1+VSteins) -> 0 | I29: =+Rentabilitätsplan!I30*(1+VSteins) -> 0 | J29: =+Rentabilitätsplan!J30*(1+VSteins) -> 0 | K29: =+Rentabilitätsplan!K30*(1+VSteins) -> 0 | ... O29: =+Rentabilitätsplan!O30*(1+VSteins) -> 0 | P29: =SUM(D29:O29) -> 0 | Q29: =+Rentabilitätsplan!Q30*(1+VSt) -> 0 | R29: =+Rentabilitätsplan!R30*(1+VSt) -> 0 | S29: =+Rentabilitätsplan!S30*(1+VSt) -> 0 | T29: =+Rentabilitätsplan!T30*(1+VSt) -> 0 | U29: =+Rentabilitätsplan!U30*(1+VSt) -> 0 | V29: =+Rentabilitätsplan!V30*(1+VSt) -> 0 | W29: =+Rentabilitätsplan!W30*(1+VSt) -> 0 | X29: =+Rentabilitätsplan!X30*(1+VSt) -> 0 | ... AB29: =+Rentabilitätsplan!AB30*(1+VSt) -> 0 | AC29: =SUM(Q29:AB29) -> 0 | AD29: =+Rentabilitätsplan!AD30*(1+VSt) -> 0 | AE29: =+Rentabilitätsplan!AE30*(1+VSt) -> 0 | AF29: =+Rentabilitätsplan!AF30*(1+VSt) -> 0 | AG29: =+Rentabilitätsplan!AG30*(1+VSt) -> 0 | AH29: =+Rentabilitätsplan!AH30*(1+VSt) -> 0 | AI29: =+Rentabilitätsplan!AI30*(1+VSt) -> 0 | AJ29: =+Rentabilitätsplan!AJ30*(1+VSt) -> 0 | AK29: =+Rentabilitätsplan!AK30*(1+VSt) -> 0 | ... AO29: =+Rentabilitätsplan!AO30*(1+VSt) -> 0 | AP29: =SUM(AD29:AO29) -> 0 | AQ29: =+Rentabilitätsplan!AQ30*(1+VSt) -> 0 | AR29: =+Rentabilitätsplan!AR30*(1+VSt) -> 0 | AS29: =+Rentabilitätsplan!AS30*(1+VSt) -> 0 | AT29: =+Rentabilitätsplan!AT30*(1+VSt) -> 0 | AU29: =+Rentabilitätsplan!AU30*(1+VSt) -> 0 | AV29: =+Rentabilitätsplan!AV30*(1+VSt) -> 0 | AW29: =+Rentabilitätsplan!AW30*(1+VSt) -> 0 | AX29: =+Rentabilitätsplan!AX30*(1+VSt) -> 0 | ... BB29: =+Rentabilitätsplan!BB30*(1+VSt) -> 0 | BC29: =SUM(AQ29:BB29) -> 0
B30: =+Rentabilitätsplan!B31 -> Instandhaltung Betriebs- und Geschäftsausstattung | D30: =+Rentabilitätsplan!D31*(1+VSteins) -> 0 | E30: =+Rentabilitätsplan!E31*(1+VSteins) -> 0 | F30: =+Rentabilitätsplan!F31*(1+VSteins) -> 0 | G30: =+Rentabilitätsplan!G31*(1+VSteins) -> 0 | H30: =+Rentabilitätsplan!H31*(1+VSteins) -> 0 | I30: =+Rentabilitätsplan!I31*(1+VSteins) -> 0 | J30: =+Rentabilitätsplan!J31*(1+VSteins) -> 0 | K30: =+Rentabilitätsplan!K31*(1+VSteins) -> 0 | ... O30: =+Rentabilitätsplan!O31*(1+VSteins) -> 0 | P30: =SUM(D30:O30) -> 0 | Q30: =+Rentabilitätsplan!Q31*(1+VSt) -> 0 | R30: =+Rentabilitätsplan!R31*(1+VSt) -> 0 | S30: =+Rentabilitätsplan!S31*(1+VSt) -> 0 | T30: =+Rentabilitätsplan!T31*(1+VSt) -> 0 | U30: =+Rentabilitätsplan!U31*(1+VSt) -> 0 | V30: =+Rentabilitätsplan!V31*(1+VSt) -> 0 | W30: =+Rentabilitätsplan!W31*(1+VSt) -> 0 | X30: =+Rentabilitätsplan!X31*(1+VSt) -> 0 | ... AB30: =+Rentabilitätsplan!AB31*(1+VSt) -> 0 | AC30: =SUM(Q30:AB30) -> 0 | AD30: =+Rentabilitätsplan!AD31*(1+VSt) -> 0 | AE30: =+Rentabilitätsplan!AE31*(1+VSt) -> 0 | AF30: =+Rentabilitätsplan!AF31*(1+VSt) -> 0 | AG30: =+Rentabilitätsplan!AG31*(1+VSt) -> 0 | AH30: =+Rentabilitätsplan!AH31*(1+VSt) -> 0 | AI30: =+Rentabilitätsplan!AI31*(1+VSt) -> 0 | AJ30: =+Rentabilitätsplan!AJ31*(1+VSt) -> 0 | AK30: =+Rentabilitätsplan!AK31*(1+VSt) -> 0 | ... AO30: =+Rentabilitätsplan!AO31*(1+VSt) -> 0 | AP30: =SUM(AD30:AO30) -> 0 | AQ30: =+Rentabilitätsplan!AQ31*(1+VSt) -> 0 | AR30: =+Rentabilitätsplan!AR31*(1+VSt) -> 0 | AS30: =+Rentabilitätsplan!AS31*(1+VSt) -> 0 | AT30: =+Rentabilitätsplan!AT31*(1+VSt) -> 0 | AU30: =+Rentabilitätsplan!AU31*(1+VSt) -> 0 | AV30: =+Rentabilitätsplan!AV31*(1+VSt) -> 0 | AW30: =+Rentabilitätsplan!AW31*(1+VSt) -> 0 | AX30: =+Rentabilitätsplan!AX31*(1+VSt) -> 0 | ... BB30: =+Rentabilitätsplan!BB31*(1+VSt) -> 0 | BC30: =SUM(AQ30:BB30) -> 0
B31: =+Rentabilitätsplan!B32 -> Leasing (außer Kfz) | D31: =+Rentabilitätsplan!D32*(1+VSteins) -> 0 | E31: =+Rentabilitätsplan!E32*(1+VSteins) -> 0 | F31: =+Rentabilitätsplan!F32*(1+VSteins) -> 0 | G31: =+Rentabilitätsplan!G32*(1+VSteins) -> 0 | H31: =+Rentabilitätsplan!H32*(1+VSteins) -> 0 | I31: =+Rentabilitätsplan!I32*(1+VSteins) -> 0 | J31: =+Rentabilitätsplan!J32*(1+VSteins) -> 0 | K31: =+Rentabilitätsplan!K32*(1+VSteins) -> 0 | ... O31: =+Rentabilitätsplan!O32*(1+VSteins) -> 0 | P31: =SUM(D31:O31) -> 0 | Q31: =+Rentabilitätsplan!Q32*(1+VSt) -> 0 | R31: =+Rentabilitätsplan!R32*(1+VSt) -> 0 | S31: =+Rentabilitätsplan!S32*(1+VSt) -> 0 | T31: =+Rentabilitätsplan!T32*(1+VSt) -> 0 | U31: =+Rentabilitätsplan!U32*(1+VSt) -> 0 | V31: =+Rentabilitätsplan!V32*(1+VSt) -> 0 | W31: =+Rentabilitätsplan!W32*(1+VSt) -> 0 | X31: =+Rentabilitätsplan!X32*(1+VSt) -> 0 | ... AB31: =+Rentabilitätsplan!AB32*(1+VSt) -> 0 | AC31: =SUM(Q31:AB31) -> 0 | AD31: =+Rentabilitätsplan!AD32*(1+VSt) -> 0 | AE31: =+Rentabilitätsplan!AE32*(1+VSt) -> 0 | AF31: =+Rentabilitätsplan!AF32*(1+VSt) -> 0 | AG31: =+Rentabilitätsplan!AG32*(1+VSt) -> 0 | AH31: =+Rentabilitätsplan!AH32*(1+VSt) -> 0 | AI31: =+Rentabilitätsplan!AI32*(1+VSt) -> 0 | AJ31: =+Rentabilitätsplan!AJ32*(1+VSt) -> 0 | AK31: =+Rentabilitätsplan!AK32*(1+VSt) -> 0 | ... AO31: =+Rentabilitätsplan!AO32*(1+VSt) -> 0 | AP31: =SUM(AD31:AO31) -> 0 | AQ31: =+Rentabilitätsplan!AQ32*(1+VSt) -> 0 | AR31: =+Rentabilitätsplan!AR32*(1+VSt) -> 0 | AS31: =+Rentabilitätsplan!AS32*(1+VSt) -> 0 | AT31: =+Rentabilitätsplan!AT32*(1+VSt) -> 0 | AU31: =+Rentabilitätsplan!AU32*(1+VSt) -> 0 | AV31: =+Rentabilitätsplan!AV32*(1+VSt) -> 0 | AW31: =+Rentabilitätsplan!AW32*(1+VSt) -> 0 | AX31: =+Rentabilitätsplan!AX32*(1+VSt) -> 0 | ... BB31: =+Rentabilitätsplan!BB32*(1+VSt) -> 0 | BC31: =SUM(AQ31:BB31) -> 0
B32: =+Rentabilitätsplan!B33 -> Kosten von Software | D32: =+Rentabilitätsplan!D33*(1+VSteins) -> 0 | E32: =+Rentabilitätsplan!E33*(1+VSteins) -> 0 | F32: =+Rentabilitätsplan!F33*(1+VSteins) -> 0 | G32: =+Rentabilitätsplan!G33*(1+VSteins) -> 0 | H32: =+Rentabilitätsplan!H33*(1+VSteins) -> 0 | I32: =+Rentabilitätsplan!I33*(1+VSteins) -> 0 | J32: =+Rentabilitätsplan!J33*(1+VSteins) -> 0 | K32: =+Rentabilitätsplan!K33*(1+VSteins) -> 0 | ... O32: =+Rentabilitätsplan!O33*(1+VSteins) -> 0 | P32: =SUM(D32:O32) -> 0 | Q32: =+Rentabilitätsplan!Q33*(1+VSt) -> 0 | R32: =+Rentabilitätsplan!R33*(1+VSt) -> 0 | S32: =+Rentabilitätsplan!S33*(1+VSt) -> 0 | T32: =+Rentabilitätsplan!T33*(1+VSt) -> 0 | U32: =+Rentabilitätsplan!U33*(1+VSt) -> 0 | V32: =+Rentabilitätsplan!V33*(1+VSt) -> 0 | W32: =+Rentabilitätsplan!W33*(1+VSt) -> 0 | X32: =+Rentabilitätsplan!X33*(1+VSt) -> 0 | ... AB32: =+Rentabilitätsplan!AB33*(1+VSt) -> 0 | AC32: =SUM(Q32:AB32) -> 0 | AD32: =+Rentabilitätsplan!AD33*(1+VSt) -> 0 | AE32: =+Rentabilitätsplan!AE33*(1+VSt) -> 0 | AF32: =+Rentabilitätsplan!AF33*(1+VSt) -> 0 | AG32: =+Rentabilitätsplan!AG33*(1+VSt) -> 0 | AH32: =+Rentabilitätsplan!AH33*(1+VSt) -> 0 | AI32: =+Rentabilitätsplan!AI33*(1+VSt) -> 0 | AJ32: =+Rentabilitätsplan!AJ33*(1+VSt) -> 0 | AK32: =+Rentabilitätsplan!AK33*(1+VSt) -> 0 | ... AO32: =+Rentabilitätsplan!AO33*(1+VSt) -> 0 | AP32: =SUM(AD32:AO32) -> 0 | AQ32: =+Rentabilitätsplan!AQ33*(1+VSt) -> 0 | AR32: =+Rentabilitätsplan!AR33*(1+VSt) -> 0 | AS32: =+Rentabilitätsplan!AS33*(1+VSt) -> 0 | AT32: =+Rentabilitätsplan!AT33*(1+VSt) -> 0 | AU32: =+Rentabilitätsplan!AU33*(1+VSt) -> 0 | AV32: =+Rentabilitätsplan!AV33*(1+VSt) -> 0 | AW32: =+Rentabilitätsplan!AW33*(1+VSt) -> 0 | AX32: =+Rentabilitätsplan!AX33*(1+VSt) -> 0 | ... BB32: =+Rentabilitätsplan!BB33*(1+VSt) -> 0 | BC32: =SUM(AQ32:BB32) -> 0
B33: =+Rentabilitätsplan!B34 -> Versicherungen (ohne Kfz) | D33: =+Rentabilitätsplan!D34 -> 0 | E33: =+Rentabilitätsplan!E34 -> 0 | F33: =+Rentabilitätsplan!F34 -> 0 | G33: =+Rentabilitätsplan!G34 -> 0 | H33: =+Rentabilitätsplan!H34 -> 0 | I33: =+Rentabilitätsplan!I34 -> 0 | J33: =+Rentabilitätsplan!J34 -> 0 | K33: =+Rentabilitätsplan!K34 -> 0 | ... O33: =+Rentabilitätsplan!O34 -> 0 | P33: =SUM(D33:O33) -> 0 | Q33: =+Rentabilitätsplan!Q34 -> 0 | R33: =+Rentabilitätsplan!R34 -> 0 | S33: =+Rentabilitätsplan!S34 -> 0 | T33: =+Rentabilitätsplan!T34 -> 0 | U33: =+Rentabilitätsplan!U34 -> 0 | V33: =+Rentabilitätsplan!V34 -> 0 | W33: =+Rentabilitätsplan!W34 -> 0 | X33: =+Rentabilitätsplan!X34 -> 0 | ... AB33: =+Rentabilitätsplan!AB34 -> 0 | AC33: =SUM(Q33:AB33) -> 0 | AD33: =+Rentabilitätsplan!AD34 -> 0 | AE33: =+Rentabilitätsplan!AE34 -> 0 | AF33: =+Rentabilitätsplan!AF34 -> 0 | AG33: =+Rentabilitätsplan!AG34 -> 0 | AH33: =+Rentabilitätsplan!AH34 -> 0 | AI33: =+Rentabilitätsplan!AI34 -> 0 | AJ33: =+Rentabilitätsplan!AJ34 -> 0 | AK33: =+Rentabilitätsplan!AK34 -> 0 | ... AO33: =+Rentabilitätsplan!AO34 -> 0 | AP33: =SUM(AD33:AO33) -> 0 | AQ33: =+Rentabilitätsplan!AQ34 -> 0 | AR33: =+Rentabilitätsplan!AR34 -> 0 | AS33: =+Rentabilitätsplan!AS34 -> 0 | AT33: =+Rentabilitätsplan!AT34 -> 0 | AU33: =+Rentabilitätsplan!AU34 -> 0 | AV33: =+Rentabilitätsplan!AV34 -> 0 | AW33: =+Rentabilitätsplan!AW34 -> 0 | AX33: =+Rentabilitätsplan!AX34 -> 0 | ... BB33: =+Rentabilitätsplan!BB34 -> 0 | BC33: =SUM(AQ33:BB33) -> 0
B34: =+Rentabilitätsplan!B35 -> Beiträge, Gebühren | D34: =+Rentabilitätsplan!D35 -> 0 | E34: =+Rentabilitätsplan!E35 -> 0 | F34: =+Rentabilitätsplan!F35 -> 0 | G34: =+Rentabilitätsplan!G35 -> 0 | H34: =+Rentabilitätsplan!H35 -> 0 | I34: =+Rentabilitätsplan!I35 -> 0 | J34: =+Rentabilitätsplan!J35 -> 0 | K34: =+Rentabilitätsplan!K35 -> 0 | ... O34: =+Rentabilitätsplan!O35 -> 0 | P34: =SUM(D34:O34) -> 0 | Q34: =+Rentabilitätsplan!Q35 -> 0 | R34: =+Rentabilitätsplan!R35 -> 0 | S34: =+Rentabilitätsplan!S35 -> 0 | T34: =+Rentabilitätsplan!T35 -> 0 | U34: =+Rentabilitätsplan!U35 -> 0 | V34: =+Rentabilitätsplan!V35 -> 0 | W34: =+Rentabilitätsplan!W35 -> 0 | X34: =+Rentabilitätsplan!X35 -> 0 | ... AB34: =+Rentabilitätsplan!AB35 -> 0 | AC34: =SUM(Q34:AB34) -> 0 | AD34: =+Rentabilitätsplan!AD35 -> 0 | AE34: =+Rentabilitätsplan!AE35 -> 0 | AF34: =+Rentabilitätsplan!AF35 -> 0 | AG34: =+Rentabilitätsplan!AG35 -> 0 | AH34: =+Rentabilitätsplan!AH35 -> 0 | AI34: =+Rentabilitätsplan!AI35 -> 0 | AJ34: =+Rentabilitätsplan!AJ35 -> 0 | AK34: =+Rentabilitätsplan!AK35 -> 0 | ... AO34: =+Rentabilitätsplan!AO35 -> 0 | AP34: =SUM(AD34:AO34) -> 0 | AQ34: =+Rentabilitätsplan!AQ35 -> 0 | AR34: =+Rentabilitätsplan!AR35 -> 0 | AS34: =+Rentabilitätsplan!AS35 -> 0 | AT34: =+Rentabilitätsplan!AT35 -> 0 | AU34: =+Rentabilitätsplan!AU35 -> 0 | AV34: =+Rentabilitätsplan!AV35 -> 0 | AW34: =+Rentabilitätsplan!AW35 -> 0 | AX34: =+Rentabilitätsplan!AX35 -> 0 | ... BB34: =+Rentabilitätsplan!BB35 -> 0 | BC34: =SUM(AQ34:BB34) -> 0
B35: =+Rentabilitätsplan!B36 -> Bürobedarf | D35: =+Rentabilitätsplan!D36*(1+VSteins) -> 0 | E35: =+Rentabilitätsplan!E36*(1+VSteins) -> 0 | F35: =+Rentabilitätsplan!F36 -> 0 | G35: =+Rentabilitätsplan!G36 -> 0 | H35: =+Rentabilitätsplan!H36 -> 0 | I35: =+Rentabilitätsplan!I36*(1+VSteins) -> 0 | J35: =+Rentabilitätsplan!J36*(1+VSteins) -> 0 | K35: =+Rentabilitätsplan!K36*(1+VSteins) -> 0 | L35: =+Rentabilitätsplan!L36*(1+VSteins) -> 0 | M35: =+Rentabilitätsplan!M36*(1+VSteins) -> 0 | N35: =+Rentabilitätsplan!N36*(1+VSteins) -> 0 | O35: =+Rentabilitätsplan!O36*(1+VSteins) -> 0 | P35: =SUM(D35:O35) -> 0 | Q35: =+Rentabilitätsplan!Q36*(1+VSt) -> 0 | R35: =+Rentabilitätsplan!R36*(1+VSt) -> 0 | S35: =+Rentabilitätsplan!S36*(1+VSt) -> 0 | T35: =+Rentabilitätsplan!T36*(1+VSt) -> 0 | U35: =+Rentabilitätsplan!U36*(1+VSt) -> 0 | V35: =+Rentabilitätsplan!V36*(1+VSt) -> 0 | W35: =+Rentabilitätsplan!W36*(1+VSt) -> 0 | X35: =+Rentabilitätsplan!X36*(1+VSt) -> 0 | ... AB35: =+Rentabilitätsplan!AB36*(1+VSt) -> 0 | AC35: =SUM(Q35:AB35) -> 0 | AD35: =+Rentabilitätsplan!AD36*(1+VSt) -> 0 | AE35: =+Rentabilitätsplan!AE36*(1+VSt) -> 0 | AF35: =+Rentabilitätsplan!AF36*(1+VSt) -> 0 | AG35: =+Rentabilitätsplan!AG36*(1+VSt) -> 0 | AH35: =+Rentabilitätsplan!AH36*(1+VSt) -> 0 | AI35: =+Rentabilitätsplan!AI36*(1+VSt) -> 0 | AJ35: =+Rentabilitätsplan!AJ36*(1+VSt) -> 0 | AK35: =+Rentabilitätsplan!AK36*(1+VSt) -> 0 | ... AO35: =+Rentabilitätsplan!AO36*(1+VSt) -> 0 | AP35: =SUM(AD35:AO35) -> 0 | AQ35: =+Rentabilitätsplan!AQ36*(1+VSt) -> 0 | AR35: =+Rentabilitätsplan!AR36*(1+VSt) -> 0 | AS35: =+Rentabilitätsplan!AS36*(1+VSt) -> 0 | AT35: =+Rentabilitätsplan!AT36*(1+VSt) -> 0 | AU35: =+Rentabilitätsplan!AU36*(1+VSt) -> 0 | AV35: =+Rentabilitätsplan!AV36*(1+VSt) -> 0 | AW35: =+Rentabilitätsplan!AW36*(1+VSt) -> 0 | AX35: =+Rentabilitätsplan!AX36*(1+VSt) -> 0 | ... BB35: =+Rentabilitätsplan!BB36*(1+VSt) -> 0 | BC35: =SUM(AQ35:BB35) -> 0
B36: =+Rentabilitätsplan!B37 -> Postwertzeichen | D36: =+Rentabilitätsplan!D37 -> 0 | E36: =+Rentabilitätsplan!E37 -> 0 | F36: =+Rentabilitätsplan!F37 -> 0 | G36: =+Rentabilitätsplan!G37 -> 0 | H36: =+Rentabilitätsplan!H37 -> 0 | I36: =+Rentabilitätsplan!I37 -> 0 | J36: =+Rentabilitätsplan!J37 -> 0 | K36: =+Rentabilitätsplan!K37 -> 0 | ... O36: =+Rentabilitätsplan!O37 -> 0 | P36: =SUM(D36:O36) -> 0 | Q36: =+Rentabilitätsplan!Q37 -> 0 | R36: =+Rentabilitätsplan!R37 -> 0 | S36: =+Rentabilitätsplan!S37 -> 0 | T36: =+Rentabilitätsplan!T37 -> 0 | U36: =+Rentabilitätsplan!U37 -> 0 | V36: =+Rentabilitätsplan!V37 -> 0 | W36: =+Rentabilitätsplan!W37 -> 0 | X36: =+Rentabilitätsplan!X37 -> 0 | ... AB36: =+Rentabilitätsplan!AB37 -> 0 | AC36: =SUM(Q36:AB36) -> 0 | AD36: =+Rentabilitätsplan!AD37 -> 0 | AE36: =+Rentabilitätsplan!AE37 -> 0 | AF36: =+Rentabilitätsplan!AF37 -> 0 | AG36: =+Rentabilitätsplan!AG37 -> 0 | AH36: =+Rentabilitätsplan!AH37 -> 0 | AI36: =+Rentabilitätsplan!AI37 -> 0 | AJ36: =+Rentabilitätsplan!AJ37 -> 0 | AK36: =+Rentabilitätsplan!AK37 -> 0 | ... AO36: =+Rentabilitätsplan!AO37 -> 0 | AP36: =SUM(AD36:AO36) -> 0 | AQ36: =+Rentabilitätsplan!AQ37 -> 0 | AR36: =+Rentabilitätsplan!AR37 -> 0 | AS36: =+Rentabilitätsplan!AS37 -> 0 | AT36: =+Rentabilitätsplan!AT37 -> 0 | AU36: =+Rentabilitätsplan!AU37 -> 0 | AV36: =+Rentabilitätsplan!AV37 -> 0 | AW36: =+Rentabilitätsplan!AW37 -> 0 | AX36: =+Rentabilitätsplan!AX37 -> 0 | ... BB36: =+Rentabilitätsplan!BB37 -> 0 | BC36: =SUM(AQ36:BB36) -> 0
B37: =+Rentabilitätsplan!B38 -> Fachliteratur | D37: =+Rentabilitätsplan!D38*(1+VStermeins) -> 0 | E37: =+Rentabilitätsplan!E38*(1+VStermeins) -> 0 | F37: =+Rentabilitätsplan!F38*(1+VStermeins) -> 0 | G37: =+Rentabilitätsplan!G38*(1+VStermeins) -> 0 | H37: =+Rentabilitätsplan!H38*(1+VStermeins) -> 0 | I37: =+Rentabilitätsplan!I38*(1+VStermeins) -> 0 | J37: =+Rentabilitätsplan!J38*(1+VStermeins) -> 0 | K37: =+Rentabilitätsplan!K38*(1+VStermeins) -> 0 | ... O37: =+Rentabilitätsplan!O38*(1+VStermeins) -> 0 | P37: =SUM(D37:O37) -> 0 | Q37: =+Rentabilitätsplan!Q38*(1+VSterm) -> 0 | R37: =+Rentabilitätsplan!R38*(1+VSterm) -> 0 | S37: =+Rentabilitätsplan!S38*(1+VSterm) -> 0 | T37: =+Rentabilitätsplan!T38*(1+VSterm) -> 0 | U37: =+Rentabilitätsplan!U38*(1+VSterm) -> 0 | V37: =+Rentabilitätsplan!V38*(1+VSterm) -> 0 | W37: =+Rentabilitätsplan!W38*(1+VSterm) -> 0 | X37: =+Rentabilitätsplan!X38*(1+VSterm) -> 0 | ... AB37: =+Rentabilitätsplan!AB38*(1+VSterm) -> 0 | AC37: =SUM(Q37:AB37) -> 0 | AD37: =+Rentabilitätsplan!AD38*(1+VSterm) -> 0 | AE37: =+Rentabilitätsplan!AE38*(1+VSterm) -> 0 | AF37: =+Rentabilitätsplan!AF38*(1+VSterm) -> 0 | AG37: =+Rentabilitätsplan!AG38*(1+VSterm) -> 0 | AH37: =+Rentabilitätsplan!AH38*(1+VSterm) -> 0 | AI37: =+Rentabilitätsplan!AI38*(1+VSterm) -> 0 | AJ37: =+Rentabilitätsplan!AJ38*(1+VSterm) -> 0 | AK37: =+Rentabilitätsplan!AK38*(1+VSterm) -> 0 | ... AO37: =+Rentabilitätsplan!AO38*(1+VSterm) -> 0 | AP37: =SUM(AD37:AO37) -> 0 | AQ37: =+Rentabilitätsplan!AQ38*(1+VSterm) -> 0 | AR37: =+Rentabilitätsplan!AR38*(1+VSterm) -> 0 | AS37: =+Rentabilitätsplan!AS38*(1+VSterm) -> 0 | AT37: =+Rentabilitätsplan!AT38*(1+VSterm) -> 0 | AU37: =+Rentabilitätsplan!AU38*(1+VSterm) -> 0 | AV37: =+Rentabilitätsplan!AV38*(1+VSterm) -> 0 | AW37: =+Rentabilitätsplan!AW38*(1+VSterm) -> 0 | AX37: =+Rentabilitätsplan!AX38*(1+VSterm) -> 0 | ... BB37: =+Rentabilitätsplan!BB38*(1+VSterm) -> 0 | BC37: =SUM(AQ37:BB37) -> 0
B38: =+Rentabilitätsplan!B39 -> Fortbildung | D38: =+Rentabilitätsplan!D39*(1+VSteins) -> 0 | E38: =+Rentabilitätsplan!E39*(1+VSteins) -> 0 | F38: =+Rentabilitätsplan!F39*(1+VSteins) -> 0 | G38: =+Rentabilitätsplan!G39*(1+VSteins) -> 0 | H38: =+Rentabilitätsplan!H39*(1+VSteins) -> 0 | I38: =+Rentabilitätsplan!I39*(1+VSteins) -> 0 | J38: =+Rentabilitätsplan!J39*(1+VSteins) -> 0 | K38: =+Rentabilitätsplan!K39*(1+VSteins) -> 0 | ... O38: =+Rentabilitätsplan!O39*(1+VSteins) -> 0 | P38: =SUM(D38:O38) -> 0 | Q38: =+Rentabilitätsplan!Q39*(1+VSt) -> 0 | R38: =+Rentabilitätsplan!R39*(1+VSt) -> 0 | S38: =+Rentabilitätsplan!S39*(1+VSt) -> 0 | T38: =+Rentabilitätsplan!T39*(1+VSt) -> 0 | U38: =+Rentabilitätsplan!U39*(1+VSt) -> 0 | V38: =+Rentabilitätsplan!V39*(1+VSt) -> 0 | W38: =+Rentabilitätsplan!W39*(1+VSt) -> 0 | X38: =+Rentabilitätsplan!X39*(1+VSt) -> 0 | ... AB38: =+Rentabilitätsplan!AB39*(1+VSt) -> 0 | AC38: =SUM(Q38:AB38) -> 0 | AD38: =+Rentabilitätsplan!AD39*(1+VSt) -> 0 | AE38: =+Rentabilitätsplan!AE39*(1+VSt) -> 0 | AF38: =+Rentabilitätsplan!AF39*(1+VSt) -> 0 | AG38: =+Rentabilitätsplan!AG39*(1+VSt) -> 0 | AH38: =+Rentabilitätsplan!AH39*(1+VSt) -> 0 | AI38: =+Rentabilitätsplan!AI39*(1+VSt) -> 0 | AJ38: =+Rentabilitätsplan!AJ39*(1+VSt) -> 0 | AK38: =+Rentabilitätsplan!AK39*(1+VSt) -> 0 | ... AO38: =+Rentabilitätsplan!AO39*(1+VSt) -> 0 | AP38: =SUM(AD38:AO38) -> 0 | AQ38: =+Rentabilitätsplan!AQ39*(1+VSt) -> 0 | AR38: =+Rentabilitätsplan!AR39*(1+VSt) -> 0 | AS38: =+Rentabilitätsplan!AS39*(1+VSt) -> 0 | AT38: =+Rentabilitätsplan!AT39*(1+VSt) -> 0 | AU38: =+Rentabilitätsplan!AU39*(1+VSt) -> 0 | AV38: =+Rentabilitätsplan!AV39*(1+VSt) -> 0 | AW38: =+Rentabilitätsplan!AW39*(1+VSt) -> 0 | AX38: =+Rentabilitätsplan!AX39*(1+VSt) -> 0 | ... BB38: =+Rentabilitätsplan!BB39*(1+VSt) -> 0 | BC38: =SUM(AQ38:BB38) -> 0
B39: =+Rentabilitätsplan!B40 -> Messen und Ausstellungen | D39: =+Rentabilitätsplan!D40*(1+VSteins) -> 0 | E39: =+Rentabilitätsplan!E40*(1+VSteins) -> 0 | F39: =+Rentabilitätsplan!F40*(1+VSteins) -> 0 | G39: =+Rentabilitätsplan!G40*(1+VSteins) -> 0 | H39: =+Rentabilitätsplan!H40*(1+VSteins) -> 0 | I39: =+Rentabilitätsplan!I40*(1+VSteins) -> 0 | J39: =+Rentabilitätsplan!J40*(1+VSteins) -> 0 | K39: =+Rentabilitätsplan!K40*(1+VSteins) -> 0 | ... O39: =+Rentabilitätsplan!O40*(1+VSteins) -> 0 | P39: =SUM(D39:O39) -> 0 | Q39: =+Rentabilitätsplan!Q40*(1+VSt) -> 0 | R39: =+Rentabilitätsplan!R40*(1+VSt) -> 0 | S39: =+Rentabilitätsplan!S40*(1+VSt) -> 0 | T39: =+Rentabilitätsplan!T40*(1+VSt) -> 0 | U39: =+Rentabilitätsplan!U40*(1+VSt) -> 0 | V39: =+Rentabilitätsplan!V40*(1+VSt) -> 0 | W39: =+Rentabilitätsplan!W40*(1+VSt) -> 0 | X39: =+Rentabilitätsplan!X40*(1+VSt) -> 0 | ... AB39: =+Rentabilitätsplan!AB40*(1+VSt) -> 0 | AC39: =SUM(Q39:AB39) -> 0 | AD39: =+Rentabilitätsplan!AD40*(1+VSt) -> 0 | AE39: =+Rentabilitätsplan!AE40*(1+VSt) -> 0 | AF39: =+Rentabilitätsplan!AF40*(1+VSt) -> 0 | AG39: =+Rentabilitätsplan!AG40*(1+VSt) -> 0 | AH39: =+Rentabilitätsplan!AH40*(1+VSt) -> 0 | AI39: =+Rentabilitätsplan!AI40*(1+VSt) -> 0 | AJ39: =+Rentabilitätsplan!AJ40*(1+VSt) -> 0 | AK39: =+Rentabilitätsplan!AK40*(1+VSt) -> 0 | ... AO39: =+Rentabilitätsplan!AO40*(1+VSt) -> 0 | AP39: =SUM(AD39:AO39) -> 0 | AQ39: =+Rentabilitätsplan!AQ40*(1+VSt) -> 0 | AR39: =+Rentabilitätsplan!AR40*(1+VSt) -> 0 | AS39: =+Rentabilitätsplan!AS40*(1+VSt) -> 0 | AT39: =+Rentabilitätsplan!AT40*(1+VSt) -> 0 | AU39: =+Rentabilitätsplan!AU40*(1+VSt) -> 0 | AV39: =+Rentabilitätsplan!AV40*(1+VSt) -> 0 | AW39: =+Rentabilitätsplan!AW40*(1+VSt) -> 0 | AX39: =+Rentabilitätsplan!AX40*(1+VSt) -> 0 | ... BB39: =+Rentabilitätsplan!BB40*(1+VSt) -> 0 | BC39: =SUM(AQ39:BB39) -> 0
B40: =+Rentabilitätsplan!B41 -> Beratungskosten
C41: =+Rentabilitätsplan!C42 -> Steuerberatung | D41: =+Rentabilitätsplan!D42*(1+VSteins) -> 0 | E41: =+Rentabilitätsplan!E42*(1+VSteins) -> 0 | F41: =+Rentabilitätsplan!F42*(1+VSteins) -> 0 | G41: =+Rentabilitätsplan!G42*(1+VSteins) -> 0 | H41: =+Rentabilitätsplan!H42*(1+VSteins) -> 0 | I41: =+Rentabilitätsplan!I42*(1+VSteins) -> 0 | J41: =+Rentabilitätsplan!J42*(1+VSteins) -> 0 | K41: =+Rentabilitätsplan!K42*(1+VSteins) -> 0 | ... O41: =+Rentabilitätsplan!O42*(1+VSteins) -> 0 | P41: =SUM(D41:O41) -> 0 | Q41: =+Rentabilitätsplan!Q42*(1+VSt) -> 0 | R41: =+Rentabilitätsplan!R42*(1+VSt) -> 0 | S41: =+Rentabilitätsplan!S42*(1+VSt) -> 0 | T41: =+Rentabilitätsplan!T42*(1+VSt) -> 0 | U41: =+Rentabilitätsplan!U42*(1+VSt) -> 0 | V41: =+Rentabilitätsplan!V42*(1+VSt) -> 0 | W41: =+Rentabilitätsplan!W42*(1+VSt) -> 0 | X41: =+Rentabilitätsplan!X42*(1+VSt) -> 0 | ... AB41: =+Rentabilitätsplan!AB42*(1+VSt) -> 0 | AC41: =SUM(Q41:AB41) -> 0 | AD41: =+Rentabilitätsplan!AD42*(1+VSt) -> 0 | AE41: =+Rentabilitätsplan!AE42*(1+VSt) -> 0 | AF41: =+Rentabilitätsplan!AF42*(1+VSt) -> 0 | AG41: =+Rentabilitätsplan!AG42*(1+VSt) -> 0 | AH41: =+Rentabilitätsplan!AH42*(1+VSt) -> 0 | AI41: =+Rentabilitätsplan!AI42*(1+VSt) -> 0 | AJ41: =+Rentabilitätsplan!AJ42*(1+VSt) -> 0 | AK41: =+Rentabilitätsplan!AK42*(1+VSt) -> 0 | ... AO41: =+Rentabilitätsplan!AO42*(1+VSt) -> 0 | AP41: =SUM(AD41:AO41) -> 0 | AQ41: =+Rentabilitätsplan!AQ42*(1+VSt) -> 0 | AR41: =+Rentabilitätsplan!AR42*(1+VSt) -> 0 | AS41: =+Rentabilitätsplan!AS42*(1+VSt) -> 0 | AT41: =+Rentabilitätsplan!AT42*(1+VSt) -> 0 | AU41: =+Rentabilitätsplan!AU42*(1+VSt) -> 0 | AV41: =+Rentabilitätsplan!AV42*(1+VSt) -> 0 | AW41: =+Rentabilitätsplan!AW42*(1+VSt) -> 0 | AX41: =+Rentabilitätsplan!AX42*(1+VSt) -> 0 | ... BB41: =+Rentabilitätsplan!BB42*(1+VSt) -> 0 | BC41: =SUM(AQ41:BB41) -> 0
C42: =+Rentabilitätsplan!C43 -> Unternehmensberatung | D42: =+Rentabilitätsplan!D43*(1+VSteins) -> 0 | E42: =+Rentabilitätsplan!E43*(1+VSteins) -> 0 | F42: =+Rentabilitätsplan!F43*(1+VSteins) -> 0 | G42: =+Rentabilitätsplan!G43*(1+VSteins) -> 0 | H42: =+Rentabilitätsplan!H43*(1+VSteins) -> 0 | I42: =+Rentabilitätsplan!I43*(1+VSteins) -> 0 | J42: =+Rentabilitätsplan!J43*(1+VSteins) -> 0 | K42: =+Rentabilitätsplan!K43*(1+VSteins) -> 0 | ... O42: =+Rentabilitätsplan!O43*(1+VSteins) -> 0 | P42: =SUM(D42:O42) -> 0 | Q42: =+Rentabilitätsplan!Q43*(1+VSt) -> 0 | R42: =+Rentabilitätsplan!R43*(1+VSt) -> 0 | S42: =+Rentabilitätsplan!S43*(1+VSt) -> 0 | T42: =+Rentabilitätsplan!T43*(1+VSt) -> 0 | U42: =+Rentabilitätsplan!U43*(1+VSt) -> 0 | V42: =+Rentabilitätsplan!V43*(1+VSt) -> 0 | W42: =+Rentabilitätsplan!W43*(1+VSt) -> 0 | X42: =+Rentabilitätsplan!X43*(1+VSt) -> 0 | ... AB42: =+Rentabilitätsplan!AB43*(1+VSt) -> 0 | AC42: =SUM(Q42:AB42) -> 0 | AD42: =+Rentabilitätsplan!AD43*(1+VSt) -> 0 | AE42: =+Rentabilitätsplan!AE43*(1+VSt) -> 0 | AF42: =+Rentabilitätsplan!AF43*(1+VSt) -> 0 | AG42: =+Rentabilitätsplan!AG43*(1+VSt) -> 0 | AH42: =+Rentabilitätsplan!AH43*(1+VSt) -> 0 | AI42: =+Rentabilitätsplan!AI43*(1+VSt) -> 0 | AJ42: =+Rentabilitätsplan!AJ43*(1+VSt) -> 0 | AK42: =+Rentabilitätsplan!AK43*(1+VSt) -> 0 | ... AO42: =+Rentabilitätsplan!AO43*(1+VSt) -> 0 | AP42: =SUM(AD42:AO42) -> 0 | AQ42: =+Rentabilitätsplan!AQ43*(1+VSt) -> 0 | AR42: =+Rentabilitätsplan!AR43*(1+VSt) -> 0 | AS42: =+Rentabilitätsplan!AS43*(1+VSt) -> 0 | AT42: =+Rentabilitätsplan!AT43*(1+VSt) -> 0 | AU42: =+Rentabilitätsplan!AU43*(1+VSt) -> 0 | AV42: =+Rentabilitätsplan!AV43*(1+VSt) -> 0 | AW42: =+Rentabilitätsplan!AW43*(1+VSt) -> 0 | AX42: =+Rentabilitätsplan!AX43*(1+VSt) -> 0 | ... BB42: =+Rentabilitätsplan!BB43*(1+VSt) -> 0 | BC42: =SUM(AQ42:BB42) -> 0
C43: =+Rentabilitätsplan!C44 -> Rechtsberatung | D43: =+Rentabilitätsplan!D44*(1+VSteins) -> 0 | E43: =+Rentabilitätsplan!E44*(1+VSteins) -> 0 | F43: =+Rentabilitätsplan!F44*(1+VSteins) -> 0 | G43: =+Rentabilitätsplan!G44*(1+VSteins) -> 0 | H43: =+Rentabilitätsplan!H44*(1+VSteins) -> 0 | I43: =+Rentabilitätsplan!I44*(1+VSteins) -> 0 | J43: =+Rentabilitätsplan!J44*(1+VSteins) -> 0 | K43: =+Rentabilitätsplan!K44*(1+VSteins) -> 0 | ... O43: =+Rentabilitätsplan!O44*(1+VSteins) -> 0 | P43: =SUM(D43:O43) -> 0 | Q43: =+Rentabilitätsplan!Q44*(1+VSt) -> 0 | R43: =+Rentabilitätsplan!R44*(1+VSt) -> 0 | S43: =+Rentabilitätsplan!S44*(1+VSt) -> 0 | T43: =+Rentabilitätsplan!T44*(1+VSt) -> 0 | U43: =+Rentabilitätsplan!U44*(1+VSt) -> 0 | V43: =+Rentabilitätsplan!V44*(1+VSt) -> 0 | W43: =+Rentabilitätsplan!W44*(1+VSt) -> 0 | X43: =+Rentabilitätsplan!X44*(1+VSt) -> 0 | ... AB43: =+Rentabilitätsplan!AB44*(1+VSt) -> 0 | AC43: =SUM(Q43:AB43) -> 0 | AD43: =+Rentabilitätsplan!AD44*(1+VSt) -> 0 | AE43: =+Rentabilitätsplan!AE44*(1+VSt) -> 0 | AF43: =+Rentabilitätsplan!AF44*(1+VSt) -> 0 | AG43: =+Rentabilitätsplan!AG44*(1+VSt) -> 0 | AH43: =+Rentabilitätsplan!AH44*(1+VSt) -> 0 | AI43: =+Rentabilitätsplan!AI44*(1+VSt) -> 0 | AJ43: =+Rentabilitätsplan!AJ44*(1+VSt) -> 0 | AK43: =+Rentabilitätsplan!AK44*(1+VSt) -> 0 | ... AO43: =+Rentabilitätsplan!AO44*(1+VSt) -> 0 | AP43: =SUM(AD43:AO43) -> 0 | AQ43: =+Rentabilitätsplan!AQ44*(1+VSt) -> 0 | AR43: =+Rentabilitätsplan!AR44*(1+VSt) -> 0 | AS43: =+Rentabilitätsplan!AS44*(1+VSt) -> 0 | AT43: =+Rentabilitätsplan!AT44*(1+VSt) -> 0 | AU43: =+Rentabilitätsplan!AU44*(1+VSt) -> 0 | AV43: =+Rentabilitätsplan!AV44*(1+VSt) -> 0 | AW43: =+Rentabilitätsplan!AW44*(1+VSt) -> 0 | AX43: =+Rentabilitätsplan!AX44*(1+VSt) -> 0 | ... BB43: =+Rentabilitätsplan!BB44*(1+VSt) -> 0 | BC43: =SUM(AQ43:BB43) -> 0
B44: =+Rentabilitätsplan!B45 -> Kosten des Geldverkehrs | D44: =+Rentabilitätsplan!D45 -> 0 | E44: =+Rentabilitätsplan!E45 -> 0 | F44: =+Rentabilitätsplan!F45 -> 0 | G44: =+Rentabilitätsplan!G45 -> 0 | H44: =+Rentabilitätsplan!H45 -> 0 | I44: =+Rentabilitätsplan!I45 -> 0 | J44: =+Rentabilitätsplan!J45 -> 0 | K44: =+Rentabilitätsplan!K45 -> 0 | ... O44: =+Rentabilitätsplan!O45 -> 0 | P44: =SUM(D44:O44) -> 0 | Q44: =+Rentabilitätsplan!Q45 -> 0 | R44: =+Rentabilitätsplan!R45 -> 0 | S44: =+Rentabilitätsplan!S45 -> 0 | T44: =+Rentabilitätsplan!T45 -> 0 | U44: =+Rentabilitätsplan!U45 -> 0 | V44: =+Rentabilitätsplan!V45 -> 0 | W44: =+Rentabilitätsplan!W45 -> 0 | X44: =+Rentabilitätsplan!X45 -> 0 | ... AB44: =+Rentabilitätsplan!AB45 -> 0 | AC44: =SUM(Q44:AB44) -> 0 | AD44: =+Rentabilitätsplan!AD45 -> 0 | AE44: =+Rentabilitätsplan!AE45 -> 0 | AF44: =+Rentabilitätsplan!AF45 -> 0 | AG44: =+Rentabilitätsplan!AG45 -> 0 | AH44: =+Rentabilitätsplan!AH45 -> 0 | AI44: =+Rentabilitätsplan!AI45 -> 0 | AJ44: =+Rentabilitätsplan!AJ45 -> 0 | AK44: =+Rentabilitätsplan!AK45 -> 0 | ... AO44: =+Rentabilitätsplan!AO45 -> 0 | AP44: =SUM(AD44:AO44) -> 0 | AQ44: =+Rentabilitätsplan!AQ45 -> 0 | AR44: =+Rentabilitätsplan!AR45 -> 0 | AS44: =+Rentabilitätsplan!AS45 -> 0 | AT44: =+Rentabilitätsplan!AT45 -> 0 | AU44: =+Rentabilitätsplan!AU45 -> 0 | AV44: =+Rentabilitätsplan!AV45 -> 0 | AW44: =+Rentabilitätsplan!AW45 -> 0 | AX44: =+Rentabilitätsplan!AX45 -> 0 | ... BB44: =+Rentabilitätsplan!BB45 -> 0 | BC44: =SUM(AQ44:BB44) -> 0
B45: =+Rentabilitätsplan!B46 -> Andere betriebliche Aufwendungen | D45: =+Rentabilitätsplan!D46*(1+VSteins) -> 0 | E45: =+Rentabilitätsplan!E46*(1+VSteins) -> 0 | F45: =+Rentabilitätsplan!F46*(1+VSteins) -> 0 | G45: =+Rentabilitätsplan!G46*(1+VSteins) -> 0 | H45: =+Rentabilitätsplan!H46*(1+VSteins) -> 0 | I45: =+Rentabilitätsplan!I46*(1+VSteins) -> 0 | J45: =+Rentabilitätsplan!J46*(1+VSteins) -> 0 | K45: =+Rentabilitätsplan!K46*(1+VSteins) -> 0 | ... O45: =+Rentabilitätsplan!O46*(1+VSteins) -> 0 | P45: =SUM(D45:O45) -> 0 | Q45: =+Rentabilitätsplan!Q46*(1+VSt) -> 0 | R45: =+Rentabilitätsplan!R46*(1+VSt) -> 0 | S45: =+Rentabilitätsplan!S46*(1+VSt) -> 0 | T45: =+Rentabilitätsplan!T46*(1+VSt) -> 0 | U45: =+Rentabilitätsplan!U46*(1+VSt) -> 0 | V45: =+Rentabilitätsplan!V46*(1+VSt) -> 0 | W45: =+Rentabilitätsplan!W46*(1+VSt) -> 0 | X45: =+Rentabilitätsplan!X46*(1+VSt) -> 0 | ... AB45: =+Rentabilitätsplan!AB46*(1+VSt) -> 0 | AC45: =SUM(Q45:AB45) -> 0 | AD45: =+Rentabilitätsplan!AD46*(1+VSt) -> 0 | AE45: =+Rentabilitätsplan!AE46*(1+VSt) -> 0 | AF45: =+Rentabilitätsplan!AF46*(1+VSt) -> 0 | AG45: =+Rentabilitätsplan!AG46*(1+VSt) -> 0 | AH45: =+Rentabilitätsplan!AH46*(1+VSt) -> 0 | AI45: =+Rentabilitätsplan!AI46*(1+VSt) -> 0 | AJ45: =+Rentabilitätsplan!AJ46*(1+VSt) -> 0 | AK45: =+Rentabilitätsplan!AK46*(1+VSt) -> 0 | ... AO45: =+Rentabilitätsplan!AO46*(1+VSt) -> 0 | AP45: =SUM(AD45:AO45) -> 0 | AQ45: =+Rentabilitätsplan!AQ46*(1+VSt) -> 0 | AR45: =+Rentabilitätsplan!AR46*(1+VSt) -> 0 | AS45: =+Rentabilitätsplan!AS46*(1+VSt) -> 0 | AT45: =+Rentabilitätsplan!AT46*(1+VSt) -> 0 | AU45: =+Rentabilitätsplan!AU46*(1+VSt) -> 0 | AV45: =+Rentabilitätsplan!AV46*(1+VSt) -> 0 | AW45: =+Rentabilitätsplan!AW46*(1+VSt) -> 0 | AX45: =+Rentabilitätsplan!AX46*(1+VSt) -> 0 | ... BB45: =+Rentabilitätsplan!BB46*(1+VSt) -> 0 | BC45: =SUM(AQ45:BB45) -> 0
B46: =+Rentabilitätsplan!B47 -> In diesen 6 Feldern können Sie selbst Posten hinzufügen. | D46: =+Rentabilitätsplan!D47*(1+VSteins) -> 0 | E46: =+Rentabilitätsplan!E47*(1+VSteins) -> 0 | F46: =+Rentabilitätsplan!F47*(1+VSteins) -> 0 | G46: =+Rentabilitätsplan!G47*(1+VSteins) -> 0 | H46: =+Rentabilitätsplan!H47*(1+VSteins) -> 0 | I46: =+Rentabilitätsplan!I47*(1+VSteins) -> 0 | J46: =+Rentabilitätsplan!J47*(1+VSteins) -> 0 | K46: =+Rentabilitätsplan!K47*(1+VSteins) -> 0 | ... O46: =+Rentabilitätsplan!O47*(1+VSteins) -> 0 | P46: =SUM(D46:O46) -> 0 | Q46: =+Rentabilitätsplan!Q47*(1+VSt) -> 0 | R46: =+Rentabilitätsplan!R47*(1+VSt) -> 0 | S46: =+Rentabilitätsplan!S47*(1+VSt) -> 0 | T46: =+Rentabilitätsplan!T47*(1+VSt) -> 0 | U46: =+Rentabilitätsplan!U47*(1+VSt) -> 0 | V46: =+Rentabilitätsplan!V47*(1+VSt) -> 0 | W46: =+Rentabilitätsplan!W47*(1+VSt) -> 0 | X46: =+Rentabilitätsplan!X47*(1+VSt) -> 0 | ... AB46: =+Rentabilitätsplan!AB47*(1+VSt) -> 0 | AC46: =SUM(Q46:AB46) -> 0 | AD46: =+Rentabilitätsplan!AD47*(1+VSt) -> 0 | AE46: =+Rentabilitätsplan!AE47*(1+VSt) -> 0 | AF46: =+Rentabilitätsplan!AF47*(1+VSt) -> 0 | AG46: =+Rentabilitätsplan!AG47*(1+VSt) -> 0 | AH46: =+Rentabilitätsplan!AH47*(1+VSt) -> 0 | AI46: =+Rentabilitätsplan!AI47*(1+VSt) -> 0 | AJ46: =+Rentabilitätsplan!AJ47*(1+VSt) -> 0 | AK46: =+Rentabilitätsplan!AK47*(1+VSt) -> 0 | ... AO46: =+Rentabilitätsplan!AO47*(1+VSt) -> 0 | AP46: =SUM(AD46:AO46) -> 0 | AQ46: =+Rentabilitätsplan!AQ47*(1+VSt) -> 0 | AR46: =+Rentabilitätsplan!AR47*(1+VSt) -> 0 | AS46: =+Rentabilitätsplan!AS47*(1+VSt) -> 0 | AT46: =+Rentabilitätsplan!AT47*(1+VSt) -> 0 | AU46: =+Rentabilitätsplan!AU47*(1+VSt) -> 0 | AV46: =+Rentabilitätsplan!AV47*(1+VSt) -> 0 | AW46: =+Rentabilitätsplan!AW47*(1+VSt) -> 0 | AX46: =+Rentabilitätsplan!AX47*(1+VSt) -> 0 | ... BB46: =+Rentabilitätsplan!BB47*(1+VSt) -> 0 | BC46: =SUM(AQ46:BB46) -> 0
B47: =+Rentabilitätsplan!B48 -> - | D47: =+Rentabilitätsplan!D48*(1+VSteins) -> 0 | E47: =+Rentabilitätsplan!E48*(1+VSteins) -> 0 | F47: =+Rentabilitätsplan!F48*(1+VSteins) -> 0 | G47: =+Rentabilitätsplan!G48*(1+VSteins) -> 0 | H47: =+Rentabilitätsplan!H48*(1+VSteins) -> 0 | I47: =+Rentabilitätsplan!I48*(1+VSteins) -> 0 | J47: =+Rentabilitätsplan!J48*(1+VSteins) -> 0 | K47: =+Rentabilitätsplan!K48*(1+VSteins) -> 0 | ... O47: =+Rentabilitätsplan!O48*(1+VSteins) -> 0 | P47: =SUM(D47:O47) -> 0 | Q47: =+Rentabilitätsplan!Q48*(1+VSt) -> 0 | R47: =+Rentabilitätsplan!R48*(1+VSt) -> 0 | S47: =+Rentabilitätsplan!S48*(1+VSt) -> 0 | T47: =+Rentabilitätsplan!T48*(1+VSt) -> 0 | U47: =+Rentabilitätsplan!U48*(1+VSt) -> 0 | V47: =+Rentabilitätsplan!V48*(1+VSt) -> 0 | W47: =+Rentabilitätsplan!W48*(1+VSt) -> 0 | X47: =+Rentabilitätsplan!X48*(1+VSt) -> 0 | ... AB47: =+Rentabilitätsplan!AB48*(1+VSt) -> 0 | AC47: =SUM(Q47:AB47) -> 0 | AD47: =+Rentabilitätsplan!AD48*(1+VSt) -> 0 | AE47: =+Rentabilitätsplan!AE48*(1+VSt) -> 0 | AF47: =+Rentabilitätsplan!AF48*(1+VSt) -> 0 | AG47: =+Rentabilitätsplan!AG48*(1+VSt) -> 0 | AH47: =+Rentabilitätsplan!AH48*(1+VSt) -> 0 | AI47: =+Rentabilitätsplan!AI48*(1+VSt) -> 0 | AJ47: =+Rentabilitätsplan!AJ48*(1+VSt) -> 0 | AK47: =+Rentabilitätsplan!AK48*(1+VSt) -> 0 | ... AO47: =+Rentabilitätsplan!AO48*(1+VSt) -> 0 | AP47: =SUM(AD47:AO47) -> 0 | AQ47: =+Rentabilitätsplan!AQ48*(1+VSt) -> 0 | AR47: =+Rentabilitätsplan!AR48*(1+VSt) -> 0 | AS47: =+Rentabilitätsplan!AS48*(1+VSt) -> 0 | AT47: =+Rentabilitätsplan!AT48*(1+VSt) -> 0 | AU47: =+Rentabilitätsplan!AU48*(1+VSt) -> 0 | AV47: =+Rentabilitätsplan!AV48*(1+VSt) -> 0 | AW47: =+Rentabilitätsplan!AW48*(1+VSt) -> 0 | AX47: =+Rentabilitätsplan!AX48*(1+VSt) -> 0 | ... BB47: =+Rentabilitätsplan!BB48*(1+VSt) -> 0 | BC47: =SUM(AQ47:BB47) -> 0
B48: =+Rentabilitätsplan!B49 -> - | D48: =+Rentabilitätsplan!D49*(1+VSteins) -> 0 | E48: =+Rentabilitätsplan!E49*(1+VSteins) -> 0 | F48: =+Rentabilitätsplan!F49*(1+VSteins) -> 0 | G48: =+Rentabilitätsplan!G49*(1+VSteins) -> 0 | H48: =+Rentabilitätsplan!H49*(1+VSteins) -> 0 | I48: =+Rentabilitätsplan!I49*(1+VSteins) -> 0 | J48: =+Rentabilitätsplan!J49*(1+VSteins) -> 0 | K48: =+Rentabilitätsplan!K49*(1+VSteins) -> 0 | ... O48: =+Rentabilitätsplan!O49*(1+VSteins) -> 0 | P48: =SUM(D48:O48) -> 0 | Q48: =+Rentabilitätsplan!Q49*(1+VSt) -> 0 | R48: =+Rentabilitätsplan!R49*(1+VSt) -> 0 | S48: =+Rentabilitätsplan!S49*(1+VSt) -> 0 | T48: =+Rentabilitätsplan!T49*(1+VSt) -> 0 | U48: =+Rentabilitätsplan!U49*(1+VSt) -> 0 | V48: =+Rentabilitätsplan!V49*(1+VSt) -> 0 | W48: =+Rentabilitätsplan!W49*(1+VSt) -> 0 | X48: =+Rentabilitätsplan!X49*(1+VSt) -> 0 | ... AB48: =+Rentabilitätsplan!AB49*(1+VSt) -> 0 | AC48: =SUM(Q48:AB48) -> 0 | AD48: =+Rentabilitätsplan!AD49*(1+VSt) -> 0 | AE48: =+Rentabilitätsplan!AE49*(1+VSt) -> 0 | AF48: =+Rentabilitätsplan!AF49*(1+VSt) -> 0 | AG48: =+Rentabilitätsplan!AG49*(1+VSt) -> 0 | AH48: =+Rentabilitätsplan!AH49*(1+VSt) -> 0 | AI48: =+Rentabilitätsplan!AI49*(1+VSt) -> 0 | AJ48: =+Rentabilitätsplan!AJ49*(1+VSt) -> 0 | AK48: =+Rentabilitätsplan!AK49*(1+VSt) -> 0 | ... AO48: =+Rentabilitätsplan!AO49*(1+VSt) -> 0 | AP48: =SUM(AD48:AO48) -> 0 | AQ48: =+Rentabilitätsplan!AQ49*(1+VSt) -> 0 | AR48: =+Rentabilitätsplan!AR49*(1+VSt) -> 0 | AS48: =+Rentabilitätsplan!AS49*(1+VSt) -> 0 | AT48: =+Rentabilitätsplan!AT49*(1+VSt) -> 0 | AU48: =+Rentabilitätsplan!AU49*(1+VSt) -> 0 | AV48: =+Rentabilitätsplan!AV49*(1+VSt) -> 0 | AW48: =+Rentabilitätsplan!AW49*(1+VSt) -> 0 | AX48: =+Rentabilitätsplan!AX49*(1+VSt) -> 0 | ... BB48: =+Rentabilitätsplan!BB49*(1+VSt) -> 0 | BC48: =SUM(AQ48:BB48) -> 0
B49: =+Rentabilitätsplan!B50 -> - | D49: =+Rentabilitätsplan!D50*(1+VSteins) -> 0 | E49: =+Rentabilitätsplan!E50*(1+VSteins) -> 0 | F49: =+Rentabilitätsplan!F50*(1+VSteins) -> 0 | G49: =+Rentabilitätsplan!G50*(1+VSteins) -> 0 | H49: =+Rentabilitätsplan!H50*(1+VSteins) -> 0 | I49: =+Rentabilitätsplan!I50*(1+VSteins) -> 0 | J49: =+Rentabilitätsplan!J50*(1+VSteins) -> 0 | K49: =+Rentabilitätsplan!K50*(1+VSteins) -> 0 | ... O49: =+Rentabilitätsplan!O50*(1+VSteins) -> 0 | P49: =SUM(D49:O49) -> 0 | Q49: =+Rentabilitätsplan!Q50*(1+VSt) -> 0 | R49: =+Rentabilitätsplan!R50*(1+VSt) -> 0 | S49: =+Rentabilitätsplan!S50*(1+VSt) -> 0 | T49: =+Rentabilitätsplan!T50*(1+VSt) -> 0 | U49: =+Rentabilitätsplan!U50*(1+VSt) -> 0 | V49: =+Rentabilitätsplan!V50*(1+VSt) -> 0 | W49: =+Rentabilitätsplan!W50*(1+VSt) -> 0 | X49: =+Rentabilitätsplan!X50*(1+VSt) -> 0 | ... AB49: =+Rentabilitätsplan!AB50*(1+VSt) -> 0 | AC49: =SUM(Q49:AB49) -> 0 | AD49: =+Rentabilitätsplan!AD50*(1+VSt) -> 0 | AE49: =+Rentabilitätsplan!AE50*(1+VSt) -> 0 | AF49: =+Rentabilitätsplan!AF50*(1+VSt) -> 0 | AG49: =+Rentabilitätsplan!AG50*(1+VSt) -> 0 | AH49: =+Rentabilitätsplan!AH50*(1+VSt) -> 0 | AI49: =+Rentabilitätsplan!AI50*(1+VSt) -> 0 | AJ49: =+Rentabilitätsplan!AJ50*(1+VSt) -> 0 | AK49: =+Rentabilitätsplan!AK50*(1+VSt) -> 0 | ... AO49: =+Rentabilitätsplan!AO50*(1+VSt) -> 0 | AP49: =SUM(AD49:AO49) -> 0 | AQ49: =+Rentabilitätsplan!AQ50*(1+VSt) -> 0 | AR49: =+Rentabilitätsplan!AR50*(1+VSt) -> 0 | AS49: =+Rentabilitätsplan!AS50*(1+VSt) -> 0 | AT49: =+Rentabilitätsplan!AT50*(1+VSt) -> 0 | AU49: =+Rentabilitätsplan!AU50*(1+VSt) -> 0 | AV49: =+Rentabilitätsplan!AV50*(1+VSt) -> 0 | AW49: =+Rentabilitätsplan!AW50*(1+VSt) -> 0 | AX49: =+Rentabilitätsplan!AX50*(1+VSt) -> 0 | ... BB49: =+Rentabilitätsplan!BB50*(1+VSt) -> 0 | BC49: =SUM(AQ49:BB49) -> 0
B50: =+Rentabilitätsplan!B51 -> - | D50: =+Rentabilitätsplan!D51*(1+VSteins) -> 0 | E50: =+Rentabilitätsplan!E51*(1+VSteins) -> 0 | F50: =+Rentabilitätsplan!F51*(1+VSteins) -> 0 | G50: =+Rentabilitätsplan!G51*(1+VSteins) -> 0 | H50: =+Rentabilitätsplan!H51*(1+VSteins) -> 0 | I50: =+Rentabilitätsplan!I51*(1+VSteins) -> 0 | J50: =+Rentabilitätsplan!J51*(1+VSteins) -> 0 | K50: =+Rentabilitätsplan!K51*(1+VSteins) -> 0 | ... O50: =+Rentabilitätsplan!O51*(1+VSteins) -> 0 | P50: =SUM(D50:O50) -> 0 | Q50: =+Rentabilitätsplan!Q51*(1+VSt) -> 0 | R50: =+Rentabilitätsplan!R51*(1+VSt) -> 0 | S50: =+Rentabilitätsplan!S51*(1+VSt) -> 0 | T50: =+Rentabilitätsplan!T51*(1+VSt) -> 0 | U50: =+Rentabilitätsplan!U51*(1+VSt) -> 0 | V50: =+Rentabilitätsplan!V51*(1+VSt) -> 0 | W50: =+Rentabilitätsplan!W51*(1+VSt) -> 0 | X50: =+Rentabilitätsplan!X51*(1+VSt) -> 0 | ... AB50: =+Rentabilitätsplan!AB51*(1+VSt) -> 0 | AC50: =SUM(Q50:AB50) -> 0 | AD50: =+Rentabilitätsplan!AD51*(1+VSt) -> 0 | AE50: =+Rentabilitätsplan!AE51*(1+VSt) -> 0 | AF50: =+Rentabilitätsplan!AF51*(1+VSt) -> 0 | AG50: =+Rentabilitätsplan!AG51*(1+VSt) -> 0 | AH50: =+Rentabilitätsplan!AH51*(1+VSt) -> 0 | AI50: =+Rentabilitätsplan!AI51*(1+VSt) -> 0 | AJ50: =+Rentabilitätsplan!AJ51*(1+VSt) -> 0 | AK50: =+Rentabilitätsplan!AK51*(1+VSt) -> 0 | ... AO50: =+Rentabilitätsplan!AO51*(1+VSt) -> 0 | AP50: =SUM(AD50:AO50) -> 0 | AQ50: =+Rentabilitätsplan!AQ51*(1+VSt) -> 0 | AR50: =+Rentabilitätsplan!AR51*(1+VSt) -> 0 | AS50: =+Rentabilitätsplan!AS51*(1+VSt) -> 0 | AT50: =+Rentabilitätsplan!AT51*(1+VSt) -> 0 | AU50: =+Rentabilitätsplan!AU51*(1+VSt) -> 0 | AV50: =+Rentabilitätsplan!AV51*(1+VSt) -> 0 | AW50: =+Rentabilitätsplan!AW51*(1+VSt) -> 0 | AX50: =+Rentabilitätsplan!AX51*(1+VSt) -> 0 | ... BB50: =+Rentabilitätsplan!BB51*(1+VSt) -> 0 | BC50: =SUM(AQ50:BB50) -> 0
B51: =+Rentabilitätsplan!B52 -> - | D51: =+Rentabilitätsplan!D52*(1+VSteins) -> 0 | E51: =+Rentabilitätsplan!E52*(1+VSteins) -> 0 | F51: =+Rentabilitätsplan!F52*(1+VSteins) -> 0 | G51: =+Rentabilitätsplan!G52*(1+VSteins) -> 0 | H51: =+Rentabilitätsplan!H52*(1+VSteins) -> 0 | I51: =+Rentabilitätsplan!I52*(1+VSteins) -> 0 | J51: =+Rentabilitätsplan!J52*(1+VSteins) -> 0 | K51: =+Rentabilitätsplan!K52*(1+VSteins) -> 0 | ... O51: =+Rentabilitätsplan!O52*(1+VSteins) -> 0 | P51: =SUM(D51:O51) -> 0 | Q51: =+Rentabilitätsplan!Q52*(1+VSt) -> 0 | R51: =+Rentabilitätsplan!R52*(1+VSt) -> 0 | S51: =+Rentabilitätsplan!S52*(1+VSt) -> 0 | T51: =+Rentabilitätsplan!T52*(1+VSt) -> 0 | U51: =+Rentabilitätsplan!U52*(1+VSt) -> 0 | V51: =+Rentabilitätsplan!V52*(1+VSt) -> 0 | W51: =+Rentabilitätsplan!W52*(1+VSt) -> 0 | X51: =+Rentabilitätsplan!X52*(1+VSt) -> 0 | ... AB51: =+Rentabilitätsplan!AB52*(1+VSt) -> 0 | AC51: =SUM(Q51:AB51) -> 0 | AD51: =+Rentabilitätsplan!AD52*(1+VSt) -> 0 | AE51: =+Rentabilitätsplan!AE52*(1+VSt) -> 0 | AF51: =+Rentabilitätsplan!AF52*(1+VSt) -> 0 | AG51: =+Rentabilitätsplan!AG52*(1+VSt) -> 0 | AH51: =+Rentabilitätsplan!AH52*(1+VSt) -> 0 | AI51: =+Rentabilitätsplan!AI52*(1+VSt) -> 0 | AJ51: =+Rentabilitätsplan!AJ52*(1+VSt) -> 0 | AK51: =+Rentabilitätsplan!AK52*(1+VSt) -> 0 | ... AO51: =+Rentabilitätsplan!AO52*(1+VSt) -> 0 | AP51: =SUM(AD51:AO51) -> 0 | AQ51: =+Rentabilitätsplan!AQ52*(1+VSt) -> 0 | AR51: =+Rentabilitätsplan!AR52*(1+VSt) -> 0 | AS51: =+Rentabilitätsplan!AS52*(1+VSt) -> 0 | AT51: =+Rentabilitätsplan!AT52*(1+VSt) -> 0 | AU51: =+Rentabilitätsplan!AU52*(1+VSt) -> 0 | AV51: =+Rentabilitätsplan!AV52*(1+VSt) -> 0 | AW51: =+Rentabilitätsplan!AW52*(1+VSt) -> 0 | AX51: =+Rentabilitätsplan!AX52*(1+VSt) -> 0 | ... BB51: =+Rentabilitätsplan!BB52*(1+VSt) -> 0 | BC51: =SUM(AQ51:BB51) -> 0
A52: =+Rentabilitätsplan!A53 -> Summe betrieblicher Aufwendungen | D52: =SUM(D14:D51) -> 0 | E52: =SUM(E14:E51) -> 0 | F52: =SUM(F14:F51) -> 0 | G52: =SUM(G14:G51) -> 0 | H52: =SUM(H14:H51) -> 0 | I52: =SUM(I14:I51) -> 0 | J52: =SUM(J14:J51) -> 0 | K52: =SUM(K14:K51) -> 0 | ... BC52: =SUM(BC14:BC51) -> 0
A53: =+Rentabilitätsplan!A54 -> Betriebsergebnis | D53: =+D13-D52 -> 0 | E53: =+E13-E52 -> 0 | F53: =+F13-F52 -> 0 | G53: =+G13-G52 -> 0 | H53: =+H13-H52 -> 0 | I53: =+I13-I52 -> 0 | J53: =+J13-J52 -> 0 | K53: =+K13-K52 -> 0 | ... BC53: =+BC13-BC52 -> 0
A54: Zinsaufwendungen | D54: =+Rentabilitätsplan!D55 -> 0 | E54: =+Rentabilitätsplan!E55 -> 0 | F54: =+Rentabilitätsplan!F55 -> 0 | G54: =+Rentabilitätsplan!G55 -> 0 | H54: =+Rentabilitätsplan!H55 -> 0 | I54: =+Rentabilitätsplan!I55 -> 0 | J54: =+Rentabilitätsplan!J55 -> 0 | K54: =+Rentabilitätsplan!K55 -> 0 | ... O54: =+Rentabilitätsplan!O55 -> 0 | P54: =SUM(D54:O54) -> 0 | Q54: =+Rentabilitätsplan!Q55 -> 0 | R54: =+Rentabilitätsplan!R55 -> 0 | S54: =+Rentabilitätsplan!S55 -> 0 | T54: =+Rentabilitätsplan!T55 -> 0 | U54: =+Rentabilitätsplan!U55 -> 0 | V54: =+Rentabilitätsplan!V55 -> 0 | W54: =+Rentabilitätsplan!W55 -> 0 | X54: =+Rentabilitätsplan!X55 -> 0 | ... AB54: =+Rentabilitätsplan!AB55 -> 0 | AC54: =SUM(Q54:AB54) -> 0 | AD54: =+Rentabilitätsplan!AD55 -> 0 | AE54: =+Rentabilitätsplan!AE55 -> 0 | AF54: =+Rentabilitätsplan!AF55 -> 0 | AG54: =+Rentabilitätsplan!AG55 -> 0 | AH54: =+Rentabilitätsplan!AH55 -> 0 | AI54: =+Rentabilitätsplan!AI55 -> 0 | AJ54: =+Rentabilitätsplan!AJ55 -> 0 | AK54: =+Rentabilitätsplan!AK55 -> 0 | ... AO54: =+Rentabilitätsplan!AO55 -> 0 | AP54: =SUM(AD54:AO54) -> 0 | AQ54: =+Rentabilitätsplan!AQ55 -> 0 | AR54: =+Rentabilitätsplan!AR55 -> 0 | AS54: =+Rentabilitätsplan!AS55 -> 0 | AT54: =+Rentabilitätsplan!AT55 -> 0 | AU54: =+Rentabilitätsplan!AU55 -> 0 | AV54: =+Rentabilitätsplan!AV55 -> 0 | AW54: =+Rentabilitätsplan!AW55 -> 0 | AX54: =+Rentabilitätsplan!AX55 -> 0 | ... BB54: =+Rentabilitätsplan!BB55 -> 0 | BC54: =SUM(AQ54:BB54) -> 0
A55: =+Rentabilitätsplan!A56 -> Gewinn/Verlust vor Steuern | D55: =+D53-D54 -> 0 | E55: =+E53-E54 -> 0 | F55: =+F53-F54 -> 0 | G55: =+G53-G54 -> 0 | H55: =+H53-H54 -> 0 | I55: =+I53-I54 -> 0 | J55: =+J53-J54 -> 0 | K55: =+K53-K54 -> 0 | ... BC55: =+BC53-BC54 -> 0
A56: Umsatzsteuerzahllast (+) bzw. Vorsteuerüberhang (-) | D56: - | E56: =IF('Notwendige Angaben'!$A17="x",(D3+D5-D6+D7)/(1+USteins)*USteins+D4/(1+UStermeins)*UStermeins-SUM(D9:D12)/(1+VStWEeins)*VStWEeins-(SUM(D17:D19)+SUM(D22:D32)+D35+SUM(D38:D43)+D45)/(1+VSteins)*VSteins-D37/(1+VStermeins)*VStermeins-(D57)/(1+VSteins)*VSteins,0) -> 0 | F56: =IF('Notwendige Angaben'!$A17="x",(E3+E5-E6+E7)/(1+USteins)*USteins+E4/(1+UStermeins)*UStermeins-SUM(E9:E12)/(1+VStWEeins)*VStWEeins-(SUM(E17:E19)+SUM(E22:E32)+E35+SUM(E38:E43)+E45)/(1+VSteins)*VSteins-E37/(1+VStermeins)*VStermeins-(E57)/(1+VSteins)*VSteins,0) -> 0 | G56: =IF('Notwendige Angaben'!$A17="x",(F3+F5-F6+F7)/(1+USteins)*USteins+F4/(1+UStermeins)*UStermeins-SUM(F9:F12)/(1+VStWEeins)*VStWEeins-(SUM(F17:F19)+SUM(F22:F32)+F35+SUM(F38:F43)+F45)/(1+VSteins)*VSteins-F37/(1+VStermeins)*VStermeins-(F57)/(1+VSteins)*VSteins,0) -> 0 | H56: =IF('Notwendige Angaben'!$A17="x",(G3+G5-G6+G7)/(1+USteins)*USteins+G4/(1+UStermeins)*UStermeins-SUM(G9:G12)/(1+VStWEeins)*VStWEeins-(SUM(G17:G19)+SUM(G22:G32)+G35+SUM(G38:G43)+G45)/(1+VSteins)*VSteins-G37/(1+VStermeins)*VStermeins-(G57)/(1+VSteins)*VSteins,0) -> 0 | I56: =IF('Notwendige Angaben'!$A17="x",(H3+H5-H6+H7)/(1+USteins)*USteins+H4/(1+UStermeins)*UStermeins-SUM(H9:H12)/(1+VStWEeins)*VStWEeins-(SUM(H17:H19)+SUM(H22:H32)+H35+SUM(H38:H43)+H45)/(1+VSteins)*VSteins-H37/(1+VStermeins)*VStermeins-(H57)/(1+VSteins)*VSteins,0) -> 0 | J56: =IF('Notwendige Angaben'!$A17="x",(I3+I5-I6+I7)/(1+USteins)*USteins+I4/(1+UStermeins)*UStermeins-SUM(I9:I12)/(1+VStWEeins)*VStWEeins-(SUM(I17:I19)+SUM(I22:I32)+I35+SUM(I38:I43)+I45)/(1+VSteins)*VSteins-I37/(1+VStermeins)*VStermeins-(I57)/(1+VSteins)*VSteins,0) -> 0 | K56: =IF('Notwendige Angaben'!$A17="x",(J3+J5-J6+J7)/(1+USteins)*USteins+J4/(1+UStermeins)*UStermeins-SUM(J9:J12)/(1+VStWEeins)*VStWEeins-(SUM(J17:J19)+SUM(J22:J32)+J35+SUM(J38:J43)+J45)/(1+VSteins)*VSteins-J37/(1+VStermeins)*VStermeins-(J57)/(1+VSteins)*VSteins,0) -> 0 | L56: =IF('Notwendige Angaben'!$A17="x",(K3+K5-K6+K7)/(1+USteins)*USteins+K4/(1+UStermeins)*UStermeins-SUM(K9:K12)/(1+VStWEeins)*VStWEeins-(SUM(K17:K19)+SUM(K22:K32)+K35+SUM(K38:K43)+K45)/(1+VSteins)*VSteins-K37/(1+VStermeins)*VStermeins-(K57)/(1+VSteins)*VSteins,0) -> 0 | ... O56: =IF('Notwendige Angaben'!$A17="x",(N3+N5-N6+N7)/(1+USteins)*USteins+N4/(1+UStermeins)*UStermeins-SUM(N9:N12)/(1+VStWEeins)*VStWEeins-(SUM(N17:N19)+SUM(N22:N32)+N35+SUM(N38:N43)+N45)/(1+VSteins)*VSteins-N37/(1+VStermeins)*VStermeins-(N57)/(1+VSteins)*VSteins,0) -> 0 | P56: =SUM(D56:O56) -> 0 | Q56: =IF('Notwendige Angaben'!$A17="x",(O3+O5-O6+O7)/(1+USteins)*USteins+O4/(1+UStermeins)*UStermeins-SUM(O9:O12)/(1+VStWEeins)*VStWEeins-(SUM(O17:O19)+SUM(O22:O32)+O35+SUM(O38:O43)+O45)/(1+VSteins)*VSteins-O37/(1+VStermeins)*VStermeins-(O57)/(1+VSteins)*VSteins,0) -> 0 | R56: =IF('Notwendige Angaben'!$A17="x",(Q3+Q5-Q6+Q7)/(1+USteins)*USteins+Q4/(1+UStermeins)*UStermeins-SUM(Q9:Q12)/(1+VStWEeins)*VStWEeins-(SUM(Q17:Q19)+SUM(Q22:Q32)+Q35+SUM(Q38:Q43)+Q45)/(1+VSteins)*VSteins-Q37/(1+VStermeins)*VStermeins-($Q$57)/(1+VSteins)*VSteins,0) -> 0 | S56: =IF('Notwendige Angaben'!$A17="x",(R3+R5-R6+R7)/(1+USteins)*USteins+R4/(1+UStermeins)*UStermeins-SUM(R9:R12)/(1+VStWEeins)*VStWEeins-(SUM(R17:R19)+SUM(R22:R32)+R35+SUM(R38:R43)+R45)/(1+VSteins)*VSteins-R37/(1+VStermeins)*VStermeins,0) -> 0 | T56: =IF('Notwendige Angaben'!$A17="x",(S3+S5-S6+S7)/(1+USteins)*USteins+S4/(1+UStermeins)*UStermeins-SUM(S9:S12)/(1+VStWEeins)*VStWEeins-(SUM(S17:S19)+SUM(S22:S32)+S35+SUM(S38:S43)+S45)/(1+VSteins)*VSteins-S37/(1+VStermeins)*VStermeins,0) -> 0 | U56: =IF('Notwendige Angaben'!$A17="x",(T3+T5-T6+T7)/(1+USteins)*USteins+T4/(1+UStermeins)*UStermeins-SUM(T9:T12)/(1+VStWEeins)*VStWEeins-(SUM(T17:T19)+SUM(T22:T32)+T35+SUM(T38:T43)+T45)/(1+VSteins)*VSteins-T37/(1+VStermeins)*VStermeins,0) -> 0 | V56: =IF('Notwendige Angaben'!$A17="x",(U3+U5-U6+U7)/(1+USteins)*USteins+U4/(1+UStermeins)*UStermeins-SUM(U9:U12)/(1+VStWEeins)*VStWEeins-(SUM(U17:U19)+SUM(U22:U32)+U35+SUM(U38:U43)+U45)/(1+VSteins)*VSteins-U37/(1+VStermeins)*VStermeins,0) -> 0 | W56: =IF('Notwendige Angaben'!$A17="x",(V3+V5-V6+V7)/(1+USteins)*USteins+V4/(1+UStermeins)*UStermeins-SUM(V9:V12)/(1+VStWEeins)*VStWEeins-(SUM(V17:V19)+SUM(V22:V32)+V35+SUM(V38:V43)+V45)/(1+VSteins)*VSteins-V37/(1+VStermeins)*VStermeins,0) -> 0 | X56: =IF('Notwendige Angaben'!$A17="x",(W3+W5-W6+W7)/(1+USteins)*USteins+W4/(1+UStermeins)*UStermeins-SUM(W9:W12)/(1+VStWEeins)*VStWEeins-(SUM(W17:W19)+SUM(W22:W32)+W35+SUM(W38:W43)+W45)/(1+VSteins)*VSteins-W37/(1+VStermeins)*VStermeins,0) -> 0 | Y56: =IF('Notwendige Angaben'!$A17="x",(X3+X5-X6+X7)/(1+USteins)*USteins+X4/(1+UStermeins)*UStermeins-SUM(X9:X12)/(1+VStWEeins)*VStWEeins-(SUM(X17:X19)+SUM(X22:X32)+X35+SUM(X38:X43)+X45)/(1+VSteins)*VSteins-X37/(1+VStermeins)*VStermeins,0) -> 0 | Z56: =IF('Notwendige Angaben'!$A17="x",(Y3+Y5-Y6+Y7)/(1+USteins)*USteins+Y4/(1+UStermeins)*UStermeins-SUM(Y9:Y12)/(1+VStWEeins)*VStWEeins-(SUM(Y17:Y19)+SUM(Y22:Y32)+Y35+SUM(Y38:Y43)+Y45)/(1+VSteins)*VSteins-Y37/(1+VStermeins)*VStermeins,0) -> 0 | ... AB56: =IF('Notwendige Angaben'!$A17="x",(AA3+AA5-AA6+AA7)/(1+USteins)*USteins+AA4/(1+UStermeins)*UStermeins-SUM(AA9:AA12)/(1+VStWEeins)*VStWEeins-(SUM(AA17:AA19)+SUM(AA22:AA32)+AA35+SUM(AA38:AA43)+AA45)/(1+VSteins)*VSteins-AA37/(1+VStermeins)*VStermeins,0) -> 0 | AC56: =SUM(Q56:AB56) -> 0 | AD56: =IF('Notwendige Angaben'!$A17="x",(AB3+AB5-AB6+AB7)/(1+USteins)*USteins+AB4/(1+UStermeins)*UStermeins-SUM(AB9:AB12)/(1+VStWEeins)*VStWEeins-(SUM(AB17:AB19)+SUM(AB22:AB32)+AB35+SUM(AB38:AB43)+AB45)/(1+VSteins)*VSteins-AB37/(1+VStermeins)*VStermeins,0) -> 0 | AE56: =IF('Notwendige Angaben'!$A17="x",(AD3+AD5-AD6+AD7)/(1+USteins)*USteins+AD4/(1+UStermeins)*UStermeins-SUM(AD9:AD12)/(1+VStWEeins)*VStWEeins-(SUM(AD17:AD19)+SUM(AD22:AD32)+AD35+SUM(AD38:AD43)+AD45)/(1+VSteins)*VSteins-AD37/(1+VStermeins)*VStermeins-($AD$57)/(1+VSteins)*VSteins,0) -> 0 | AF56: =IF('Notwendige Angaben'!$A17="x",(AE3+AE5-AE6+AE7)/(1+USteins)*USteins+AE4/(1+UStermeins)*UStermeins-SUM(AE9:AE12)/(1+VStWEeins)*VStWEeins-(SUM(AE17:AE19)+SUM(AE22:AE32)+AE35+SUM(AE38:AE43)+AE45)/(1+VSteins)*VSteins-AE37/(1+VStermeins)*VStermeins,0) -> 0 | AG56: =IF('Notwendige Angaben'!$A17="x",(AF3+AF5-AF6+AF7)/(1+USteins)*USteins+AF4/(1+UStermeins)*UStermeins-SUM(AF9:AF12)/(1+VStWEeins)*VStWEeins-(SUM(AF17:AF19)+SUM(AF22:AF32)+AF35+SUM(AF38:AF43)+AF45)/(1+VSteins)*VSteins-AF37/(1+VStermeins)*VStermeins,0) -> 0 | AH56: =IF('Notwendige Angaben'!$A17="x",(AG3+AG5-AG6+AG7)/(1+USteins)*USteins+AG4/(1+UStermeins)*UStermeins-SUM(AG9:AG12)/(1+VStWEeins)*VStWEeins-(SUM(AG17:AG19)+SUM(AG22:AG32)+AG35+SUM(AG38:AG43)+AG45)/(1+VSteins)*VSteins-AG37/(1+VStermeins)*VStermeins,0) -> 0 | AI56: =IF('Notwendige Angaben'!$A17="x",(AH3+AH5-AH6+AH7)/(1+USteins)*USteins+AH4/(1+UStermeins)*UStermeins-SUM(AH9:AH12)/(1+VStWEeins)*VStWEeins-(SUM(AH17:AH19)+SUM(AH22:AH32)+AH35+SUM(AH38:AH43)+AH45)/(1+VSteins)*VSteins-AH37/(1+VStermeins)*VStermeins,0) -> 0 | AJ56: =IF('Notwendige Angaben'!$A17="x",(AI3+AI5-AI6+AI7)/(1+USteins)*USteins+AI4/(1+UStermeins)*UStermeins-SUM(AI9:AI12)/(1+VStWEeins)*VStWEeins-(SUM(AI17:AI19)+SUM(AI22:AI32)+AI35+SUM(AI38:AI43)+AI45)/(1+VSteins)*VSteins-AI37/(1+VStermeins)*VStermeins,0) -> 0 | AK56: =IF('Notwendige Angaben'!$A17="x",(AJ3+AJ5-AJ6+AJ7)/(1+USteins)*USteins+AJ4/(1+UStermeins)*UStermeins-SUM(AJ9:AJ12)/(1+VStWEeins)*VStWEeins-(SUM(AJ17:AJ19)+SUM(AJ22:AJ32)+AJ35+SUM(AJ38:AJ43)+AJ45)/(1+VSteins)*VSteins-AJ37/(1+VStermeins)*VStermeins,0) -> 0 | AL56: =IF('Notwendige Angaben'!$A17="x",(AK3+AK5-AK6+AK7)/(1+USteins)*USteins+AK4/(1+UStermeins)*UStermeins-SUM(AK9:AK12)/(1+VStWEeins)*VStWEeins-(SUM(AK17:AK19)+SUM(AK22:AK32)+AK35+SUM(AK38:AK43)+AK45)/(1+VSteins)*VSteins-AK37/(1+VStermeins)*VStermeins,0) -> 0 | AM56: =IF('Notwendige Angaben'!$A17="x",(AL3+AL5-AL6+AL7)/(1+USteins)*USteins+AL4/(1+UStermeins)*UStermeins-SUM(AL9:AL12)/(1+VStWEeins)*VStWEeins-(SUM(AL17:AL19)+SUM(AL22:AL32)+AL35+SUM(AL38:AL43)+AL45)/(1+VSteins)*VSteins-AL37/(1+VStermeins)*VStermeins,0) -> 0 | ... AO56: =IF('Notwendige Angaben'!$A17="x",(AN3+AN5-AN6+AN7)/(1+USteins)*USteins+AN4/(1+UStermeins)*UStermeins-SUM(AN9:AN12)/(1+VStWEeins)*VStWEeins-(SUM(AN17:AN19)+SUM(AN22:AN32)+AN35+SUM(AN38:AN43)+AN45)/(1+VSteins)*VSteins-AN37/(1+VStermeins)*VStermeins,0) -> 0 | AP56: =SUM(AD56:AO56) -> 0 | AQ56: =IF('Notwendige Angaben'!$A17="x",(AO3+AO5-AO6+AO7)/(1+USteins)*USteins+AO4/(1+UStermeins)*UStermeins-SUM(AO9:AO12)/(1+VStWEeins)*VStWEeins-(SUM(AO17:AO19)+SUM(AO22:AO32)+AO35+SUM(AO38:AO43)+AO45)/(1+VSteins)*VSteins-AO37/(1+VStermeins)*VStermeins,0) -> 0 | AR56: =IF('Notwendige Angaben'!$A17="x",(AQ3+AQ5-AQ6+AQ7)/(1+USteins)*USteins+AQ4/(1+UStermeins)*UStermeins-SUM(AQ9:AQ12)/(1+VStWEeins)*VStWEeins-(SUM(AQ17:AQ19)+SUM(AQ22:AQ32)+AQ35+SUM(AQ38:AQ43)+AQ45)/(1+VSteins)*VSteins-AQ37/(1+VStermeins)*VStermeins-($AQ$57)/(1+VSteins)*VSteins,0) -> 0 | AS56: =IF('Notwendige Angaben'!$A17="x",(AR3+AR5-AR6+AR7)/(1+USteins)*USteins+AR4/(1+UStermeins)*UStermeins-SUM(AR9:AR12)/(1+VStWEeins)*VStWEeins-(SUM(AR17:AR19)+SUM(AR22:AR32)+AR35+SUM(AR38:AR43)+AR45)/(1+VSteins)*VSteins-AR37/(1+VStermeins)*VStermeins,0) -> 0 | AT56: =IF('Notwendige Angaben'!$A17="x",(AS3+AS5-AS6+AS7)/(1+USteins)*USteins+AS4/(1+UStermeins)*UStermeins-SUM(AS9:AS12)/(1+VStWEeins)*VStWEeins-(SUM(AS17:AS19)+SUM(AS22:AS32)+AS35+SUM(AS38:AS43)+AS45)/(1+VSteins)*VSteins-AS37/(1+VStermeins)*VStermeins,0) -> 0 | AU56: =IF('Notwendige Angaben'!$A17="x",(AT3+AT5-AT6+AT7)/(1+USteins)*USteins+AT4/(1+UStermeins)*UStermeins-SUM(AT9:AT12)/(1+VStWEeins)*VStWEeins-(SUM(AT17:AT19)+SUM(AT22:AT32)+AT35+SUM(AT38:AT43)+AT45)/(1+VSteins)*VSteins-AT37/(1+VStermeins)*VStermeins,0) -> 0 | AV56: =IF('Notwendige Angaben'!$A17="x",(AU3+AU5-AU6+AU7)/(1+USteins)*USteins+AU4/(1+UStermeins)*UStermeins-SUM(AU9:AU12)/(1+VStWEeins)*VStWEeins-(SUM(AU17:AU19)+SUM(AU22:AU32)+AU35+SUM(AU38:AU43)+AU45)/(1+VSteins)*VSteins-AU37/(1+VStermeins)*VStermeins,0) -> 0 | AW56: =IF('Notwendige Angaben'!$A17="x",(AV3+AV5-AV6+AV7)/(1+USteins)*USteins+AV4/(1+UStermeins)*UStermeins-SUM(AV9:AV12)/(1+VStWEeins)*VStWEeins-(SUM(AV17:AV19)+SUM(AV22:AV32)+AV35+SUM(AV38:AV43)+AV45)/(1+VSteins)*VSteins-AV37/(1+VStermeins)*VStermeins,0) -> 0 | AX56: =IF('Notwendige Angaben'!$A17="x",(AW3+AW5-AW6+AW7)/(1+USteins)*USteins+AW4/(1+UStermeins)*UStermeins-SUM(AW9:AW12)/(1+VStWEeins)*VStWEeins-(SUM(AW17:AW19)+SUM(AW22:AW32)+AW35+SUM(AW38:AW43)+AW45)/(1+VSteins)*VSteins-AW37/(1+VStermeins)*VStermeins,0) -> 0 | AY56: =IF('Notwendige Angaben'!$A17="x",(AX3+AX5-AX6+AX7)/(1+USteins)*USteins+AX4/(1+UStermeins)*UStermeins-SUM(AX9:AX12)/(1+VStWEeins)*VStWEeins-(SUM(AX17:AX19)+SUM(AX22:AX32)+AX35+SUM(AX38:AX43)+AX45)/(1+VSteins)*VSteins-AX37/(1+VStermeins)*VStermeins,0) -> 0 | AZ56: =IF('Notwendige Angaben'!$A17="x",(AY3+AY5-AY6+AY7)/(1+USteins)*USteins+AY4/(1+UStermeins)*UStermeins-SUM(AY9:AY12)/(1+VStWEeins)*VStWEeins-(SUM(AY17:AY19)+SUM(AY22:AY32)+AY35+SUM(AY38:AY43)+AY45)/(1+VSteins)*VSteins-AY37/(1+VStermeins)*VStermeins,0) -> 0 | ... BB56: =IF('Notwendige Angaben'!$A17="x",(BA3+BA5-BA6+BA7)/(1+USteins)*USteins+BA4/(1+UStermeins)*UStermeins-SUM(BA9:BA12)/(1+VStWEeins)*VStWEeins-(SUM(BA17:BA19)+SUM(BA22:BA32)+BA35+SUM(BA38:BA43)+BA45)/(1+VSteins)*VSteins-BA37/(1+VStermeins)*VStermeins,0) -> 0 | BC56: =SUM(AQ56:BB56) -> 0
A57: Investitionen und GWG | P57: =SUM(D57:O57) -> 0 | AC57: =SUM(Q57:AB57) -> 0 | AP57: =SUM(AD57:AO57) -> 0 | BC57: =SUM(AQ57:BB57) -> 0
A58: Auszahlung betrieblicher Darlehen (s. "Finanzierungsplan") | P58: =SUM(D58:O58) -> 0 | AC58: =SUM(Q58:AB58) -> 0 | AP58: =SUM(AD58:AO58) -> 0 | BC58: =SUM(AQ58:BB58) -> 0
A59: Tilgung betrieblicher Darlehen | P59: =SUM(D59:O59) -> 0 | AC59: =SUM(Q59:AB59) -> 0 | AP59: =SUM(AD59:AO59) -> 0 | BC59: =SUM(AQ59:BB59) -> 0
A60: Körperschaftsteuer (nur bei Kapitalgesellschaften) | P60: =SUM(D60:O60) -> 0 | AC60: =SUM(Q60:AB60) -> 0 | AP60: =SUM(AD60:AO60) -> 0 | BC60: =SUM(AQ60:BB60) -> 0
A61: Gewerbesteuer | P61: =SUM(D61:O61) -> 0 | AC61: =SUM(Q61:AB61) -> 0 | AP61: =SUM(AD61:AO61) -> 0 | BC61: =SUM(AQ61:BB61) -> 0
A62: Gründungszuschuss | P62: =SUM(D62:O62) -> 0 | AC62: =SUM(Q62:AB62) -> 0 | AP62: =SUM(AD62:AO62) -> 0 | BC62: =SUM(AQ62:BB62) -> 0
A63: Privater Finanzbedarf (Unternehmerlohn) | D63: =IF(kapges="x",0,IF(Monat<=1,+'Privater Finanzbedarf'!$C$32,0)) -> 0 | E63: =IF(kapges="x",0,IF(Monat<=2,+'Privater Finanzbedarf'!$C$32,0)) -> 0 | F63: =IF(kapges="x",0,IF(Monat<=3,+'Privater Finanzbedarf'!$C$32,0)) -> 0 | G63: =IF(kapges="x",0,IF(Monat<=4,+'Privater Finanzbedarf'!$C$32,0)) -> 0 | H63: =IF(kapges="x",0,IF(Monat<=5,+'Privater Finanzbedarf'!$C$32,0)) -> 0 | I63: =IF(kapges="x",0,IF(Monat<=6,+'Privater Finanzbedarf'!$C$32,0)) -> 0 | J63: =IF(kapges="x",0,IF(Monat<=7,+'Privater Finanzbedarf'!$C$32,0)) -> 0 | K63: =IF(kapges="x",0,IF(Monat<=8,+'Privater Finanzbedarf'!$C$32,0)) -> 0 | L63: =IF(kapges="x",0,IF(Monat<=9,+'Privater Finanzbedarf'!$C$32,0)) -> 0 | M63: =IF(kapges="x",0,IF(Monat<=10,+'Privater Finanzbedarf'!$C$32,0)) -> 0 | N63: =IF(kapges="x",0,IF(Monat<=11,+'Privater Finanzbedarf'!$C$32,0)) -> 0 | O63: =IF(kapges="x",0,IF(Monat<=12,+'Privater Finanzbedarf'!$C$32,0)) -> 0 | P63: =SUM(D63:O63) -> 0 | Q63: =IF(kapges="x",0,+'Privater Finanzbedarf'!$D$32) -> 0 | R63: =IF(kapges="x",0,+'Privater Finanzbedarf'!$D$32) -> 0 | S63: =IF(kapges="x",0,+'Privater Finanzbedarf'!$D$32) -> 0 | T63: =IF(kapges="x",0,+'Privater Finanzbedarf'!$D$32) -> 0 | U63: =IF(kapges="x",0,+'Privater Finanzbedarf'!$D$32) -> 0 | V63: =IF(kapges="x",0,+'Privater Finanzbedarf'!$D$32) -> 0 | W63: =IF(kapges="x",0,+'Privater Finanzbedarf'!$D$32) -> 0 | X63: =IF(kapges="x",0,+'Privater Finanzbedarf'!$D$32) -> 0 | ... AB63: =IF(kapges="x",0,+'Privater Finanzbedarf'!$D$32) -> 0 | AC63: =SUM(Q63:AB63) -> 0 | AD63: =IF(kapges="x",0,+'Privater Finanzbedarf'!$E$32) -> 0 | AE63: =IF(kapges="x",0,+'Privater Finanzbedarf'!$E$32) -> 0 | AF63: =IF(kapges="x",0,+'Privater Finanzbedarf'!$E$32) -> 0 | AG63: =IF(kapges="x",0,+'Privater Finanzbedarf'!$E$32) -> 0 | AH63: =IF(kapges="x",0,+'Privater Finanzbedarf'!$E$32) -> 0 | AI63: =IF(kapges="x",0,+'Privater Finanzbedarf'!$E$32) -> 0 | AJ63: =IF(kapges="x",0,+'Privater Finanzbedarf'!$E$32) -> 0 | AK63: =IF(kapges="x",0,+'Privater Finanzbedarf'!$E$32) -> 0 | ... AO63: =IF(kapges="x",0,+'Privater Finanzbedarf'!$E$32) -> 0 | AP63: =SUM(AD63:AO63) -> 0 | AQ63: =IF(kapges="x",0,+'Privater Finanzbedarf'!$F$32) -> 0 | AR63: =IF(kapges="x",0,+'Privater Finanzbedarf'!$F$32) -> 0 | AS63: =IF(kapges="x",0,+'Privater Finanzbedarf'!$F$32) -> 0 | AT63: =IF(kapges="x",0,+'Privater Finanzbedarf'!$F$32) -> 0 | AU63: =IF(kapges="x",0,+'Privater Finanzbedarf'!$F$32) -> 0 | AV63: =IF(kapges="x",0,+'Privater Finanzbedarf'!$F$32) -> 0 | AW63: =IF(kapges="x",0,+'Privater Finanzbedarf'!$F$32) -> 0 | AX63: =IF(kapges="x",0,+'Privater Finanzbedarf'!$F$32) -> 0 | ... BB63: =IF(kapges="x",0,+'Privater Finanzbedarf'!$F$32) -> 0 | BC63: =SUM(AQ63:BB63) -> 0
A64: Gewinn/Verlust nach sämtlichen Einflussmöglichkeiten | D64: =+D55-D57+D58-D59-D60-D61+D62-D63 -> 0 | E64: =+E55-E56-E57+E58-E59-E60-E61+E62-E63 -> 0 | F64: =+F55-F56-F57+F58-F59-F60-F61+F62-F63 -> 0 | G64: =+G55-G56-G57+G58-G59-G60-G61+G62-G63 -> 0 | H64: =+H55-H56-H57+H58-H59-H60-H61+H62-H63 -> 0 | I64: =+I55-I56-I57+I58-I59-I60-I61+I62-I63 -> 0 | J64: =+J55-J56-J57+J58-J59-J60-J61+J62-J63 -> 0 | K64: =+K55-K56-K57+K58-K59-K60-K61+K62-K63 -> 0 | L64: =+L55-L56-L57+L58-L59-L60-L61+L62-L63 -> 0 | ... O64: =+O55-O56-O57+O58-O59-O60-O61+O62-O63 -> 0 | P64: =SUM(D64:O64) -> 0 | Q64: =+Q55-Q56-Q57+Q58-Q59-Q60-Q61+Q62-Q63 -> 0 | R64: =+R55-R56-R57+R58-R59-R60-R61+R62-R63 -> 0 | S64: =+S55-S56-S57+S58-S59-S60-S61+S62-S63 -> 0 | T64: =+T55-T56-T57+T58-T59-T60-T61+T62-T63 -> 0 | U64: =+U55-U56-U57+U58-U59-U60-U61+U62-U63 -> 0 | V64: =+V55-V56-V57+V58-V59-V60-V61+V62-V63 -> 0 | W64: =+W55-W56-W57+W58-W59-W60-W61+W62-W63 -> 0 | X64: =+X55-X56-X57+X58-X59-X60-X61+X62-X63 -> 0 | ... AB64: =+AB55-AB56-AB57+AB58-AB59-AB60-AB61+AB62-AB63 -> 0 | AC64: =SUM(Q64:AB64) -> 0 | AD64: =+AD55-AD56-AD57+AD58-AD59-AD60-AD61+AD62-AD63 -> 0 | AE64: =+AE55-AE56-AE57+AE58-AE59-AE60-AE61+AE62-AE63 -> 0 | AF64: =+AF55-AF56-AF57+AF58-AF59-AF60-AF61+AF62-AF63 -> 0 | AG64: =+AG55-AG56-AG57+AG58-AG59-AG60-AG61+AG62-AG63 -> 0 | AH64: =+AH55-AH56-AH57+AH58-AH59-AH60-AH61+AH62-AH63 -> 0 | AI64: =+AI55-AI56-AI57+AI58-AI59-AI60-AI61+AI62-AI63 -> 0 | AJ64: =+AJ55-AJ56-AJ57+AJ58-AJ59-AJ60-AJ61+AJ62-AJ63 -> 0 | AK64: =+AK55-AK56-AK57+AK58-AK59-AK60-AK61+AK62-AK63 -> 0 | ... AO64: =+AO55-AO56-AO57+AO58-AO59-AO60-AO61+AO62-AO63 -> 0 | AP64: =SUM(AD64:AO64) -> 0 | AQ64: =+AQ55-AQ56-AQ57+AQ58-AQ59-AQ60-AQ61+AQ62-AQ63 -> 0 | AR64: =+AR55-AR56-AR57+AR58-AR59-AR60-AR61+AR62-AR63 -> 0 | AS64: =+AS55-AS56-AS57+AS58-AS59-AS60-AS61+AS62-AS63 -> 0 | AT64: =+AT55-AT56-AT57+AT58-AT59-AT60-AT61+AT62-AT63 -> 0 | AU64: =+AU55-AU56-AU57+AU58-AU59-AU60-AU61+AU62-AU63 -> 0 | AV64: =+AV55-AV56-AV57+AV58-AV59-AV60-AV61+AV62-AV63 -> 0 | AW64: =+AW55-AW56-AW57+AW58-AW59-AW60-AW61+AW62-AW63 -> 0 | AX64: =+AX55-AX56-AX57+AX58-AX59-AX60-AX61+AX62-AX63 -> 0 | ... BB64: =+BB55-BB56-BB57+BB58-BB59-BB60-BB61+BB62-BB63 -> 0 | BC64: =SUM(AQ64:BB64) -> 0
A65: eingebrachtes Eigenkapital - liquide Mittel | D65: =IF(Monat=1,SUM(Finanzierungsplan!$D$16),0) -> 0 | E65: =IF(Monat=2,SUM(Finanzierungsplan!$D$16),0) -> 0 | F65: =IF(Monat=3,SUM(Finanzierungsplan!$D$16),0) -> 0 | G65: =IF(Monat=4,SUM(Finanzierungsplan!$D$16),0) -> 0 | H65: =IF(Monat=5,SUM(Finanzierungsplan!$D$16),0) -> 0 | I65: =IF(Monat=6,SUM(Finanzierungsplan!$D$16),0) -> 0 | J65: =IF(Monat=7,SUM(Finanzierungsplan!$D$16),0) -> 0 | K65: =IF(Monat=8,SUM(Finanzierungsplan!$D$16),0) -> 0 | L65: =IF(Monat=9,SUM(Finanzierungsplan!$D$16),0) -> 0 | M65: =IF(Monat=10,SUM(Finanzierungsplan!$D$16),0) -> 0 | N65: =IF(Monat=11,SUM(Finanzierungsplan!$D$16),0) -> 0 | O65: =IF(Monat=12,SUM(Finanzierungsplan!$D$16),0) -> 0
A66: Liquiditätsreserve | D66: =+D64+D65 -> 0 | E66: =+D66+E64+E65 -> 0 | F66: =+E66+F64+F65 -> 0 | G66: =+F66+G64+G65 -> 0 | H66: =+G66+H64+H65 -> 0 | I66: =+H66+I64+I65 -> 0 | J66: =+I66+J64+J65 -> 0 | K66: =+J66+K64+K65 -> 0 | L66: =+K66+L64+L65 -> 0 | ... O66: =+N66+O64+O65 -> 0 | Q66: =+O66+Q64 -> 0 | R66: =+Q66+R64 -> 0 | S66: =+R66+S64 -> 0 | T66: =+S66+T64 -> 0 | U66: =+T66+U64 -> 0 | V66: =+U66+V64 -> 0 | W66: =+V66+W64 -> 0 | X66: =+W66+X64 -> 0 | Y66: =+X66+Y64 -> 0 | ... AB66: =+AA66+AB64 -> 0 | AD66: =+AB66+AD64 -> 0 | AE66: =+AD66+AE64 -> 0 | AF66: =+AE66+AF64 -> 0 | AG66: =+AF66+AG64 -> 0 | AH66: =+AG66+AH64 -> 0 | AI66: =+AH66+AI64 -> 0 | AJ66: =+AI66+AJ64 -> 0 | AK66: =+AJ66+AK64 -> 0 | AL66: =+AK66+AL64 -> 0 | ... AO66: =+AN66+AO64 -> 0 | AQ66: =+AO66+AQ64 -> 0 | AR66: =+AQ66+AR64 -> 0 | AS66: =+AR66+AS64 -> 0 | AT66: =+AS66+AT64 -> 0 | AU66: =+AT66+AU64 -> 0 | AV66: =+AU66+AV64 -> 0 | AW66: =+AV66+AW64 -> 0 | AX66: =+AW66+AX64 -> 0 | AY66: =+AX66+AY64 -> 0 | ... BB66: =+BA66+BB64 -> 0

Sheet Finanzierungsplan
A1: Kapitalbedarfsplan
E2: EUR
A3: Anschaffungen im Jahr der Gründung
B4: Investitionen
C5: Neuanschaffungen | D5: =IF('Notwendige Angaben'!A$17="x",+Investitionsplan!C13,+Investitionsplan!C13*(1+VSt)) -> 0
C6: Sacheinlagen | D6: =+Investitionsplan!C42 -> 0
B7: Geringwertige Wirtschaftsgüter | D7: =IF('Notwendige Angaben'!A$17="x",+Investitionsplan!C26,+Investitionsplan!C26*(1+VSt)) -> 0
B8: Warenlager-Erstausstattung | D8: =IF('Notwendige Angaben'!A$17="x",+Investitionsplan!C33,+Investitionsplan!C33*(1+VSt)) -> 0 | E8: =SUM(D5:D8) -> 0
A10: Betriebsmittel
A11: Kapitalbedarf | E11: =SUM(E4:E10) -> 0
A13: Finanzierungsplan
E14: EUR
A15: Eigenkapital
B16: Liquide Mittel
B17: Eingezahltes Stammkapital (UG, GmbH…)
B18: Sacheinlagen | D18: =+D6 -> 0 | E18: =SUM(D16:D18) -> 0
A20: Fremdkapital (Auszahlungsbetrag)
A21: Hausbankdarlehen
A22: Privatdarlehen (Freunde, Familie…)
A23: Förderdarlehen (Beispiele)
B24: ERP-Gründerkredit - StartGeld 067
B25: ERP-Förderkredit Gründung und Nachfolge 077
B26: ERP-Förderkredit KMU 365, 366
B27: NRW.BANK Gründung und Wachstum
B28: NRW.BANK Universalkredit
B29: NRW.BANK Digitalisierung und Innovation
B30: NRW.Mikrodarlehen
B31: NRW.MicroCrowd
B32: NRW.SeedCap
B33: NRW.SeedCon
E35: =SUM(D21:D35) -> 0
E36: =SUM(E16:E35) -> 0
A38: =IF(E38>=0,"Überdeckung","Unterdeckung") -> Überdeckung | E38: =+E36-E11 -> 0
A39: =IF(MIN(Liquiditätsplan!B66:M66,Liquiditätsplan!O66:Z66,Liquiditätsplan!AB66:AM66,Liquiditätsplan!AO66:AZ66)<0,"Liquiditätsunterdeckung - bitte überprüfen Sie Ihre Finanzierungsstrategie!","") | E39: =IF(MIN(Liquiditätsplan!D66:O66,Liquiditätsplan!Q66:AB66,Liquiditätsplan!AD66:AO66,Liquiditätsplan!AQ66:BB66)<0,MIN(Liquiditätsplan!D66:O66,Liquiditätsplan!Q66:AB66,Liquiditätsplan!AD66:AO66,Liquiditätsplan!AQ66:BB66),"")

Sheet Übersicht Rentabilitätsplan
A1: Mit Klicken auf "+"-Symbole können Sie später Eingabefelder für die Ist-Zahlen öffnen. So ist der Vergleich von Plan- zu Ist-Zahlen möglich. Heben Sie dazu den Passwortschutz unter "Überprüfen/Blattschutz aufheben" auf (kein Passwort nötig). | D1: =+gj -> 2026 | I1: =+gj+1 -> 2027 | O1: =+gj+2 -> 2028 | U1: =+gj+3 -> 2029
D2: Plan | F2: Ist | I2: Plan | L2: Ist | O2: Plan | R2: Ist | U2: Plan | X2: Ist
D3: EUR | E3: Anteil an Gesamt-leistung in % | F3: EUR | G3: Differenz in EUR | H3: Differenz in % | I3: =+D3 -> EUR | J3: =+E3 -> Anteil an Gesamt-leistung in % | K3: Veränderung gegenüber Vorjahr in % | L3: EUR | M3: Differenz in EUR | N3: Differenz in % | O3: =+D3 -> EUR | P3: =+E3 -> Anteil an Gesamt-leistung in % | Q3: =+K3 -> Veränderung gegenüber Vorjahr in % | R3: EUR | S3: Differenz in EUR | T3: Differenz in % | U3: =+D3 -> EUR | V3: =+E3 -> Anteil an Gesamt-leistung in % | W3: =+K3 -> Veränderung gegenüber Vorjahr in % | X3: EUR | Y3: Differenz in EUR | Z3: Differenz in %
A4: =+Rentabilitätsplan!A2 -> Umsatz Handel/Produktion
B5: =+Rentabilitätsplan!B3 -> Umsatz ohne Umsatzsteuer | D5: =+Rentabilitätsplan!P3 -> 0 | E5: =(IF(D$9=0,"-",+D5/D$9)) -> - | G5: =IF(+F5-D5=0,0,+F5-D5) -> 0 | H5: =IF(+D5=0,"-",+G5/D5) -> - | I5: =+Rentabilitätsplan!AC3 -> 0 | J5: =(IF(I$9=0,"",+I5/I$9)) | K5: =IF(D5=0,"",(I5-D5)/D5) | M5: =IF(+L5-I5=0,0,+L5-I5) -> 0 | N5: =IF(+I5=0,"-",+M5/I5) -> - | O5: =+Rentabilitätsplan!AP3 -> 0 | P5: =(IF(O$9=0,"",+O5/O$9)) | Q5: =IF(I5=0,"",(O5-I5)/I5) | S5: =IF(+R5-O5=0,0,+R5-O5) -> 0 | T5: =IF(+O5=0,"-",+S5/O5) -> - | U5: =+Rentabilitätsplan!BC3 -> 0 | V5: =(IF(U$9=0,"",+U5/U$9)) | W5: =IF(O5=0,"",(U5-O5)/O5) | Y5: =IF(+X5-U5=0,0,+X5-U5) -> 0 | Z5: =IF(+U5=0,"-",+Y5/U5) -> -
B6: =+Rentabilitätsplan!B4 -> -- | D6: =+Rentabilitätsplan!P4 -> 0 | E6: =(IF(D$9=0,"-",+D6/D$9)) -> - | G6: =IF(+F6-D6=0,0,+F6-D6) -> 0 | H6: =IF(+D6=0,"-",+G6/D6) -> - | I6: =+Rentabilitätsplan!AC4 -> 0 | J6: =(IF(I$9=0,"",+I6/I$9)) | K6: =IF(D6=0,"",(I6-D6)/D6) | M6: =IF(+L6-I6=0,0,+L6-I6) -> 0 | N6: =IF(+I6=0,"-",+M6/I6) -> - | O6: =+Rentabilitätsplan!AP4 -> 0 | P6: =(IF(O$9=0,"",+O6/O$9)) | Q6: =IF(I6=0,"",(O6-I6)/I6) | S6: =IF(+R6-O6=0,0,+R6-O6) -> 0 | T6: =IF(+O6=0,"-",+S6/O6) -> - | U6: =+Rentabilitätsplan!BC4 -> 0 | V6: =(IF(U$9=0,"",+U6/U$9)) | W6: =IF(O6=0,"",(U6-O6)/O6) | Y6: =IF(+X6-U6=0,0,+X6-U6) -> 0 | Z6: =IF(+U6=0,"-",+Y6/U6) -> -
A7: =+Rentabilitätsplan!A5 -> Umsatzplan Dienstleistungen | D7: =+Rentabilitätsplan!P5 -> 0 | E7: =(IF(D$9=0,"-",+D7/D$9)) -> - | G7: =IF(+F7-D7=0,0,+F7-D7) -> 0 | H7: =IF(+D7=0,"-",+G7/D7) -> - | I7: =+Rentabilitätsplan!AC5 -> 0 | J7: =(IF(I$9=0,"",+I7/I$9)) | K7: =IF(D7=0,"",(I7-D7)/D7) | M7: =IF(+L7-I7=0,0,+L7-I7) -> 0 | N7: =IF(+I7=0,"-",+M7/I7) -> - | O7: =+Rentabilitätsplan!AP5 -> 0 | P7: =(IF(O$9=0,"",+O7/O$9)) | Q7: =IF(I7=0,"",(O7-I7)/I7) | S7: =IF(+R7-O7=0,0,+R7-O7) -> 0 | T7: =IF(+O7=0,"-",+S7/O7) -> - | U7: =+Rentabilitätsplan!BC5 -> 0 | V7: =(IF(U$9=0,"",+U7/U$9)) | W7: =IF(O7=0,"",(U7-O7)/O7) | Y7: =IF(+X7-U7=0,0,+X7-U7) -> 0 | Z7: =IF(+U7=0,"-",+Y7/U7) -> -
A8: =+Rentabilitätsplan!C6 -> Erlösschmälerungen (Skonto) | D8: =+Rentabilitätsplan!P6 -> 0 | E8: =(IF(D$9=0,"-",+D8/D$9)) -> - | G8: =IF(+F8-D8=0,0,+F8-D8) -> 0 | H8: =IF(+D8=0,"-",+G8/D8) -> - | I8: =+Rentabilitätsplan!AC6 -> 0 | J8: =(IF(I$9=0,"",+I8/I$9)) | K8: =IF(D8=0,"",(I8-D8)/D8) | M8: =IF(+L8-I8=0,0,+L8-I8) -> 0 | N8: =IF(+I8=0,"-",+M8/I8) -> - | O8: =+Rentabilitätsplan!AP6 -> 0 | P8: =(IF(O$9=0,"",+O8/O$9)) | Q8: =IF(I8=0,"",(O8-I8)/I8) | S8: =IF(+R8-O8=0,0,+R8-O8) -> 0 | T8: =IF(+O8=0,"-",+S8/O8) -> - | U8: =+Rentabilitätsplan!BC6 -> 0 | V8: =(IF(U$9=0,"",+U8/U$9)) | W8: =IF(O8=0,"",(U8-O8)/O8) | Y8: =IF(+X8-U8=0,0,+X8-U8) -> 0 | Z8: =IF(+U8=0,"-",+Y8/U8) -> -
A9: Gesamtleistung | D9: =+D5+D6+D7-D8 -> 0 | E9: =(IF(D$9=0,"",+D9/D$9)) | F9: =+F5+F6+F7-F8 -> 0 | G9: =+G5+G6+G7-G8 -> 0 | H9: =IF(+D9=0,"-",+G9/D9) -> - | I9: =+I5+I6+I7-I8 -> 0 | J9: =(IF(I$9=0,"",+I9/I$9)) | K9: =IF(D9=0,"",(I9-D9)/D9) | L9: =+L5+L6+L7-L8 -> 0 | M9: =+M5+M6+M7-M8 -> 0 | N9: =IF(+I9=0,"-",+M9/I9) -> - | O9: =+O5+O6+O7-O8 -> 0 | P9: =(IF(O$9=0,"",+O9/O$9)) | Q9: =IF(I9=0,"",(O9-I9)/I9) | R9: =+R5+R6+R7-R8 -> 0 | S9: =+S5+S6+S7-S8 -> 0 | T9: =IF(+O9=0,"-",+S9/O9) -> - | U9: =+U5+U6+U7-U8 -> 0 | V9: =(IF(U$9=0,"",+U9/U$9)) | W9: =IF(O9=0,"",(U9-O9)/O9) | X9: =+X5+X6+X7-X8 -> 0 | Y9: =+Y5+Y6+Y7-Y8 -> 0 | Z9: =IF(+U9=0,"-",+Y9/U9) -> -
A10: =+Rentabilitätsplan!A7 -> sonstige betriebliche Erträge | D10: =+Rentabilitätsplan!P7 -> 0 | E10: =(IF(D$9=0,"",+D10/D$9)) | G10: =IF(+F10-D10=0,0,+F10-D10) -> 0 | H10: =IF(+D10=0,"-",+G10/D10) -> - | I10: =+Rentabilitätsplan!AC7 -> 0 | J10: =(IF(I$9=0,"",+I10/I$9)) | K10: =IF(D10=0,"",(I10-D10)/D10) | M10: =IF(+L10-I10=0,0,+L10-I10) -> 0 | N10: =IF(+I10=0,"-",+M10/I10) -> - | O10: =+Rentabilitätsplan!AP7 -> 0 | P10: =(IF(O$9=0,"",+O10/O$9)) | Q10: =IF(I10=0,"",(O10-I10)/I10) | S10: =IF(+R10-O10=0,0,+R10-O10) -> 0 | T10: =IF(+O10=0,"-",+S10/O10) -> - | U10: =+Rentabilitätsplan!BC7 -> 0 | V10: =(IF(U$9=0,"",+U10/U$9)) | W10: =IF(O10=0,"",(U10-O10)/O10) | Y10: =IF(+X10-U10=0,0,+X10-U10) -> 0 | Z10: =IF(+U10=0,"-",+Y10/U10) -> -
A11: =+Rentabilitätsplan!A8 -> Wareneinkauf/Materialaufwand
B12: =+Rentabilitätsplan!C9 -> pauschaler Wareneinsatz | D12: =+Rentabilitätsplan!P9 -> 0 | E12: =(IF(D$9=0,"",+D12/D$9)) | G12: =IF(+F12-D12=0,0,+F12-D12) -> 0 | H12: =IF(+D12=0,"-",+G12/D12) -> - | I12: =+Rentabilitätsplan!AC9 -> 0 | J12: =(IF(I$9=0,"",+I12/I$9)) | K12: =IF(D12=0,"",(I12-D12)/D12) | M12: =IF(+L12-I12=0,0,+L12-I12) -> 0 | N12: =IF(+I12=0,"-",+M12/I12) -> - | O12: =+Rentabilitätsplan!AP9 -> 0 | P12: =(IF(O$9=0,"",+O12/O$9)) | Q12: =IF(I12=0,"",(O12-I12)/I12) | S12: =IF(+R12-O12=0,0,+R12-O12) -> 0 | T12: =IF(+O12=0,"-",+S12/O12) -> - | U12: =+Rentabilitätsplan!BC9 -> 0 | V12: =(IF(U$9=0,"",+U12/U$9)) | W12: =IF(O12=0,"",(U12-O12)/O12) | Y12: =IF(+X12-U12=0,0,+X12-U12) -> 0 | Z12: =IF(+U12=0,"-",+Y12/U12) -> -
B13: =+Rentabilitätsplan!B12 -> Fremdleistungen | D13: =+Rentabilitätsplan!P12 -> 0 | E13: =(IF(D$9=0,"",+D13/D$9)) | G13: =IF(+F13-D13=0,0,+F13-D13) -> 0 | H13: =IF(+D13=0,"-",+G13/D13) -> - | I13: =+Rentabilitätsplan!AC12 -> 0 | J13: =(IF(I$9=0,"",+I13/I$9)) | K13: =IF(D13=0,"",(I13-D13)/D13) | M13: =IF(+L13-I13=0,0,+L13-I13) -> 0 | N13: =IF(+I13=0,"-",+M13/I13) -> - | O13: =+Rentabilitätsplan!AP12 -> 0 | P13: =(IF(O$9=0,"",+O13/O$9)) | Q13: =IF(I13=0,"",(O13-I13)/I13) | S13: =IF(+R13-O13=0,0,+R13-O13) -> 0 | T13: =IF(+O13=0,"-",+S13/O13) -> - | U13: =+Rentabilitätsplan!BC12 -> 0 | V13: =(IF(U$9=0,"",+U13/U$9)) | W13: =IF(O13=0,"",(U13-O13)/O13) | Y13: =IF(+X13-U13=0,0,+X13-U13) -> 0 | Z13: =IF(+U13=0,"-",+Y13/U13) -> -
B14: =+Rentabilitätsplan!B10 -> Wareneinkauf Saisongeschäft | D14: =+Rentabilitätsplan!P10 -> 0 | E14: =(IF(D$9=0,"",+D14/D$9)) | G14: =IF(+F14-D14=0,0,+F14-D14) -> 0 | H14: =IF(+D14=0,"-",+G14/D14) -> - | I14: =+Rentabilitätsplan!AC10 -> 0 | J14: =(IF(I$9=0,"",+I14/I$9)) | K14: =IF(D14=0,"",(I14-D14)/D14) | M14: =IF(+L14-I14=0,0,+L14-I14) -> 0 | N14: =IF(+I14=0,"-",+M14/I14) -> - | O14: =+Rentabilitätsplan!AP10 -> 0 | P14: =(IF(O$9=0,"",+O14/O$9)) | Q14: =IF(I14=0,"",(O14-I14)/I14) | S14: =IF(+R14-O14=0,0,+R14-O14) -> 0 | T14: =IF(+O14=0,"-",+S14/O14) -> - | U14: =+Rentabilitätsplan!BC10 -> 0 | V14: =(IF(U$9=0,"",+U14/U$9)) | W14: =IF(O14=0,"",(U14-O14)/O14) | Y14: =IF(+X14-U14=0,0,+X14-U14) -> 0 | Z14: =IF(+U14=0,"-",+Y14/U14) -> -
B15: =+Rentabilitätsplan!B11 -> Warenlager-Erstausstattung und -aufstockung | D15: =+Rentabilitätsplan!P11 -> 0 | E15: =(IF(D$9=0,"",+D15/D$9)) | G15: =IF(+F15-D15=0,0,+F15-D15) -> 0 | H15: =IF(+D15=0,"-",+G15/D15) -> - | I15: =+Rentabilitätsplan!AC11 -> 0 | J15: =(IF(I$9=0,"",+I15/I$9)) | K15: =IF(D15=0,"",(I15-D15)/D15) | M15: =IF(+L15-I15=0,0,+L15-I15) -> 0 | N15: =IF(+I15=0,"-",+M15/I15) -> - | O15: =+Rentabilitätsplan!AP11 -> 0 | P15: =(IF(O$9=0,"",+O15/O$9)) | Q15: =IF(I15=0,"",(O15-I15)/I15) | S15: =IF(+R15-O15=0,0,+R15-O15) -> 0 | T15: =IF(+O15=0,"-",+S15/O15) -> - | U15: =+Rentabilitätsplan!BC11 -> 0 | V15: =(IF(U$9=0,"",+U15/U$9)) | W15: =IF(O15=0,"",(U15-O15)/O15) | Y15: =IF(+X15-U15=0,0,+X15-U15) -> 0 | Z15: =IF(+U15=0,"-",+Y15/U15) -> -
A16: =+Rentabilitätsplan!A13 -> Rohergebnis | D16: =D9+D10-D12-D13-D14-D15 -> 0 | E16: =(IF(D$9=0,"",+D16/D$9)) | F16: =F9+F10-F12-F13-F14-F15 -> 0 | G16: =G9+G10-G12-G13-G14-G15 -> 0 | H16: =H9+H10-H12-H13-H14-H15 -> #VALUE! | I16: =I9+I10-I12-I13-I14-I15 -> 0 | J16: =(IF(I$9=0,"",+I16/I$9)) | K16: =IF(D16=0,"",(I16-D16)/D16) | L16: =L9+L10-L12-L13-L14-L15 -> 0 | M16: =M9+M10-M12-M13-M14-M15 -> 0 | N16: =N9+N10-N12-N13-N14-N15 -> #VALUE! | O16: =O9+O10-O12-O13-O14-O15 -> 0 | P16: =(IF(O$9=0,"",+O16/O$9)) | Q16: =IF(I16=0,"",(O16-I16)/I16) | R16: =R9+R10-R12-R13-R14-R15 -> 0 | S16: =S9+S10-S12-S13-S14-S15 -> 0 | T16: =T9+T10-T12-T13-T14-T15 -> #VALUE! | U16: =U9+U10-U12-U13-U14-U15 -> 0 | V16: =(IF(U$9=0,"",+U16/U$9)) | W16: =IF(O16=0,"",(U16-O16)/O16) | X16: =X9+X10-X12-X13-X15 -> 0 | Y16: =IF(+X16-U16=0,0,+X16-U16) -> 0 | Z16: =IF(+U16=0,"-",+Y16/U16) -> -
A17: =+Rentabilitätsplan!A14 -> Personalaufwand incl. Sozialabgaben (ca. 22%) | D17: =+Rentabilitätsplan!P14 -> 0 | E17: =(IF(D$9=0,"",+D17/D$9)) | G17: =IF(+F17-D17=0,0,+F17-D17) -> 0 | H17: =IF(+D17=0,"-",+G17/D17) -> - | I17: =+Rentabilitätsplan!AC14 -> 0 | J17: =(IF(I$9=0,"",+I17/I$9)) | K17: =IF(D17=0,"",(I17-D17)/D17) | M17: =IF(+L17-I17=0,0,+L17-I17) -> 0 | N17: =IF(+I17=0,"-",+M17/I17) -> - | O17: =+Rentabilitätsplan!AP14 -> 0 | P17: =(IF(O$9=0,"",+O17/O$9)) | Q17: =IF(I17=0,"",(O17-I17)/I17) | S17: =IF(+R17-O17=0,0,+R17-O17) -> 0 | T17: =IF(+O17=0,"-",+S17/O17) -> - | U17: =+Rentabilitätsplan!BC14 -> 0 | V17: =(IF(U$9=0,"",+U17/U$9)) | W17: =IF(O17=0,"",(U17-O17)/O17) | Y17: =IF(+X17-U17=0,0,+X17-U17) -> 0 | Z17: =IF(+U17=0,"-",+Y17/U17) -> -
A18: =+Rentabilitätsplan!A15 -> Abschreibungen | D18: =+Rentabilitätsplan!P15 -> 0 | E18: =(IF(D$9=0,"",+D18/D$9)) | G18: =IF(+F18-D18=0,0,+F18-D18) -> 0 | H18: =IF(+D18=0,"-",+G18/D18) -> - | I18: =+Rentabilitätsplan!AC15 -> 0 | J18: =(IF(I$9=0,"",+I18/I$9)) | K18: =IF(D18=0,"",(I18-D18)/D18) | M18: =IF(+L18-I18=0,0,+L18-I18) -> 0 | N18: =IF(+I18=0,"-",+M18/I18) -> - | O18: =+Rentabilitätsplan!AP15 -> 0 | P18: =(IF(O$9=0,"",+O18/O$9)) | Q18: =IF(I18=0,"",(O18-I18)/I18) | S18: =IF(+R18-O18=0,0,+R18-O18) -> 0 | T18: =IF(+O18=0,"-",+S18/O18) -> - | U18: =+Rentabilitätsplan!BC15 -> 0 | V18: =(IF(U$9=0,"",+U18/U$9)) | W18: =IF(O18=0,"",(U18-O18)/O18) | Y18: =IF(+X18-U18=0,0,+X18-U18) -> 0 | Z18: =IF(+U18=0,"-",+Y18/U18) -> -
A19: =+Rentabilitätsplan!A16 -> Sonstige betriebliche Aufwendungen
B20: =+Rentabilitätsplan!B17 -> Raumkosten (Miete, Nebenkosten, Reinigung etc.)
C21: =+Rentabilitätsplan!C18 -> Miete und Nebenkosten | D21: =+Rentabilitätsplan!P18 -> 0 | E21: =(IF(D$9=0,"",+D21/D$9)) | G21: =IF(+F21-D21=0,0,+F21-D21) -> 0 | H21: =IF(+D21=0,"-",+G21/D21) -> - | I21: =+Rentabilitätsplan!AC18 -> 0 | J21: =(IF(I$9=0,"",+I21/I$9)) | K21: =IF(D21=0,"",(I21-D21)/D21) | M21: =IF(+L21-I21=0,0,+L21-I21) -> 0 | N21: =IF(+I21=0,"-",+M21/I21) -> - | O21: =+Rentabilitätsplan!AP18 -> 0 | P21: =(IF(O$9=0,"",+O21/O$9)) | Q21: =IF(I21=0,"",(O21-I21)/I21) | S21: =IF(+R21-O21=0,0,+R21-O21) -> 0 | T21: =IF(+O21=0,"-",+S21/O21) -> - | U21: =+Rentabilitätsplan!BC18 -> 0 | V21: =(IF(U$9=0,"",+U21/U$9)) | W21: =IF(O21=0,"",(U21-O21)/O21) | Y21: =IF(+X21-U21=0,0,+X21-U21) -> 0 | Z21: =IF(+U21=0,"-",+Y21/U21) -> -
C22: =+Rentabilitätsplan!C19 -> Instandhaltung | D22: =+Rentabilitätsplan!P19 -> 0 | E22: =(IF(D$9=0,"",+D22/D$9)) | G22: =IF(+F22-D22=0,0,+F22-D22) -> 0 | H22: =IF(+D22=0,"-",+G22/D22) -> - | I22: =+Rentabilitätsplan!AC19 -> 0 | J22: =(IF(I$9=0,"",+I22/I$9)) | K22: =IF(D22=0,"",(I22-D22)/D22) | M22: =IF(+L22-I22=0,0,+L22-I22) -> 0 | N22: =IF(+I22=0,"-",+M22/I22) -> - | O22: =+Rentabilitätsplan!AP19 -> 0 | P22: =(IF(O$9=0,"",+O22/O$9)) | Q22: =IF(I22=0,"",(O22-I22)/I22) | S22: =IF(+R22-O22=0,0,+R22-O22) -> 0 | T22: =IF(+O22=0,"-",+S22/O22) -> - | U22: =+Rentabilitätsplan!BC19 -> 0 | V22: =(IF(U$9=0,"",+U22/U$9)) | W22: =IF(O22=0,"",(U22-O22)/O22) | Y22: =IF(+X22-U22=0,0,+X22-U22) -> 0 | Z22: =IF(+U22=0,"-",+Y22/U22) -> -
B23: =+Rentabilitätsplan!B20 -> Telefon, Fax | D23: =+Rentabilitätsplan!P20 -> 0 | E23: =(IF(D$9=0,"",+D23/D$9)) | G23: =IF(+F23-D23=0,0,+F23-D23) -> 0 | H23: =IF(+D23=0,"-",+G23/D23) -> - | I23: =+Rentabilitätsplan!AC20 -> 0 | J23: =(IF(I$9=0,"",+I23/I$9)) | K23: =IF(D23=0,"",(I23-D23)/D23) | M23: =IF(+L23-I23=0,0,+L23-I23) -> 0 | N23: =IF(+I23=0,"-",+M23/I23) -> - | O23: =+Rentabilitätsplan!AP20 -> 0 | P23: =(IF(O$9=0,"",+O23/O$9)) | Q23: =IF(I23=0,"",(O23-I23)/I23) | S23: =IF(+R23-O23=0,0,+R23-O23) -> 0 | T23: =IF(+O23=0,"-",+S23/O23) -> - | U23: =+Rentabilitätsplan!BC20 -> 0 | V23: =(IF(U$9=0,"",+U23/U$9)) | W23: =IF(O23=0,"",(U23-O23)/O23) | Y23: =IF(+X23-U23=0,0,+X23-U23) -> 0 | Z23: =IF(+U23=0,"-",+Y23/U23) -> -
B24: =+Rentabilitätsplan!B21 -> Kfz-Kosten
C25: =+Rentabilitätsplan!C22 -> Kfz-Versicherungen | D25: =+Rentabilitätsplan!P22 -> 0 | E25: =(IF(D$9=0,"",+D25/D$9)) | G25: =IF(+F25-D25=0,0,+F25-D25) -> 0 | H25: =IF(+D25=0,"-",+G25/D25) -> - | I25: =+Rentabilitätsplan!AC22 -> 0 | J25: =(IF(I$9=0,"",+I25/I$9)) | K25: =IF(D25=0,"",(I25-D25)/D25) | M25: =IF(+L25-I25=0,0,+L25-I25) -> 0 | N25: =IF(+I25=0,"-",+M25/I25) -> - | O25: =+Rentabilitätsplan!AP22 -> 0 | P25: =(IF(O$9=0,"",+O25/O$9)) | Q25: =IF(I25=0,"",(O25-I25)/I25) | S25: =IF(+R25-O25=0,0,+R25-O25) -> 0 | T25: =IF(+O25=0,"-",+S25/O25) -> - | U25: =+Rentabilitätsplan!BC22 -> 0 | V25: =(IF(U$9=0,"",+U25/U$9)) | W25: =IF(O25=0,"",(U25-O25)/O25) | Y25: =IF(+X25-U25=0,0,+X25-U25) -> 0 | Z25: =IF(+U25=0,"-",+Y25/U25) -> -
C26: =+Rentabilitätsplan!C23 -> Wartung und Reparatur | D26: =+Rentabilitätsplan!P23 -> 0 | E26: =(IF(D$9=0,"",+D26/D$9)) | G26: =IF(+F26-D26=0,0,+F26-D26) -> 0 | H26: =IF(+D26=0,"-",+G26/D26) -> - | I26: =+Rentabilitätsplan!AC23 -> 0 | J26: =(IF(I$9=0,"",+I26/I$9)) | K26: =IF(D26=0,"",(I26-D26)/D26) | M26: =IF(+L26-I26=0,0,+L26-I26) -> 0 | N26: =IF(+I26=0,"-",+M26/I26) -> - | O26: =+Rentabilitätsplan!AP23 -> 0 | P26: =(IF(O$9=0,"",+O26/O$9)) | Q26: =IF(I26=0,"",(O26-I26)/I26) | S26: =IF(+R26-O26=0,0,+R26-O26) -> 0 | T26: =IF(+O26=0,"-",+S26/O26) -> - | U26: =+Rentabilitätsplan!BC23 -> 0 | V26: =(IF(U$9=0,"",+U26/U$9)) | W26: =IF(O26=0,"",(U26-O26)/O26) | Y26: =IF(+X26-U26=0,0,+X26-U26) -> 0 | Z26: =IF(+U26=0,"-",+Y26/U26) -> -
C27: =+Rentabilitätsplan!C24 -> Leasing (nur Kfz) | D27: =+Rentabilitätsplan!P24 -> 0 | E27: =(IF(D$9=0,"",+D27/D$9)) | G27: =IF(+F27-D27=0,0,+F27-D27) -> 0 | H27: =IF(+D27=0,"-",+G27/D27) -> - | I27: =+Rentabilitätsplan!AC24 -> 0 | J27: =(IF(I$9=0,"",+I27/I$9)) | K27: =IF(D27=0,"",(I27-D27)/D27) | M27: =IF(+L27-I27=0,0,+L27-I27) -> 0 | N27: =IF(+I27=0,"-",+M27/I27) -> - | O27: =+Rentabilitätsplan!AP24 -> 0 | P27: =(IF(O$9=0,"",+O27/O$9)) | Q27: =IF(I27=0,"",(O27-I27)/I27) | S27: =IF(+R27-O27=0,0,+R27-O27) -> 0 | T27: =IF(+O27=0,"-",+S27/O27) -> - | U27: =+Rentabilitätsplan!BC24 -> 0 | V27: =(IF(U$9=0,"",+U27/U$9)) | W27: =IF(O27=0,"",(U27-O27)/O27) | Y27: =IF(+X27-U27=0,0,+X27-U27) -> 0 | Z27: =IF(+U27=0,"-",+Y27/U27) -> -
C28: =+Rentabilitätsplan!C25 -> Betriebskosten | D28: =+Rentabilitätsplan!P25 -> 0 | E28: =(IF(D$9=0,"",+D28/D$9)) | G28: =IF(+F28-D28=0,0,+F28-D28) -> 0 | H28: =IF(+D28=0,"-",+G28/D28) -> - | I28: =+Rentabilitätsplan!AC25 -> 0 | J28: =(IF(I$9=0,"",+I28/I$9)) | K28: =IF(D28=0,"",(I28-D28)/D28) | M28: =IF(+L28-I28=0,0,+L28-I28) -> 0 | N28: =IF(+I28=0,"-",+M28/I28) -> - | O28: =+Rentabilitätsplan!AP25 -> 0 | P28: =(IF(O$9=0,"",+O28/O$9)) | Q28: =IF(I28=0,"",(O28-I28)/I28) | S28: =IF(+R28-O28=0,0,+R28-O28) -> 0 | T28: =IF(+O28=0,"-",+S28/O28) -> - | U28: =+Rentabilitätsplan!BC25 -> 0 | V28: =(IF(U$9=0,"",+U28/U$9)) | W28: =IF(O28=0,"",(U28-O28)/O28) | Y28: =IF(+X28-U28=0,0,+X28-U28) -> 0 | Z28: =IF(+U28=0,"-",+Y28/U28) -> -
B29: =+Rentabilitätsplan!B26 -> Reise- und Bewirtungskosten | D29: =+Rentabilitätsplan!P26 -> 0 | E29: =(IF(D$9=0,"",+D29/D$9)) | G29: =IF(+F29-D29=0,0,+F29-D29) -> 0 | H29: =IF(+D29=0,"-",+G29/D29) -> - | I29: =+Rentabilitätsplan!AC26 -> 0 | J29: =(IF(I$9=0,"",+I29/I$9)) | K29: =IF(D29=0,"",(I29-D29)/D29) | M29: =IF(+L29-I29=0,0,+L29-I29) -> 0 | N29: =IF(+I29=0,"-",+M29/I29) -> - | O29: =+Rentabilitätsplan!AP26 -> 0 | P29: =(IF(O$9=0,"",+O29/O$9)) | Q29: =IF(I29=0,"",(O29-I29)/I29) | S29: =IF(+R29-O29=0,0,+R29-O29) -> 0 | T29: =IF(+O29=0,"-",+S29/O29) -> - | U29: =+Rentabilitätsplan!BC26 -> 0 | V29: =(IF(U$9=0,"",+U29/U$9)) | W29: =IF(O29=0,"",(U29-O29)/O29) | Y29: =IF(+X29-U29=0,0,+X29-U29) -> 0 | Z29: =IF(+U29=0,"-",+Y29/U29) -> -
B30: =+Rentabilitätsplan!B27 -> Anzeigen- und sonst. Werbung | D30: =+Rentabilitätsplan!P27 -> 0 | E30: =(IF(D$9=0,"",+D30/D$9)) | G30: =IF(+F30-D30=0,0,+F30-D30) -> 0 | H30: =IF(+D30=0,"-",+G30/D30) -> - | I30: =+Rentabilitätsplan!AC27 -> 0 | J30: =(IF(I$9=0,"",+I30/I$9)) | K30: =IF(D30=0,"",(I30-D30)/D30) | M30: =IF(+L30-I30=0,0,+L30-I30) -> 0 | N30: =IF(+I30=0,"-",+M30/I30) -> - | O30: =+Rentabilitätsplan!AP27 -> 0 | P30: =(IF(O$9=0,"",+O30/O$9)) | Q30: =IF(I30=0,"",(O30-I30)/I30) | S30: =IF(+R30-O30=0,0,+R30-O30) -> 0 | T30: =IF(+O30=0,"-",+S30/O30) -> - | U30: =+Rentabilitätsplan!BC27 -> 0 | V30: =(IF(U$9=0,"",+U30/U$9)) | W30: =IF(O30=0,"",(U30-O30)/O30) | Y30: =IF(+X30-U30=0,0,+X30-U30) -> 0 | Z30: =IF(+U30=0,"-",+Y30/U30) -> -
B31: =+Rentabilitätsplan!B28 -> Kosten der Warenabgabe
C32: =+Rentabilitätsplan!C29 -> Verpackung/Ausgangsfrachten | D32: =+Rentabilitätsplan!P29 -> 0 | E32: =(IF(D$9=0,"",+D32/D$9)) | G32: =IF(+F32-D32=0,0,+F32-D32) -> 0 | H32: =IF(+D32=0,"-",+G32/D32) -> - | I32: =+Rentabilitätsplan!AC29 -> 0 | J32: =(IF(I$9=0,"",+I32/I$9)) | K32: =IF(D32=0,"",(I32-D32)/D32) | M32: =IF(+L32-I32=0,0,+L32-I32) -> 0 | N32: =IF(+I32=0,"-",+M32/I32) -> - | O32: =+Rentabilitätsplan!AP29 -> 0 | P32: =(IF(O$9=0,"",+O32/O$9)) | Q32: =IF(I32=0,"",(O32-I32)/I32) | S32: =IF(+R32-O32=0,0,+R32-O32) -> 0 | T32: =IF(+O32=0,"-",+S32/O32) -> - | U32: =+Rentabilitätsplan!BC29 -> 0 | V32: =(IF(U$9=0,"",+U32/U$9)) | W32: =IF(O32=0,"",(U32-O32)/O32) | Y32: =IF(+X32-U32=0,0,+X32-U32) -> 0 | Z32: =IF(+U32=0,"-",+Y32/U32) -> -
C33: =+Rentabilitätsplan!C30 -> Provisionen | D33: =+Rentabilitätsplan!P30 -> 0 | E33: =(IF(D$9=0,"",+D33/D$9)) | G33: =IF(+F33-D33=0,0,+F33-D33) -> 0 | H33: =IF(+D33=0,"-",+G33/D33) -> - | I33: =+Rentabilitätsplan!AC30 -> 0 | J33: =(IF(I$9=0,"",+I33/I$9)) | K33: =IF(D33=0,"",(I33-D33)/D33) | M33: =IF(+L33-I33=0,0,+L33-I33) -> 0 | N33: =IF(+I33=0,"-",+M33/I33) -> - | O33: =+Rentabilitätsplan!AP30 -> 0 | P33: =(IF(O$9=0,"",+O33/O$9)) | Q33: =IF(I33=0,"",(O33-I33)/I33) | S33: =IF(+R33-O33=0,0,+R33-O33) -> 0 | T33: =IF(+O33=0,"-",+S33/O33) -> - | U33: =+Rentabilitätsplan!BC30 -> 0 | V33: =(IF(U$9=0,"",+U33/U$9)) | W33: =IF(O33=0,"",(U33-O33)/O33) | Y33: =IF(+X33-U33=0,0,+X33-U33) -> 0 | Z33: =IF(+U33=0,"-",+Y33/U33) -> -
B34: =+Rentabilitätsplan!B31 -> Instandhaltung Betriebs- und Geschäftsausstattung | D34: =+Rentabilitätsplan!P31 -> 0 | E34: =(IF(D$9=0,"",+D34/D$9)) | G34: =IF(+F34-D34=0,0,+F34-D34) -> 0 | H34: =IF(+D34=0,"-",+G34/D34) -> - | I34: =+Rentabilitätsplan!AC31 -> 0 | J34: =(IF(I$9=0,"",+I34/I$9)) | K34: =IF(D34=0,"",(I34-D34)/D34) | M34: =IF(+L34-I34=0,0,+L34-I34) -> 0 | N34: =IF(+I34=0,"-",+M34/I34) -> - | O34: =+Rentabilitätsplan!AP31 -> 0 | P34: =(IF(O$9=0,"",+O34/O$9)) | Q34: =IF(I34=0,"",(O34-I34)/I34) | S34: =IF(+R34-O34=0,0,+R34-O34) -> 0 | T34: =IF(+O34=0,"-",+S34/O34) -> - | U34: =+Rentabilitätsplan!BC31 -> 0 | V34: =(IF(U$9=0,"",+U34/U$9)) | W34: =IF(O34=0,"",(U34-O34)/O34) | Y34: =IF(+X34-U34=0,0,+X34-U34) -> 0 | Z34: =IF(+U34=0,"-",+Y34/U34) -> -
B35: =+Rentabilitätsplan!B32 -> Leasing (außer Kfz) | D35: =+Rentabilitätsplan!P32 -> 0 | E35: =(IF(D$9=0,"",+D35/D$9)) | G35: =IF(+F35-D35=0,0,+F35-D35) -> 0 | H35: =IF(+D35=0,"-",+G35/D35) -> - | I35: =+Rentabilitätsplan!AC32 -> 0 | J35: =(IF(I$9=0,"",+I35/I$9)) | K35: =IF(D35=0,"",(I35-D35)/D35) | M35: =IF(+L35-I35=0,0,+L35-I35) -> 0 | N35: =IF(+I35=0,"-",+M35/I35) -> - | O35: =+Rentabilitätsplan!AP32 -> 0 | P35: =(IF(O$9=0,"",+O35/O$9)) | Q35: =IF(I35=0,"",(O35-I35)/I35) | S35: =IF(+R35-O35=0,0,+R35-O35) -> 0 | T35: =IF(+O35=0,"-",+S35/O35) -> - | U35: =+Rentabilitätsplan!BC32 -> 0 | V35: =(IF(U$9=0,"",+U35/U$9)) | W35: =IF(O35=0,"",(U35-O35)/O35) | Y35: =IF(+X35-U35=0,0,+X35-U35) -> 0 | Z35: =IF(+U35=0,"-",+Y35/U35) -> -
B36: =+Rentabilitätsplan!B33 -> Kosten von Software | D36: =+Rentabilitätsplan!P33 -> 0 | E36: =(IF(D$9=0,"",+D36/D$9)) | G36: =IF(+F36-D36=0,0,+F36-D36) -> 0 | H36: =IF(+D36=0,"-",+G36/D36) -> - | I36: =+Rentabilitätsplan!AC33 -> 0 | J36: =(IF(I$9=0,"",+I36/I$9)) | K36: =IF(D36=0,"",(I36-D36)/D36) | M36: =IF(+L36-I36=0,0,+L36-I36) -> 0 | N36: =IF(+I36=0,"-",+M36/I36) -> - | O36: =+Rentabilitätsplan!AP33 -> 0 | P36: =(IF(O$9=0,"",+O36/O$9)) | Q36: =IF(I36=0,"",(O36-I36)/I36) | S36: =IF(+R36-O36=0,0,+R36-O36) -> 0 | T36: =IF(+O36=0,"-",+S36/O36) -> - | U36: =+Rentabilitätsplan!BC33 -> 0 | V36: =(IF(U$9=0,"",+U36/U$9)) | W36: =IF(O36=0,"",(U36-O36)/O36) | Y36: =IF(+X36-U36=0,0,+X36-U36) -> 0 | Z36: =IF(+U36=0,"-",+Y36/U36) -> -
B37: =+Rentabilitätsplan!B34 -> Versicherungen (ohne Kfz) | D37: =+Rentabilitätsplan!P34 -> 0 | E37: =(IF(D$9=0,"",+D37/D$9)) | G37: =IF(+F37-D37=0,0,+F37-D37) -> 0 | H37: =IF(+D37=0,"-",+G37/D37) -> - | I37: =+Rentabilitätsplan!AC34 -> 0 | J37: =(IF(I$9=0,"",+I37/I$9)) | K37: =IF(D37=0,"",(I37-D37)/D37) | M37: =IF(+L37-I37=0,0,+L37-I37) -> 0 | N37: =IF(+I37=0,"-",+M37/I37) -> - | O37: =+Rentabilitätsplan!AP34 -> 0 | P37: =(IF(O$9=0,"",+O37/O$9)) | Q37: =IF(I37=0,"",(O37-I37)/I37) | S37: =IF(+R37-O37=0,0,+R37-O37) -> 0 | T37: =IF(+O37=0,"-",+S37/O37) -> - | U37: =+Rentabilitätsplan!BC34 -> 0 | V37: =(IF(U$9=0,"",+U37/U$9)) | W37: =IF(O37=0,"",(U37-O37)/O37) | Y37: =IF(+X37-U37=0,0,+X37-U37) -> 0 | Z37: =IF(+U37=0,"-",+Y37/U37) -> -
B38: =+Rentabilitätsplan!B35 -> Beiträge, Gebühren | D38: =+Rentabilitätsplan!P35 -> 0 | E38: =(IF(D$9=0,"",+D38/D$9)) | G38: =IF(+F38-D38=0,0,+F38-D38) -> 0 | H38: =IF(+D38=0,"-",+G38/D38) -> - | I38: =+Rentabilitätsplan!AC35 -> 0 | J38: =(IF(I$9=0,"",+I38/I$9)) | K38: =IF(D38=0,"",(I38-D38)/D38) | M38: =IF(+L38-I38=0,0,+L38-I38) -> 0 | N38: =IF(+I38=0,"-",+M38/I38) -> - | O38: =+Rentabilitätsplan!AP35 -> 0 | P38: =(IF(O$9=0,"",+O38/O$9)) | Q38: =IF(I38=0,"",(O38-I38)/I38) | S38: =IF(+R38-O38=0,0,+R38-O38) -> 0 | T38: =IF(+O38=0,"-",+S38/O38) -> - | U38: =+Rentabilitätsplan!BC35 -> 0 | V38: =(IF(U$9=0,"",+U38/U$9)) | W38: =IF(O38=0,"",(U38-O38)/O38) | Y38: =IF(+X38-U38=0,0,+X38-U38) -> 0 | Z38: =IF(+U38=0,"-",+Y38/U38) -> -
B39: =+Rentabilitätsplan!B36 -> Bürobedarf | D39: =+Rentabilitätsplan!P36 -> 0 | E39: =(IF(D$9=0,"",+D39/D$9)) | G39: =IF(+F39-D39=0,0,+F39-D39) -> 0 | H39: =IF(+D39=0,"-",+G39/D39) -> - | I39: =+Rentabilitätsplan!AC36 -> 0 | J39: =(IF(I$9=0,"",+I39/I$9)) | K39: =IF(D39=0,"",(I39-D39)/D39) | M39: =IF(+L39-I39=0,0,+L39-I39) -> 0 | N39: =IF(+I39=0,"-",+M39/I39) -> - | O39: =+Rentabilitätsplan!AP36 -> 0 | P39: =(IF(O$9=0,"",+O39/O$9)) | Q39: =IF(I39=0,"",(O39-I39)/I39) | S39: =IF(+R39-O39=0,0,+R39-O39) -> 0 | T39: =IF(+O39=0,"-",+S39/O39) -> - | U39: =+Rentabilitätsplan!BC36 -> 0 | V39: =(IF(U$9=0,"",+U39/U$9)) | W39: =IF(O39=0,"",(U39-O39)/O39) | Y39: =IF(+X39-U39=0,0,+X39-U39) -> 0 | Z39: =IF(+U39=0,"-",+Y39/U39) -> -
B40: =+Rentabilitätsplan!B37 -> Postwertzeichen | D40: =+Rentabilitätsplan!P37 -> 0 | E40: =(IF(D$9=0,"",+D40/D$9)) | G40: =IF(+F40-D40=0,0,+F40-D40) -> 0 | H40: =IF(+D40=0,"-",+G40/D40) -> - | I40: =+Rentabilitätsplan!AC37 -> 0 | J40: =(IF(I$9=0,"",+I40/I$9)) | K40: =IF(D40=0,"",(I40-D40)/D40) | M40: =IF(+L40-I40=0,0,+L40-I40) -> 0 | N40: =IF(+I40=0,"-",+M40/I40) -> - | O40: =+Rentabilitätsplan!AP37 -> 0 | P40: =(IF(O$9=0,"",+O40/O$9)) | Q40: =IF(I40=0,"",(O40-I40)/I40) | S40: =IF(+R40-O40=0,0,+R40-O40) -> 0 | T40: =IF(+O40=0,"-",+S40/O40) -> - | U40: =+Rentabilitätsplan!BC37 -> 0 | V40: =(IF(U$9=0,"",+U40/U$9)) | W40: =IF(O40=0,"",(U40-O40)/O40) | Y40: =IF(+X40-U40=0,0,+X40-U40) -> 0 | Z40: =IF(+U40=0,"-",+Y40/U40) -> -
B41: =+Rentabilitätsplan!B38 -> Fachliteratur | D41: =+Rentabilitätsplan!P38 -> 0 | E41: =(IF(D$9=0,"",+D41/D$9)) | G41: =IF(+F41-D41=0,0,+F41-D41) -> 0 | H41: =IF(+D41=0,"-",+G41/D41) -> - | I41: =+Rentabilitätsplan!AC38 -> 0 | J41: =(IF(I$9=0,"",+I41/I$9)) | K41: =IF(D41=0,"",(I41-D41)/D41) | M41: =IF(+L41-I41=0,0,+L41-I41) -> 0 | N41: =IF(+I41=0,"-",+M41/I41) -> - | O41: =+Rentabilitätsplan!AP38 -> 0 | P41: =(IF(O$9=0,"",+O41/O$9)) | Q41: =IF(I41=0,"",(O41-I41)/I41) | S41: =IF(+R41-O41=0,0,+R41-O41) -> 0 | T41: =IF(+O41=0,"-",+S41/O41) -> - | U41: =+Rentabilitätsplan!BC38 -> 0 | V41: =(IF(U$9=0,"",+U41/U$9)) | W41: =IF(O41=0,"",(U41-O41)/O41) | Y41: =IF(+X41-U41=0,0,+X41-U41) -> 0 | Z41: =IF(+U41=0,"-",+Y41/U41) -> -
B42: =+Rentabilitätsplan!B39 -> Fortbildung | D42: =+Rentabilitätsplan!P39 -> 0 | E42: =(IF(D$9=0,"",+D42/D$9)) | G42: =IF(+F42-D42=0,0,+F42-D42) -> 0 | H42: =IF(+D42=0,"-",+G42/D42) -> - | I42: =+Rentabilitätsplan!AC39 -> 0 | J42: =(IF(I$9=0,"",+I42/I$9)) | K42: =IF(D42=0,"",(I42-D42)/D42) | M42: =IF(+L42-I42=0,0,+L42-I42) -> 0 | N42: =IF(+I42=0,"-",+M42/I42) -> - | O42: =+Rentabilitätsplan!AP39 -> 0 | P42: =(IF(O$9=0,"",+O42/O$9)) | Q42: =IF(I42=0,"",(O42-I42)/I42) | S42: =IF(+R42-O42=0,0,+R42-O42) -> 0 | T42: =IF(+O42=0,"-",+S42/O42) -> - | U42: =+Rentabilitätsplan!BC39 -> 0 | V42: =(IF(U$9=0,"",+U42/U$9)) | W42: =IF(O42=0,"",(U42-O42)/O42) | Y42: =IF(+X42-U42=0,0,+X42-U42) -> 0 | Z42: =IF(+U42=0,"-",+Y42/U42) -> -
B43: =+Rentabilitätsplan!B40 -> Messen und Ausstellungen | D43: =+Rentabilitätsplan!P40 -> 0 | E43: =(IF(D$9=0,"",+D43/D$9)) | G43: =IF(+F43-D43=0,0,+F43-D43) -> 0 | H43: =IF(+D43=0,"-",+G43/D43) -> - | I43: =+Rentabilitätsplan!AC40 -> 0 | J43: =(IF(I$9=0,"",+I43/I$9)) | K43: =IF(D43=0,"",(I43-D43)/D43) | M43: =IF(+L43-I43=0,0,+L43-I43) -> 0 | N43: =IF(+I43=0,"-",+M43/I43) -> - | O43: =+Rentabilitätsplan!AP40 -> 0 | P43: =(IF(O$9=0,"",+O43/O$9)) | Q43: =IF(I43=0,"",(O43-I43)/I43) | S43: =IF(+R43-O43=0,0,+R43-O43) -> 0 | T43: =IF(+O43=0,"-",+S43/O43) -> - | U43: =+Rentabilitätsplan!BC40 -> 0 | V43: =(IF(U$9=0,"",+U43/U$9)) | W43: =IF(O43=0,"",(U43-O43)/O43) | Y43: =IF(+X43-U43=0,0,+X43-U43) -> 0 | Z43: =IF(+U43=0,"-",+Y43/U43) -> -
B44: =+Rentabilitätsplan!B41 -> Beratungskosten
C45: =+Rentabilitätsplan!C42 -> Steuerberatung | D45: =+Rentabilitätsplan!P42 -> 0 | E45: =(IF(D$9=0,"",+D45/D$9)) | G45: =IF(+F45-D45=0,0,+F45-D45) -> 0 | H45: =IF(+D45=0,"-",+G45/D45) -> - | I45: =+Rentabilitätsplan!AC42 -> 0 | J45: =(IF(I$9=0,"",+I45/I$9)) | K45: =IF(D45=0,"",(I45-D45)/D45) | M45: =IF(+L45-I45=0,0,+L45-I45) -> 0 | N45: =IF(+I45=0,"-",+M45/I45) -> - | O45: =+Rentabilitätsplan!AP42 -> 0 | P45: =(IF(O$9=0,"",+O45/O$9)) | Q45: =IF(I45=0,"",(O45-I45)/I45) | S45: =IF(+R45-O45=0,0,+R45-O45) -> 0 | T45: =IF(+O45=0,"-",+S45/O45) -> - | U45: =+Rentabilitätsplan!BC42 -> 0 | V45: =(IF(U$9=0,"",+U45/U$9)) | W45: =IF(O45=0,"",(U45-O45)/O45) | Y45: =IF(+X45-U45=0,0,+X45-U45) -> 0 | Z45: =IF(+U45=0,"-",+Y45/U45) -> -
C46: =+Rentabilitätsplan!C43 -> Unternehmensberatung | D46: =+Rentabilitätsplan!P43 -> 0 | E46: =(IF(D$9=0,"",+D46/D$9)) | G46: =IF(+F46-D46=0,0,+F46-D46) -> 0 | H46: =IF(+D46=0,"-",+G46/D46) -> - | I46: =+Rentabilitätsplan!AC43 -> 0 | J46: =(IF(I$9=0,"",+I46/I$9)) | K46: =IF(D46=0,"",(I46-D46)/D46) | M46: =IF(+L46-I46=0,0,+L46-I46) -> 0 | N46: =IF(+I46=0,"-",+M46/I46) -> - | O46: =+Rentabilitätsplan!AP43 -> 0 | P46: =(IF(O$9=0,"",+O46/O$9)) | Q46: =IF(I46=0,"",(O46-I46)/I46) | S46: =IF(+R46-O46=0,0,+R46-O46) -> 0 | T46: =IF(+O46=0,"-",+S46/O46) -> - | U46: =+Rentabilitätsplan!BC43 -> 0 | V46: =(IF(U$9=0,"",+U46/U$9)) | W46: =IF(O46=0,"",(U46-O46)/O46) | Y46: =IF(+X46-U46=0,0,+X46-U46) -> 0 | Z46: =IF(+U46=0,"-",+Y46/U46) -> -
C47: =+Rentabilitätsplan!C44 -> Rechtsberatung | D47: =+Rentabilitätsplan!P44 -> 0 | E47: =(IF(D$9=0,"",+D47/D$9)) | G47: =IF(+F47-D47=0,0,+F47-D47) -> 0 | H47: =IF(+D47=0,"-",+G47/D47) -> - | I47: =+Rentabilitätsplan!AC44 -> 0 | J47: =(IF(I$9=0,"",+I47/I$9)) | K47: =IF(D47=0,"",(I47-D47)/D47) | M47: =IF(+L47-I47=0,0,+L47-I47) -> 0 | N47: =IF(+I47=0,"-",+M47/I47) -> - | O47: =+Rentabilitätsplan!AP44 -> 0 | P47: =(IF(O$9=0,"",+O47/O$9)) | Q47: =IF(I47=0,"",(O47-I47)/I47) | S47: =IF(+R47-O47=0,0,+R47-O47) -> 0 | T47: =IF(+O47=0,"-",+S47/O47) -> - | U47: =+Rentabilitätsplan!BC44 -> 0 | V47: =(IF(U$9=0,"",+U47/U$9)) | W47: =IF(O47=0,"",(U47-O47)/O47) | Y47: =IF(+X47-U47=0,0,+X47-U47) -> 0 | Z47: =IF(+U47=0,"-",+Y47/U47) -> -
B48: =+Rentabilitätsplan!B45 -> Kosten des Geldverkehrs | D48: =+Rentabilitätsplan!P45 -> 0 | E48: =(IF(D$9=0,"",+D48/D$9)) | G48: =IF(+F48-D48=0,0,+F48-D48) -> 0 | H48: =IF(+D48=0,"-",+G48/D48) -> - | I48: =+Rentabilitätsplan!AC45 -> 0 | J48: =(IF(I$9=0,"",+I48/I$9)) | K48: =IF(D48=0,"",(I48-D48)/D48) | M48: =IF(+L48-I48=0,0,+L48-I48) -> 0 | N48: =IF(+I48=0,"-",+M48/I48) -> - | O48: =+Rentabilitätsplan!AP45 -> 0 | P48: =(IF(O$9=0,"",+O48/O$9)) | Q48: =IF(I48=0,"",(O48-I48)/I48) | S48: =IF(+R48-O48=0,0,+R48-O48) -> 0 | T48: =IF(+O48=0,"-",+S48/O48) -> - | U48: =+Rentabilitätsplan!BC45 -> 0 | V48: =(IF(U$9=0,"",+U48/U$9)) | W48: =IF(O48=0,"",(U48-O48)/O48) | Y48: =IF(+X48-U48=0,0,+X48-U48) -> 0 | Z48: =IF(+U48=0,"-",+Y48/U48) -> -
B49: =+Rentabilitätsplan!B46 -> Andere betriebliche Aufwendungen | D49: =+Rentabilitätsplan!P46 -> 0 | E49: =(IF(D$9=0,"",+D49/D$9)) | G49: =IF(+F49-D49=0,0,+F49-D49) -> 0 | H49: =IF(+D49=0,"-",+G49/D49) -> - | I49: =+Rentabilitätsplan!AC46 -> 0 | J49: =(IF(I$9=0,"",+I49/I$9)) | K49: =IF(D49=0,"",(I49-D49)/D49) | M49: =IF(+L49-I49=0,0,+L49-I49) -> 0 | N49: =IF(+I49=0,"-",+M49/I49) -> - | O49: =+Rentabilitätsplan!AP46 -> 0 | P49: =(IF(O$9=0,"",+O49/O$9)) | Q49: =IF(I49=0,"",(O49-I49)/I49) | S49: =IF(+R49-O49=0,0,+R49-O49) -> 0 | T49: =IF(+O49=0,"-",+S49/O49) -> - | U49: =+Rentabilitätsplan!BC46 -> 0 | V49: =(IF(U$9=0,"",+U49/U$9)) | W49: =IF(O49=0,"",(U49-O49)/O49) | Y49: =IF(+X49-U49=0,0,+X49-U49) -> 0 | Z49: =IF(+U49=0,"-",+Y49/U49) -> -
B50: =+Rentabilitätsplan!B47 -> In diesen 6 Feldern können Sie selbst Posten hinzufügen. | D50: =+Rentabilitätsplan!P47 -> 0 | E50: =(IF(D$9=0,"",+D50/D$9)) | G50: =IF(+F50-D50=0,0,+F50-D50) -> 0 | H50: =IF(+D50=0,"-",+G50/D50) -> - | I50: =+Rentabilitätsplan!AC47 -> 0 | J50: =(IF(I$9=0,"",+I50/I$9)) | K50: =IF(D50=0,"",(I50-D50)/D50) | M50: =IF(+L50-I50=0,0,+L50-I50) -> 0 | N50: =IF(+I50=0,"-",+M50/I50) -> - | O50: =+Rentabilitätsplan!AP47 -> 0 | P50: =(IF(O$9=0,"",+O50/O$9)) | Q50: =IF(I50=0,"",(O50-I50)/I50) | S50: =IF(+R50-O50=0,0,+R50-O50) -> 0 | T50: =IF(+O50=0,"-",+S50/O50) -> - | U50: =+Rentabilitätsplan!BC47 -> 0 | V50: =(IF(U$9=0,"",+U50/U$9)) | W50: =IF(O50=0,"",(U50-O50)/O50)
